Workbook
Name _\0: [1]CRA.MODI!#REF!
Name _\00: #REF!
Name _\a: #REF!
Name __\a: #REF!
Name ___\a: #REF!
Name ____\a: #REF!
Name _____\a: #REF!
Name ______\a: #REF!
Name _______\a: #REF!
Name ________\a: #REF!
Name _________\a: #REF!
Name __________\a: #REF!
Name ___________\a: #REF!
Name ____________\a: #REF!
Name _____________\a: #REF!
Name _\AA: [2]LIQUIDACION!#REF!
Name _\b: #REF!
Name __\b: #REF!
Name ___\b: #REF!
Name ____\b: #REF!
Name _____\b: #REF!
Name ______\b: #REF!
Name _______\b: #REF!
Name ________\b: #REF!
Name _________\b: #REF!
Name __________\b: #REF!
Name ___________\b: #REF!
Name ____________\b: #REF!
Name _____________\b: [3]STRSUMM0!#REF!
Name ______________\b: [3]STRSUMM0!#REF!
Name _______________\b: #REF!
Name _\bb: [3]STRSUMM0!#REF!
Name _\E: #REF!
Name _\EE: #REF!
Name _\eliminar: [4]RESUM96!#REF!
Name __\eliminar: [4]RESUM96!#REF!
Name ___\eliminar: [4]RESUM96!#REF!
Name ____\eliminar: [4]RESUM96!#REF!
Name _____\eliminar: [4]RESUM96!#REF!
Name ______\eliminar: [4]RESUM96!#REF!
Name _______\eliminar: [4]RESUM96!#REF!
Name ________\eliminar: [4]RESUM96!#REF!
Name _________\eliminar: [4]RESUM96!#REF!
Name __________\eliminar: [4]RESUM96!#REF!
Name ___________\eliminar: [4]RESUM96!#REF!
Name ____________\eliminar: [4]RESUM96!#REF!
Name _____________\eliminar: [4]RESUM96!#REF!
Name _\eliminar1: [4]RESUM96!#REF!
Name __\eliminar1: [4]RESUM96!#REF!
Name ___\eliminar1: [4]RESUM96!#REF!
Name ____\eliminar1: [4]RESUM96!#REF!
Name _____\eliminar1: [4]RESUM96!#REF!
Name ______\eliminar1: [4]RESUM96!#REF!
Name _______\eliminar1: [4]RESUM96!#REF!
Name ________\eliminar1: [4]RESUM96!#REF!
Name _________\eliminar1: [4]RESUM96!#REF!
Name __________\eliminar1: [4]RESUM96!#REF!
Name ___________\eliminar1: [4]RESUM96!#REF!
Name ____________\eliminar1: [4]RESUM96!#REF!
Name _____________\eliminar1: [4]RESUM96!#REF!

Sheet Cadena de Valor
A1: PRESUPUESTO | G1: 0.25 | H1: 0.2 | I1: 0.05 | J1: 0.35 | K1: 0.15 | L1: =SUM(G1:K1) -> 1
A2: Proyecto: PROYECTO TIPO RECUPERACIÓN DE COBERTURA VEGETAL EN ÁREAS DISTURBADAS | C2: Municipio: | G2: 0.2 | I2: 0.55 | J2: 0.25 | L2: =+J2+I2+G2 -> 1
A3: ITEM | B3: Componente | C3: Unidad | D3: Cantidad | E3: V. Unitario | F3: V. Parcial | G3: MO NO Calificada | H3: MO Calificada | I3: Materiales | J3: equipos | K3: transporte
A4: 1 | B4: Suscribir acuerdos voluntarios | C4: Und | D4: =+'1.112'!B6 -> 50 | E4: =+'1.112'!G15 -> 22000 | F4: =+E4*D4 -> 1100000 | H4: =+F4*60% -> 660000 | I4: =+F4*40% -> 440000 | L4: =SUM(G4:K4) -> 1100000
A5: =+A4+1 -> 2 | B5: Realizar estudios de análisis de suelos | C5: Und | D5: =#REF! -> #REF! | E5: =#REF! -> #REF! | F5: =+E5*D5 -> #REF! | G5: =+F5*25% -> #REF! | H5: =+F5*20% -> #REF! | I5: =+F5*5% -> #REF! | J5: =+F5*35% -> #REF! | K5: =+F5*15% -> #REF! | L5: =SUM(G5:K5) -> #REF!
A6: =+A5+1 -> 3 | B6: Realizar adecuación del terreno y establecimiento de material vegetal | C6: Ha | D6: =+'1.11'!E6 -> 10 | E6: =+'1.11'!E54 -> 6498868.5 | F6: =+E6*D6 -> 64988685 | G6: =+F6*25% -> 16247171 | H6: =+F6*20% -> 12997737 | I6: =+F6*5% -> 3249434.3 | J6: =+F6*35% -> 22746040 | K6: =+F6*15% -> 9748302.8 | L6: =SUM(G6:K6) -> 64988685
A7: =+A6+1 -> 4 | B7: Realizar el aislamiento de las áreas con mayor presencia del tensionante identificado | C7: Km | D7: ='APU. 4. Aislamiento'!E6 -> 8.3 | E7: ='APU. 4. Aislamiento'!D48 -> 16626710 | F7: =+E7*D7 -> 1.3800169e+08 | G7: =+F7*25% -> 34500423 | H7: =+F7*20% -> 27600338 | I7: =+F7*5% -> 6900084.6 | J7: =+F7*35% -> 48300592 | K7: =+F7*15% -> 20700254 | L7: =SUM(G7:K7) -> 1.3800169e+08
A8: 5 | B8: Instalar parcelas de monitoreo | C8: Und | D8: ='APU. 5. Parcelas de Monitoreo'!B6 -> 10 | E8: =+'APU. 5. Parcelas de Monitoreo'!G17 -> 2498048 | F8: =+E8*D8 -> 24980480 | G8: =+F8*25% -> 6245120 | I8: =+F8*45% -> 11241216 | J8: =+F8*35% -> 8743168 | K8: =+J7+G7 -> 82801015 | L8: =SUM(G8:K8) -> 1.0903052e+08
A9: 6 | B9: Realizar el monitoreo a las acciones implementadas | C9: Und | D9: 1 | E9: =#REF! -> #REF! | F9: =E9*D9 -> #REF! | H9: =+F9*20% -> #REF! | J9: =+F9*80% -> #REF!
A10: 7 | B10: Realizar el seguimiento técnico administrativo, jurídico y financiero | C10: Und | D10: 1 | E10: =#REF! -> #REF! | F10: =+E10*D10 -> #REF! | H10: =+F10*20% -> #REF! | J10: =+F10*80% -> #REF!
A11: 8 | B11: Realizar el reporte de acciones de recuperación | C11: Und | D11: 1 | E11: ='APU. 7 Registro '!G12 -> 4500000 | F11: =E11*D11 -> 4500000 | H11: =+F11*20% -> 900000 | J11: =+F11*80% -> 3600000
C13: Interventoría (7%) | F13: =(SUM(F4:F11)*7%) -> #REF! | H13: =+G14*20% -> #REF! | J13: =+G14*80% -> #REF!
G14: =+F13*70% -> #REF!
C15: Costo total | F15: =SUM(F4:F11)+F12 -> #REF! | G15: =+F13*30% -> #REF! | H15: =+G15*20% -> #REF! | J15: =+G15*80% -> #REF!
A17: 9 | B17: Desarrollar talleres de sensibilización ambiental y fortalecimiento comunitario | C17: Und | D17: ='APU. 8. Talleres'!D6:F6 -> 1 | E17: =+'APU. 8. Talleres'!F15 -> 5112000 | F17: =+E17*D17 -> 5112000 | H17: =+F17*80% -> 4089600 | J17: =+H17*80% -> 3271680
A18: 10 | B18: Generar capacidades en la población beneficiaria del proyecto | C18: Und | D18: 3 | E18: =+'APU. 9 Socializacion'!I35 -> 11666667 | F18: =+E18*D18 -> 35000000
A19: Observaciones: 1. Los costos incluidos en este documento son de referencia. Las Entidades Territoriales deben ajustar el presupuesto con base en los precios de región. 2. Se debe presentar la proyección para los los porcentajes de AIU y FM. 3. El proyecto tipo plantea la realización de un taller general de sensibilización para 100 beneficiarios. El implementador debe plantear un análisis respecto al número de talleres que se considere necesarios para la atención de la totalidad de beneficiarios incluidos en el proyecto. 4. Para la presentación se debe incluir la firma del profesional responsable con sus respectivos documentos. ( Matricula profesional, certificado de vigencia y memorial de responsabilidad).

Sheet PRESUPUESTO
A1: #VALUE! | B1: Proyecto: Recuperación De Cobertura Vegetal El Corregimiento De Doña María Del Municipio De Fundación | F1: #VALUE!
A2: PRESUPUESTO | J2: 0.3 | K2: =0% -> 0 | L2: 0.4 | M2: 0.3
A3: ITEM | B3: Componente | C3: Unidad | D3: Cantidad | E3: V. Unitario | F3: V. Parcial | H3: =G4-H4 -> 0 | I3: M. obra calificada | J3: M. NO obra calificada | K3: Materiales | L3: Maquinaria y Equipo | M3: Transporte | N3: Serv. empresas | O3: imprevistos | P3: Impuestos | Q3: Tranferencia
A4: 1. | B4: PRELIMINARES | F4: =SUM(F5:F7) -> 43140255 | G4: =F4*1.35 -> 58239344 | H4: =SUM(I4:Q4) -> 58239344 | I4: =3%*F4 -> 1294207.6 | J4: =F4*70% -> 30198178 | K4: =F4*0 -> 0 | L4: =F4*30% -> 12942076 | M4: =F4*0 -> 0 | N4: =1%*F4 -> 431402.55 | O4: =3%*F4 -> 1294207.6 | P4: =23%*F4 -> 9922258.7 | Q4: =5%*F4 -> 2157012.8
A5: 1.1 | B5: Visitas de campo para el tramite suscripcion y cierre de acuerdos voluntarios Dirigidos | C5: un | D5: =CANT.!L10 -> 15 | E5: ='1.1'!N52 -> 159073 | F5: =+E5*D5 -> 2386095
A6: 1.2 | B6: Desmonte y limpieza en zonas no boscosas | C6: ha | D6: =CANT.!L16 -> 40 | E6: ='1.2'!N52 -> 822054 | F6: =+E6*D6 -> 32882160
A7: 1.3 | B7: Limpieza de cerca de alambre de púas con postes de madera (Guarda fuegos) | C7: m | D7: =CANT.!L22 -> 4000 | E7: ='1.3'!N52 -> 1968 | F7: =+E7*D7 -> 7872000 | H7: =G8-H8 -> 0 | I7: M. obra calificada | J7: M. NO obra calificada | K7: Materiales | L7: Maquinaria y Equipo | M7: Transporte | N7: Serv. empresas | O7: imprevistos | P7: Impuestos | Q7: Tranferencia
A8: 2 | B8: CERRAMIENTOS | F8: =SUM(F9:F10) -> 175520747 | G8: =F8*1.35 -> 2.3695301e+08 | H8: =SUM(I8:Q8) -> 2.3695301e+08 | I8: =3%*F8 -> 5265622.4 | J8: =F8*30% -> 52656224 | K8: =F8*50% -> 87760374 | L8: =F8*10% -> 17552075 | M8: =F8*10% -> 17552075 | N8: =1%*F8 -> 1755207.5 | O8: =3%*F8 -> 5265622.4 | P8: =23%*F8 -> 40369772 | Q8: =5%*F8 -> 8776037.3
A9: 2.1 | B9: Aislamiento de las áreas con mayor presencia del tensionante identificado en cercas de puas | C9: m | D9: =CANT.!L28 -> 3000 | E9: ='2.1'!N52 -> 25775 | F9: =+E9*D9 -> 77325000
A10: 2.2 | B10: Aislamiento individal en corralles de madarea y alambres de puas | C10: un | D10: =CANT.!L34 -> 1157 | E10: ='2.2'!N52 -> 84871 | F10: =+E10*D10 -> 98195747 | H10: =G11-H11 -> 0 | I10: M. obra calificada | J10: M. NO obra calificada | K10: Materiales | L10: Maquinaria y Equipo | M10: Transporte | N10: Serv. empresas | O10: imprevistos | P10: Impuestos | Q10: Tranferencia
A11: 3. | B11: ESTABLECIMIENTO, CONTROL Y MONITOREO DE MATERIAL VEGETAL | F11: =SUM(F12:F13) -> 237197320 | G11: =F11*1.35 -> 320216382 | H11: =SUM(I11:Q11) -> 320216382 | I11: =3%*F11 -> 7115919.6 | J11: =F11*30% -> 71159196 | K11: =F11*50% -> 118598660 | L11: =F11*10% -> 23719732 | M11: =F11*10% -> 23719732 | N11: =1%*F11 -> 2371973.2 | O11: =3%*F11 -> 7115919.6 | P11: =23%*F11 -> 54555384 | Q11: =5%*F11 -> 11859866
A12: 3.1 | B12: Establecimiento de material vegetal ( Incluye adecuacion de terreno y suministros) | C12: un | D12: 4000 | E12: ='3.1'!N52 -> 47308 | F12: =+E12*D12 -> 189232000
A13: 3.2 | B13: Riego con agua a las plantulas | C13: Dia | D13: =CANT.!L46 -> 30 | E13: ='3.2'!N52 -> 1598844 | F13: =+E13*D13 -> 47965320
D14: COSTO DIRECTO | F14: =F11+F8+F4 -> 455858322
E15: Administración (30%) | F15: =0.3*F14 -> 1.367575e+08
E16: Imprevistos (1%) | F16: =F14*0.01 -> 4558583.2
E17: Utilidad (4%) | F17: =0.04*F14 -> 18234333
E18: A.I.U | F18: =F15+F16+F17 -> 1.5955041e+08
D19: COSTO DIRECTO + AIU | F19: =ROUND(F18+F14,0) -> 615408735 | H19: =G20-H20 -> 0 | I19: M. obra calificada | J19: M. NO obra calificada | K19: Materiales | L19: Maquinaria y Equipo | M19: Transporte | N19: Serv. empresas | O19: imprevistos | P19: Impuestos | Q19: Tranferencia
A20: 4. | B20: CAPACITACIONES Y CAMPAÑAS | F20: =SUM(F21:F23) -> 40091265 | G20: =F20 -> 40091265 | H20: =SUM(I20:Q20) -> 40091265 | I20: =75%*F20 -> 30068449 | J20: =F20*0% -> 0 | K20: =F20*10% -> 4009126.5 | L20: =F20*10% -> 4009126.5 | M20: =F20*0 -> 0 | N20: =5%*F20 -> 2004563.2 | O20: =0%*F20 -> 0 | P20: =0%*F20 -> 0 | Q20: =0%*F20 -> 0
A21: 4.1 | B21: Taller para el fortalecimiento de capacidades técnicas en la siembra, cuidado y aprovechamiento sostenible de especies arbóreas nativas, dirigido a propietarios y poseedores de predios vinculados al proyecto. (Grupos de 30 Personas) | C21: Sesión (4 horas ) | D21: =CANT.!K51 -> 3 | E21: ='4.1'!N52 -> 3107025 | F21: =E21*D21 -> 9321075
A22: 4.2 | B22: Taller sobre cambio climático, manejo de residuos sólidos, uso eficiente del agua y reforestación, dirigidos a estudiantes, niños y niñas del área de influencia del proyecto (grupos de hasta 30 personas). | C22: Sesión (3 horas ) | D22: =CANT.!L58 -> 6 | E22: ='4.2'!N52 -> 3406368 | F22: =E22*D22 -> 20438208
A23: 4.3 | B23: Campaña De Divulgación Informativa En Educación Ambiental Y Gestión Del Cambio Climático casa a casa | C23: Visitas (1/2 hora) | D23: =CANT.!L64 -> 200 | E23: 51659.91 | F23: =E23*D23 -> 10331982
D24: COSTO TOTAL OBRA | F24: =ROUND(F20+F19,0) -> 655500000
H25: =G26-H26 -> 0 | I25: M. obra calificada | J25: M. NO obra calificada | K25: Materiales | L25: Maquinaria y Equipo | M25: Transporte | N25: Serv. empresas | O25: imprevistos | P25: Impuestos | Q25: Tranferencia
D26: INTERVENTORÍA | F26: =INTERVENTORIA!J31 -> 39000000 | G26: =F26 -> 39000000 | H26: =SUM(I26:Q26) -> 39000000 | I26: =60%*F26 -> 23400000 | J26: =F26*0% -> 0 | K26: =F26*0% -> 0 | L26: =F26*0% -> 0 | M26: =F26*0 -> 0 | N26: =5%*F26 -> 1950000 | O26: =0%*F26 -> 0 | P26: =25%*F26 -> 9750000 | Q26: =10%*F26 -> 3900000
D28: TOTAL PROYECTO | F28: =F26+F24 -> 694500000
F29: 3.3163465e+08
B33: Nombres y Apellidos: Marlon Andrés Páez Perdomo
B34: Ingeniero Ambiental
B35: Cedula de ciudadanía No: 1043931864
B36: Matricula profesional No: 021021-0605064 ATL
K40: 2000

Sheet CRONOGRAMA
B8: =PRESUPUESTO!B1 -> Proyecto: Recuperación De Cobertura Vegetal El Corregimiento De Doña María Del Municipio De Fundación
B9: CRONOGRAMA DE ACTIVIDADES E INVERSION
B10: ITEM | C10: ACTIVIDAD | D10: VALOR | E10: %
F11: Mes 1 | V11: Mes 2 | AL11: Mes 3 | BB11: Mes 4 | BR11: Mes 5
D12: Capitulo | E12: Cap. | F12: SEM 1 | J12: SEM 2 | N12: SEM 3 | R12: SEM 4 | V12: SEM 1 | Z12: SEM 2 | AD12: SEM 3 | AH12: SEM 4 | AL12: SEM 1 | AP12: SEM 2 | AT12: SEM 3 | AX12: SEM 4 | BB12: SEM 1 | BF12: SEM 2 | BJ12: SEM 3 | BN12: SEM 4 | BR12: SEM 1 | BV12: SEM 2 | BZ12: SEM 3 | CD12: SEM 4
B13: 0 | C13: Etapa Precontractual
B16: =[211]PRESUPUESTO!A4 -> 1 | C16: =PRESUPUESTO!B4 -> PRELIMINARES
D17: =PRESUPUESTO!F4 -> 43140255 | E17: =D17/D28 -> 0.094635225 | AL17: =(D17/3)*2 -> 28760170 | BN17: =D17/3 -> 14380085
E18: =D17-(SUM(F16:BQ18)) -> 0
B19: =[211]PRESUPUESTO!A7 -> 2 | C19: =PRESUPUESTO!B8 -> CERRAMIENTOS
D20: =PRESUPUESTO!F8 -> 175520747 | E20: =D20/$D$28 -> 0.38503355 | AT20: =D20/2 -> 87760374 | BB20: =D20/2 -> 87760374
E21: =D20-(SUM(F19:BQ21)) -> 0
B22: =[211]PRESUPUESTO!A15 -> 3 | C22: =PRESUPUESTO!B11 -> ESTABLECIMIENTO, CONTROL Y MONITOREO DE MATERIAL VEGETAL
D23: =PRESUPUESTO!F11 -> 237197320 | E23: =D23/$D$28 -> 0.52033123 | AT23: =D23/3 -> 79065773 | BB23: =D23/3 -> 79065773 | BJ23: =D23/3 -> 79065773
E24: =D23-(SUM(F22:BQ24)) -> 0
B25: 10 | C25: ETAPA DE LIQUIDACION
C28: Total Costos Directos | D28: =D23+D20+D17 -> 455858322 | E28: =E17+E20+E23 -> 1 | AL28: =SUM(AL13:BA27) -> 1.9558632e+08 | BB28: =SUM(BB13:BQ27) -> 2.6027201e+08
C29: Total Costos Directos % | AL29: =AL28/$D$28 -> 0.42905067 | BB29: =BB28/$D$28 -> 0.57094933
C30: =[211]PRESUPUESTO!A33 -> ADMINISTRACIÓN | D30: =PRESUPUESTO!F15 -> 1.367575e+08 | E30: 0.3 | AL30: =$E$30*AL28 -> 58675895 | BB30: =$E$30*BB28 -> 78081602
C31: =[211]PRESUPUESTO!A34 -> IMPREVISTOS | D31: =PRESUPUESTO!F16 -> 4558583.2 | E31: =[211]PRESUPUESTO!F34 -> 0.01 | AL31: =AL28*$E$31 -> 1955863.2 | BB31: =BB28*$E$31 -> 2602720.1
C32: =[211]PRESUPUESTO!A35 -> UTILIDAD | D32: =PRESUPUESTO!F17 -> 18234333 | E32: =[211]PRESUPUESTO!F35 -> 0.04 | AL32: =$E$32*AL28 -> 7823452.7 | BB32: =$E$32*BB28 -> 10410880
C33: A.I.U | D33: =D30+D31+D32 -> 1.5955041e+08 | E33: =E32+E31+E30 -> 0.35 | AL33: =AL30+AL31+AL32 -> 68455211 | BB33: =BB30+BB31+BB32 -> 91095202
C34: =PRESUPUESTO!B20 -> CAPACITACIONES Y CAMPAÑAS | D34: =PRESUPUESTO!F20 -> 40091265 | E34: =D34/D28 -> 0.087946766
AP35: =PRESUPUESTO!F21+PRESUPUESTO!F22 -> 29759283 | BB35: =PRESUPUESTO!F23 -> 10331982
C37: =[211]PRESUPUESTO!A41 -> INTERVENTORÍA (7%) | D37: =PRESUPUESTO!F26 -> 39000000 | E37: =D37/D28 -> 0.085552897
AL38: =D37/2 -> 19500000 | BB38: =D37/2 -> 19500000
C40: =[211]PRESUPUESTO!A43 -> VALOR TOTAL DEL PROYECTO | D40: =PRESUPUESTO!F28 -> 694500000 | AL40: =AL38+AP35+AL33+AL28 -> 3.1330081e+08 | BB40: =BB38+BB35+BB28+BB33 -> 3.8119919e+08
AL41: =AL40/$D$40 -> 0.45111708 | BB41: =BB40/$D$40 -> 0.54888292
AL42: =AL41 -> 0.45111708 | BB42: =AL42+BB41 -> 1
C43: VALOR ACUMULADO | D43: =D40 -> 694500000 | AL43: =AL40 -> 3.1330081e+08 | BB43: =AL43+BB40 -> 6.945e+08

Sheet AIU FINAL.
A2: =PRESUPUESTO!B1 -> Proyecto: Recuperación De Cobertura Vegetal El Corregimiento De Doña María Del Municipio De Fundación | J2: costo directo | K2: =PRESUPUESTO!F14 -> 455858322 | L2: PLAZO (MESES) | M2: 2
A3: DESCRIPCION DEL A.I.U. | J3: Costo de obra | K3: =PRESUPUESTO!F24 -> 655500000
A5: CÓDIGO | B5: DESCRIPCIÓN | C5: CANT. | D5: VR. UNITARIO | F5: PLAZO (MESES) | G5: DEDICACIÓN | H5: % | I5: VALOR PARCIAL
A6: 1.1 | B6: ADMINISTRACION | H6: =SUM(H7:H38) -> 0.9332
A7: 1,1,1 | B7: personal admond, Directivos, varios de obra +prestaciones sociales | H7: 0.0214
A8: 1,1,2 | B8: Costos de manejo socio ambiental | H8: 0.0053
A9: 1,1,3 | B9: Sistema de Seguridad Industrial/Dotación | H9: 0.0006
A10: 1,1,4 | B10: Ensayos de Control de Calidad | H10: 0.0059
A11: 1 | B11: ADMINISTRACIÓN | H11: =I11/K2 -> 0.3 | I11: =I12+I20+I33 -> 1.367575e+08 | J11: 1.367575e+08 | K11: =J11-I11 -> 0 | L11: =K11-I11 -> -1.367575e+08
A12: 1.1 | B12: GASTOS VARIOS | H12: =SUM(H13:H19) -> 0.010812617 | I12: =SUM(I13:I19) -> 4929021.6
A13: 1,1,1 | B13: Valla Informatica general del proyecto | C13: 1 | D13: 1588018.6 | F13: 1 | G13: 1 | H13: =I13/$K$2 -> 0.0034835793 | I13: =C13*D13*F13*G13 -> 1588018.6
A14: 1,1,2 | B14: Arriendo de Oficina (Amoblada, dotacion de oficina, computadores ) | C14: 1 | D14: 500000 | F14: =M2 -> 2 | G14: 0.25 | H14: =I14/$K$2 -> 0.00054841601 | I14: =C14*D14*F14*G14 -> 250000
A15: 1,1,3 | B15: Servicios publicos ( Agua, Energia, Aseo, Alcantarillado, Datos, Telefonia) de oficina | C15: 1 | D15: 500000 | F15: =$M$2 -> 2 | G15: 0.25 | H15: =I15/$K$2 -> 0.00054841601 | I15: =C15*D15*F15*G15 -> 250000
A16: 1,1,4 | B16: Papelería/Empastes /copias | C16: 1 | D16: 250000 | F16: =$M$2 -> 2 | G16: 0.25 | H16: =I16/$K$2 -> 0.000274208 | I16: =C16*D16*F16*G16 -> 125000
A17: 1,1,5 | B17: PMA | C17: 1 | D17: =PMA!H60 -> 1430043 | F17: 1 | G17: 1 | H17: =I17/$K$2 -> 0.0031370339 | I17: =C17*D17*F17*G17 -> 1430043
A18: 1,1,6 | B18: PMT | C18: 1 | D18: =PMT!G33 -> 1035960 | F18: 1 | G18: 1 | H18: =I18/$K$2 -> 0.0022725482 | I18: =C18*D18*F18*G18 -> 1035960
A19: 1,1,6 | B19: Estudios de análisis de suelos | C19: 5 | D19: 50000 | F19: 1 | G19: 1 | H19: =I19/$K$2 -> 0.00054841601 | I19: =C19*D19*F19*G19 -> 250000
A20: 1.2 | B20: GASTOS DE LEGALIZACION E IMPUESTOS | G20: % Sobre Total Obra | H20: =SUM(H21:H32) -> 0.24531372 | I20: =SUM(I21:I32) -> 111828300
A21: 1.2.1 | B21: Polizas | G21: 0.0005 | H21: =I21/$K$2 -> 0.00071897338 | I21: =G21*$K$3 -> 327750
A22: 1.2.2 | B22: Documentación y registros | G22: 0.0001 | H22: =I22/$K$2 -> 0.00014379468 | I22: =G22*$K$3 -> 65550
A23: 1.2.3 | B23: Estampilla Prouniversidad (UNIMAG) | G23: 0.02 | H23: =I23/$K$2 -> 0.028758935 | I23: =G23*$K$3 -> 13110000
A24: 1.2.4 | B24: Estampilla Pro - Hospital (Troconis) | G24: 0.02 | H24: =I24/$K$2 -> 0.028758935 | I24: =G24*$K$3 -> 13110000
A25: 1.2.5 | B25: Estampilla Procultura | G25: 0.02 | H25: =I25/$K$2 -> 0.028758935 | I25: =G25*$K$3 -> 13110000
A26: 1.2.6 | B26: Fondo de seguridad Ciudadana | G26: 0.05 | H26: =I26/$K$2 -> 0.071897338 | I26: =G26*$K$3 -> 32775000
A27: 1.2.7 | B27: Retencion en la fuente sobre contrato de obras
A28: 1.2.8 | B28: industria y comercio
A29: 1.2.9 | B29: Madres comunitarias
A30: 1.2.10 | B30: Estampilla Adulto Mayor | G30: 0.04 | H30: =I30/$K$2 -> 0.057517871 | I30: =G30*$K$3 -> 26220000
A31: 1.2.11 | B31: Apoyo comisaria | G31: 0.02 | H31: =I31/$K$2 -> 0.028758935 | I31: =G31*$K$3 -> 13110000
A32: 1.2.12 | B32: Estampilla Pro - Deporte
A33: 1.3 | B33: PERSONAL ADMINISTRATIVO Y TECNICO | H33: =SUM(H35:H38) -> 0.043873664 | I33: =SUM(I35:I38) -> 20000175
C34: CANT. | D34: VR. UNITARIO CON F | E34: F.P | F34: PLAZO (MESES) | G34: DEDICACIÓN | H34: % | I34: VALOR PARCIAL
A37: 1,3,5 | B37: Residente de Obra ( Ing Ambiental - Ing Forestal ) | C37: 1 | D37: =2.5*F.P!C8 -> 3558750 | E37: =F.P!F37+1 -> 1.7 | F37: =$M$2 -> 2 | G37: 1 | H37: =I37/$K$2 -> 0.026542786 | I37: =C37*D37*E37*F37*G37 -> 12099750
A38: 1,3,8 | B38: Inspector encargado del Componete SST | C38: 1 | D38: =1.5*F.P!C8 -> 2135250 | E38: =F.P!E37+1 -> 1.85 | F38: =$M$2 -> 2 | G38: 1 | H38: =I38/$K$2 -> 0.017330878 | I38: =C38*D38*E38*F38*G38 -> 7900425
A40: 2 | B40: IMPREVISTOS | H40: 0.01 | I40: =H40*PRESUPUESTO!F14 -> 4558583.2
A41: 3 | B41: UTILIDAD | H41: 0.04 | I41: =H41*PRESUPUESTO!F14 -> 18234333
B42: A.I.U. | H42: =H11+H40+H41 -> 0.35 | I42: =I41+I40+I11 -> 1.5955041e+08 | J42: =PRESUPUESTO!F18 -> 1.5955041e+08 | K42: =I42-J42 -> 0

Sheet PMA
A2: =[212]Cronograma!A6 -> PROYECTO: | B2: =PRESUPUESTO!B1 -> Proyecto: Recuperación De Cobertura Vegetal El Corregimiento De Doña María Del Municipio De Fundación
A4: PRESUPUESTO PMA
A8: PROGRAMA 6 | B8: GESTION SOCIAL
B9: ATENCION A LA COMUNIDAD
A10: PROYECTO 1 | B10: Descripcion | C10: Cantidad | D10: Unidad | E10: Tiempo (meses) | F10: % Dedicacion | G10: Valor unitario | H10: Valor Total
B11: Oficina de Atención al Usuario (instalación, adecuación, dotación y operación) | C11: 1 | D11: Un | E11: 2 | F11: 0.05 | G11: ='AIU FINAL.'!D14 -> 500000 | H11: =C11*E11*F11*G11 -> 50000
A12: TOTAL | H12: =SUM(H11:$I$18) -> 1400000
A14: PROGRAMA 6 | B14: ACTIVIDADES CONSTRUCTIVAS
B15: INFORMACION Y DIVULGACION
A16: PROYECTO 2 | B16: Descripcion | C16: Cantidad | D16: Unidad | E16: Tiempo (mes) | F16: % Dedicacion | G16: Valor unitario | H16: Valor Total
B17: Reuniones de inicio, avance y cierre del proyecto | C17: 1 | D17: MES | E17: 2 | F17: 1 | G17: 50000 | H17: =C17*E17*F17*G17 -> 100000
B18: Instalación de buzones satélite | C18: 1 | D18: UND | E18: 1 | F18: 1 | G18: 50000 | H18: =C18*E18*F18*G18 -> 50000
B19: Cartilla de finalización del contrato (productos de calidad litográfica, digital, entre otras) | C19: 100 | D19: UND | E19: 1 | F19: 1 | G19: 900 | H19: =C19*E19*F19*G19 -> 90000
B20: Volantes y/o plegables de producción masiva (de calidad litográfica, digital, entre otras) | C20: 100 | D20: UND | E20: 1 | F20: 1 | G20: 500 | H20: =C20*E20*F20*G20 -> 50000
B21: Pendones y/o afiches (de calidad litográfica, digital, entre otras) | C21: 1 | D21: UND | E21: 1 | F21: 1 | G21: 100000 | H21: =C21*E21*F21*G21 -> 100000
B22: Perifoneo | C22: 1 | D22: UND | E22: 1 | F22: 1 | G22: 50000 | H22: =C22*E22*F22*G22 -> 50000
B23: Cuñas radiales | C23: 0 | D23: UND | E23: 1 | F23: 1 | G23: 30000 | H23: =C23*E23*F23*G23 -> 0
B24: Logística de reuniones extraordinarias (alquiler de salones y/o sillas) | C24: 1 | D24: UND | E24: 1 | F24: 1 | G24: 100000 | H24: =C24*E24*F24*G24 -> 100000
B25: Alquiler de video beam y/o sonido para reuniones extraordinarias | C25: 0 | D25: UND | E25: 1 | F25: 1 | G25: 20000 | H25: =C25*E25*F25*G25 -> 0
B26: Refrigerios reuniones inicio, avance, cierre, extraordinarias | C26: 1 | D26: UND | E26: 1 | F26: 1 | G26: 150000 | H26: =C26*E26*F26*G26 -> 150000
H27: =SUM(H$24:$I26) -> 250000
A29: PROGRAMA 6 | B29: ACTIVIDADES CONSTRUCTIVAS
B30: MANEJO DE LA INFRAESTRUCTURA DE PREDIOS Y DE SERVICIOS PUBLICOS
A31: PROYECTO 3 | B31: Descripcion | C31: Cantidad | D31: Unidad | E31: Tiempo (mes) | F31: % Dedicacion | G31: Valor unitario | H31: Valor Total
B32: Levantamiento de actas de vecindad de inicio, cierre y compromiso | C32: 2 | D32: Und | E32: 1 | F32: 0.1 | G32: 1200000 | H32: =C32*E32*F32*G32 -> 240000
A33: TOTAL | H33: =SUM(H32:H32) -> 240000
A35: PROGRAMA 5 | B35: ACTIVIDADES CONSTRUCTIVAS
B36: RECUPERACION DEL DERECHO DE VIA
A37: PROYECTO 4 | B37: Descripcion | C37: Cantidad | D37: Unidad | E37: Tiempo (mes) | F37: % Dedicacion | G37: Valor unitario | H37: Valor Total
B38: Inventario de actividades económicas informales en el corredor | C38: 1 | D38: UND | E38: 2 | F38: 0.1 | G38: 250000 | H38: =C38*E38*F38*G38 -> 50000
A39: TOTAL | H39: =SUM(H38:H38) -> 50000
A41: PROGRAMA 5 | B41: ACTIVIDADES CONSTRUCTIVAS
B42: CULTURA VIAL Y PARTICIPACION COMUNITARIA
A43: PROYECTO 5 | B43: Descripcion | C43: Cantidad | D43: Unidad | E43: Tiempo (mes) | F43: % Dedicacion | G43: Valor unitario | H43: Valor Total
B44: Kit de cultura vial | C44: 0 | D44: UND | E44: 1 | F44: 1 | G44: 100000 | H44: =C44*E44*F44*G44 -> 0
B45: Refrigerios talleres pedagógicos | C45: 0 | D45: UND | E45: 1 | F45: 1 | G45: 300000 | H45: =C45*E45*F45*G45 -> 0
B46: Refrigerios reuniones comité participación comunitaria | C46: 0 | D46: UND | E46: 1 | F46: 1 | G46: 500000 | H46: =C46*E46*F46*G46 -> 0
A47: TOTAL | H47: =SUM(H44:H46) -> 0
A49: PROGRAMA 6 | B49: ACTIVIDADES CONSTRUCTIVAS
B50: CONTRATACION DE MANO DE OBRA
A51: PROYECTO 6 | B51: Descripcion | C51: Cantidad | D51: Unidad | E51: Tiempo (mes) | F51: % Dedicacion | G51: Valor unitario | H51: Valor Total
B52: Estudio, análisis y descripción de las dinámicas de contratación de mano de obra y verificación pagos y parafiscales. | C52: 1 | D52: UND | E52: 2 | F52: 0.5 | G52: 100000 | H52: =C52*E52*F52*G52 -> 100000
H53: =H52 -> 100000
A55: PERSONAL PROFESIONAL
C56: Cantidad | D56: Tiempo (mes) | E56: % Dedicacion | F56: Factor Prestacional | G56: Valor unitario | H56: Valor Total
B57: Tecnico ambiental | C57: 1 | D57: 2 | E57: 0.1 | F57: 1.85 | G57: ='AIU FINAL.'!D38 -> 2135250 | H57: =C57*D57*E57*F57*G57 -> 790042.5
H58: =SUM(H57:H57) -> 790042.5 | J58: 18500000
A60: TOTAL | H60: =ROUND((H53+H47+H39+H33+H27+H58),0) -> 1430043

Sheet PMT
B3: =[212]Cronograma!A6 -> PROYECTO: | C3: =PRESUPUESTO!B1 -> Proyecto: Recuperación De Cobertura Vegetal El Corregimiento De Doña María Del Municipio De Fundación | H3: PRESUPUESTO PMT
B5: PRESUPUESTO PLAN DE MANEJO DE TRANSITO (PMT)
B8: ITEM | C8: DESCRIPCION | D8: UND | E8: CANT. | F8: VR. UNIT | G8: VR. TOTAL
B10: PLAN DE MANEJO DE TRAFICO ( DISPOSITIVOS, SEÑALIZACION Y EQUIPOS) (A)
B12: 1 | C12: DISPOSITIVOS DE CONTROL
B13: 1.1 | C13: BARRICADAS METALICA CON REFLECTIVO GRADO INGENIERIA 240x150cm | D13: UND | E13: 0 | F13: 580884 | G13: =E13*F13 -> 0
B14: 1.2 | C14: PALETAS PARE Y SIGA REFLECTIVA DE 30 CM X 30 CM | D14: UND | E14: 0 | F14: 30000 | G14: =E14*F14 -> 0
B15: 1.3 | C15: DELINEADORES TUBULARES (COLOMBINAS) | D15: UND | E15: 0 | F15: 110000 | G15: =E15*F15 -> 0
B16: 1.5 | C16: CINTA PLASTICA "PELIGRO NO PASE" DE 100 METROS | D16: ROLLO | E16: 5 | F16: 20000 | G16: =E16*F16 -> 100000
B17: 2 | C17: SEÑALIZACION
B18: 2.1 | C18: SEÑALIZACIÓN DE PRIMER NIVEL (PASAVIAS EN TELA) | D18: UND | E18: 1 | F18: 150000 | G18: =E18*F18 -> 150000
B19: 2.2 | C19: SEÑALES MOVILES DE APROXIMACIÓN | D19: UND | E19: 1 | F19: 200000 | G19: =E19*F19 -> 200000
B20: 3 | C20: EQUIPOS VARIOS
B21: 3.1 | C21: CHALECOS REFLECTIVOS | D21: UNID. | E21: 2 | F21: 25000 | G21: =E21*F21 -> 50000
B22: 3.2 | C22: VOLANTES INFORMATIVOS | D22: UNID. | E22: 100 | F22: 500 | G22: =E22*F22 -> 50000
B23: 3.3 | C23: PITOS PARA AUXILIARES DE TRÁNSITO | D23: UNID. | E23: 2 | F23: 2480 | G23: =E23*F23 -> 4960
C25: SUBTOTAL PLAN DE MANEJO DE TRAFICO ( DISPOSITIVOS, SEÑALIZACION Y EQUIPOS) | G25: =SUM(G12:G23) -> 554960 | M25: 7615224 | O25: 1548000
B27: ÍTEM | C27: DESCRIPCIÓN | D27: UNIDAD | E27: CANT. | F27: VR. UNITARIO | G27: MESES | H27: DEDICACIÓN | I27: FACTOR PRESTACIONAL | J27: VR. TOTAL | M27: 4393600 | O27: 7615224
B28: PERSONAL PROFESIONAL, AUXILIARES DE TRANSITO Y BRIGADAS ( B )
B29: 1 | C29: AUXILIAR DE TRANSITO | D29: UN | E29: 1 | F29: 1300000 | G29: 2 | H29: 0.1 | I29: 1.85 | J29: =E29*F29*G29*H29*I29 -> 481000 | M29: 46250000
B30: SUBTOTAL PLAN DE MANEJO DE TRAFICO ( PERSONAL ) | J30: =SUM(J29:J29) -> 481000 | L30: 19240000 | O30: 46250000
B33: VALOR TOTAL PMT INCLUIDO AIU | G33: =ROUND((G25+J30),0) -> 1035960
M34: =J29+J30 -> 962000 | O34: 14800000

Sheet INTERVENTORIA
D2: =PRESUPUESTO!B1 -> Proyecto: Recuperación De Cobertura Vegetal El Corregimiento De Doña María Del Municipio De Fundación
D3: CÁLCULO DETALLADO DEL VALOR DE LA INTERVENTORÍA INTERVENTORÍA TÉCNICA, ADMINISTRATIVA, FINANCIERA y AMBIENTAL | L3: MESES | M3: ='AIU FINAL.'!M2 -> 2
B4: N° | C4: CONCEPTO | D4: A | E4: B | F4: C | G4: D | H4: E | I4: F | J4: G | L4: valor | M4: =[213]PRESUPUESTO!L44 -> 4.4707382e+08
D5: SUELDO MES BÁSICO | E5: CANTIDAD | F5: % DE DEDICACIÓN | G5: F.M | H5: VALOR MES (A * B * C * D) | I5: N° DE MESES | J5: TOTAL PARCIAL (E * F)
B6: 1 | C6: PERSONAL
B7: 1.1 | C7: PERSONAL DE SUPERVISIÓN
B8: 1.1.1 | C8: Director de Interventoría | D8: =3*F.P!C8 -> 4270500 | E8: 1 | F8: 0.3 | G8: =F.M!F39 -> 2 | H8: =(D8*E8*F8*G8) -> 2562300 | I8: =$M$3 -> 2 | J8: =H8*I8 -> 5124600
B9: 1.1.2 | C9: Ingeniero civil Residentes de de Interventoría | D9: ='AIU FINAL.'!D37 -> 3558750 | E9: 1 | F9: 1 | G9: =F.M!F39 -> 2 | H9: =(D9*E9*F9*G9) -> 7117500 | I9: =$M$3 -> 2 | J9: =H9*I9 -> 14235000
B10: 1.1.5 | C10: ='MANO DE OBRA'!E75 -> Inspector | D10: =1.5*F.P!C8 -> 2135250 | E10: 1 | F10: 1 | G10: =F.M!E39 -> 2.05 | H10: =(D10*E10*F10*G10) -> 4377262.5 | I10: =$M$3 -> 2 | J10: =H10*I10 -> 8754525
C11: SUBTOTAL COSTOS DE PERSONAL | J11: =SUM(J8:J10) -> 28114125
B12: OTROS COSTOS DIRECTOS
B13: 2 | C13: OTROS COSTOS DIRECTOS | D13: UND | E13: CANTIDAD | F13: mes | G13: Dedicacion | H13: VALOR UNITARIO | J13: VALOR TOTAL
B14: 2.1.1 | C14: Papelería y copias incluye papel y tinta de ploter | D14: mes | E14: 1 | F14: =$M$3 -> 2 | G14: 1 | H14: ='AIU FINAL.'!D16 -> 250000 | J14: =F14*H14*E14*G14 -> 500000
B15: 2.1.2 | C15: Arriendo de Oficina (Incluye Servicios Públicos, servicio de oficina, dotacion de oficina) | D15: mes | E15: 1 | F15: =M3 -> 2 | G15: 1 | H15: ='AIU FINAL.'!D14 -> 500000 | J15: =F15*H15*E15*G15 -> 1000000
B16: 2.1.4 | C16: Arquiler de Motocicleta | D16: mes | E16: 1 | F16: 2 | G16: 1 | H16: 487055.15 | J16: =F16*H16*E16*G16 -> 974110.29
C17: SUBTOTAL OTROS COSTOS DIRECTOS | J17: =SUM(J14:J16) -> 2474110.3
B19: RESUMEN GENERAL
C20: COSTO DIRECTO SIN IVA TOTAL (1 + 2) | J20: =J17+J11 -> 30588235
C21: IVA (19%) | J21: =0.19*J20 -> 5811764.7
B22: 3 | C22: COSTO QUE NO SON AFECTADOS POR IVA
B23: 3.1 | C23: ESTAMPILLAS | F23: =SUM(F24:F28) -> 0.075 | J23: =F23*J20 -> 2294117.6
B24: 3.1.1 | C24: Estampilla Pro - Hospital | F24: 0.02
B25: 3.1.2 | C25: Estampilla PRO - UNIVERSIDAD | F25: 0.02
B26: 3.1.3 | C26: Estampilla CULTURA | F26: 0.01
B27: 3.1.4 | C27: Estampilla Pro ADULTO MAYOR | F27: 0.01
B28: 3.1.5 | C28: Estampilla Prodeporte | F28: 0.015
B29: 3.2 | C29: Polizas GARANTÍA DE CALIDAD DEL SERVICIO y GARANTÍA DE CUMPLIMIENTO | F29: 0.01 | J29: =F29*J20 -> 305882.35
B30: SUBTOTAL OTROS COSTOS DIRECTOS | J30: =SUM(J23:J29) -> 2600000 | K30: =PRESUPUESTO!F26 -> 39000000 | L30: =K30-J31 -> 0
C31: VALOR TOTAL INTERVENTORIA | J31: =J21+J20+J30 -> 39000000 | K31: =PRESUPUESTO!F26 -> 39000000 | L31: =J31-K31 -> 0

Sheet CANT.
B3: MEMORIA DE CANTIDADES
B4: Proyecto: | C4: =PRESUPUESTO!B1 -> Proyecto: Recuperación De Cobertura Vegetal El Corregimiento De Doña María Del Municipio De Fundación
B6: ITEMS | C6: =PRESUPUESTO!A5 -> 1.1 | D6: DESCRIPCIÓN | F6: =VLOOKUP(C6,PRESUPUESTO!A3:F13,2,FALSE) -> Visitas de campo para el tramite suscripcion y cierre de acuerdos voluntarios Dirigidos | K6: Unidad | L6: =VLOOKUP(C6,PRESUPUESTO!A3:F13,3,FALSE) -> un
B8: Esquema - Ubicación | D8: Descripción | K8: Cantidad | L8: Subtotal
B9: #VALUE! | D9: Visita realizada a fincas en los corregimientos de Doña Maria para suscribir acuerdos de voluntades con los propietarios o tenedores de parcelas y fincas de esta zona | K9: 15 | L9: =K9 -> 15
K10: Total | L10: =SUM(L9:L9) -> 15
B12: ITEMS | C12: =PRESUPUESTO!A6 -> 1.2 | D12: DESCRIPCIÓN | F12: =VLOOKUP(C12,PRESUPUESTO!$A$1:F19,2,FALSE) -> Desmonte y limpieza en zonas no boscosas | K12: Unidad | L12: =VLOOKUP(C12,PRESUPUESTO!$A$1:F13,3,FALSE) -> ha
B14: Esquema - Ubicación | D14: Descripción | K14: Cantidad | L14: Subtotal
B15: #VALUE! | D15: Fincas o parcelas en el corregimiento de Doña Maria donde establecerá la plantación. | K15: 40 | L15: =K15 -> 40
K16: Total | L16: =SUM(L15:L15) -> 40
B18: ITEMS | C18: =PRESUPUESTO!A7 -> 1.3 | D18: DESCRIPCIÓN | F18: =VLOOKUP(C18,PRESUPUESTO!$A$1:F24,2,FALSE) -> Limpieza de cerca de alambre de púas con postes de madera (Guarda fuegos) | K18: Unidad | L18: =VLOOKUP(C18,PRESUPUESTO!$A$1:F19,3,FALSE) -> m
B20: Esquema - Ubicación | D20: Descripción | K20: Cantidad | L20: Subtotal
B21: #VALUE! | D21: Fincas o parcelas en el corregimiento de Doña Maria donde establecerá la plantación.. | K21: =3000+1000 -> 4000 | L21: =K21 -> 4000
K22: Total | L22: =SUM(L21:L21) -> 4000
B24: ITEMS | C24: =PRESUPUESTO!A9 -> 2.1 | D24: DESCRIPCIÓN | F24: =VLOOKUP(C24,PRESUPUESTO!$A$1:F34,2,FALSE) -> Aislamiento de las áreas con mayor presencia del tensionante identificado en cercas de puas | K24: Unidad | L24: =VLOOKUP(C24,PRESUPUESTO!$A$1:F30,3,FALSE) -> m
B26: Esquema - Ubicación | D26: Descripción | K26: Cantidad | L26: Subtotal
B27: #VALUE! | D27: Fincas o parcelas en el corregimiento de Doña Maria donde establecerá la plantación. | K27: 3000 | L27: =K27 -> 3000
K28: Total | L28: =SUM(L27:L27) -> 3000
B30: ITEMS | C30: =PRESUPUESTO!A10 -> 2.2 | D30: DESCRIPCIÓN | F30: =VLOOKUP(C30,PRESUPUESTO!$A$1:F40,2,FALSE) -> Aislamiento individal en corralles de madarea y alambres de puas | K30: Unidad | L30: =VLOOKUP(C30,PRESUPUESTO!$A$1:F34,3,FALSE) -> un
B32: Esquema - Ubicación | D32: Descripción | K32: Cantidad | L32: Subtotal
B33: #VALUE! | D33: Fincas o parcelas en el corregimiento de Doña Maria donde establecerá la plantación. | K33: 1157 | L33: =K33 -> 1157
K34: Total | L34: =SUM(L33:L33) -> 1157
B36: ITEMS | C36: =PRESUPUESTO!A12 -> 3.1 | D36: DESCRIPCIÓN | F36: =VLOOKUP(C36,PRESUPUESTO!$A$1:F46,2,FALSE) -> Establecimiento de material vegetal ( Incluye adecuacion de terreno y suministros) | K36: Unidad | L36: =VLOOKUP(C36,PRESUPUESTO!$A$1:F40,3,FALSE) -> un
B38: Esquema - Ubicación | D38: Descripción | K38: Cantidad | L38: Subtotal
B39: #VALUE! | D39: Fincas o parcelas en el corregimiento de Doña Maria donde establecerá la plantación. | K39: 4000 | L39: =K39 -> 4000
K40: Total | L40: =SUM(L39:L39) -> 4000
B42: ITEMS | C42: =PRESUPUESTO!A13 -> 3.2 | D42: DESCRIPCIÓN | F42: =VLOOKUP(C42,PRESUPUESTO!$A$1:F52,2,FALSE) -> Riego con agua a las plantulas | K42: Unidad | L42: =VLOOKUP(C42,PRESUPUESTO!$A$1:F46,3,FALSE) -> Dia
B44: Esquema - Ubicación | D44: Descripción | K44: Cantidad | L44: Subtotal
B45: #VALUE! | D45: Fincas o parcelas en el corregimiento de Doña Maria donde establecerá la plantación. | K45: 30 | L45: =K45 -> 30
K46: Total | L46: =SUM(L45:L45) -> 30
B48: ITEMS | C48: =PRESUPUESTO!A21 -> 4.1 | D48: DESCRIPCIÓN | F48: =VLOOKUP(C48,PRESUPUESTO!$A$1:F58,2,FALSE) -> Taller para el fortalecimiento de capacidades técnicas en la siembra, cuidado y aprovechamiento sostenible de especies arbóreas nativas, dirigido a propietarios y poseedores de predios vinculados al proyecto. (Grupos de 30 Personas) | K48: Unidad | L48: =VLOOKUP(C48,PRESUPUESTO!$A$1:F52,3,FALSE) -> Sesión (4 horas )
B50: Esquema - Ubicación | D50: Descripción | K50: Cantidad | L50: Subtotal
B51: #VALUE! | D51: Corregimiento de Doña Maria | K51: 3 | L51: =K51 -> 3
K52: Total | L52: =SUM(L51:L51) -> 3
B54: ITEMS | C54: =PRESUPUESTO!A22 -> 4.2 | D54: DESCRIPCIÓN | F54: =VLOOKUP(C54,PRESUPUESTO!$A$1:F64,2,FALSE) -> Taller sobre cambio climático, manejo de residuos sólidos, uso eficiente del agua y reforestación, dirigidos a estudiantes, niños y niñas del área de influencia del proyecto (grupos de hasta 30 personas). | K54: Unidad | L54: =VLOOKUP(C54,PRESUPUESTO!$A$1:F58,3,FALSE) -> Sesión (3 horas )
B56: Esquema - Ubicación | D56: Descripción | K56: Cantidad | L56: Subtotal
B57: #VALUE! | D57: Corregimiento de Doña Maria | K57: 6 | L57: =K57 -> 6
K58: Total | L58: =SUM(L57:L57) -> 6
B60: ITEMS | C60: =PRESUPUESTO!A23 -> 4.3 | D60: DESCRIPCIÓN | F60: =VLOOKUP(C60,PRESUPUESTO!$A$1:F70,2,FALSE) -> Campaña De Divulgación Informativa En Educación Ambiental Y Gestión Del Cambio Climático casa a casa | K60: Unidad | L60: =VLOOKUP(C60,PRESUPUESTO!$A$1:F64,3,FALSE) -> Visitas (1/2 hora)
B62: Esquema - Ubicación | D62: Descripción | K62: Cantidad | L62: Subtotal
B63: #VALUE! | D63: Corregimiento de Doña Maria incluidos fincas aledañas. | K63: 200 | L63: =K63 -> 200
K64: Total | L64: =SUM(L63:L63) -> 200

Sheet DISTANCIA DE ACARREO
A2: =PRESUPUESTO!B1 -> Proyecto: Recuperación De Cobertura Vegetal El Corregimiento De Doña María Del Municipio De Fundación
A3: DISTANCIAS DE ACARREOS
A5: MATERIAL | B5: Lugar | C5: UNIDAD | D5: DISTANCIA
A13: Tierra Negra | B13: Fincas en Algarrobo | C13: km | D13: 28
A14: Abono | B14: Aracataca - Vivero Palma de Mayorca (10°38'38.94"N 74° 9'46.21"O) | C14: km | D14: 17.5

Sheet F.P
A2: =PRESUPUESTO!B1 -> Proyecto: Recuperación De Cobertura Vegetal El Corregimiento De Doña María Del Municipio De Fundación
A3: PRECIOS DE REFERENCIA PARA EL DEPARTAMENTO DEL MAGALENA
A4: CULCULO DEL FACTOR PRESTACIONAL
E5: Factor prestacional (%)
A6: 1.-SALARIOS DE MANO DE OBRA | E6: salarios ≤ 2 SMMLV | F6: salarios ≥2 SMMLV
A8: A- Salario Minimo Legal | B8: 2025 | C8: 1423500
A9: B- Auxilio de Transporte | B9: 2025 | C9: 200000
A10: C- Total Mensual | C10: =SUM(C8:C9) -> 1623500
A11: D- Anual (A*12) | C11: =C8*12 -> 17082000 | E11: 1 | F11: 1
A12: Subsidio de Transporte Anual (B*12) | C12: =+C9*12 -> 2400000 | E12: =C9/C8 -> 0.14049877 | F12: 0
A13: E- Anual con Subsidio de Transporte | C13: =+C11+C12 -> 19482000
A15: PRESTACIONES | B15: BASE
A16: Cesantias | B16: A | C16: =1/12 -> 0.083333333 | D16: =C8 -> 1423500 | E16: =D16/C11 -> 0.083333333 | F16: =E16 -> 0.083333333
A17: Intereses | B17: =+A16 -> Cesantias | C17: 0.12 | D17: =+D16*C17 -> 170820 | E17: =D17/C11 -> 0.01 | F17: =E17 -> 0.01
A18: Vacaciones 15 Dias | B18: A | C18: 0.5 | D18: =C8 -> 1423500 | E18: =C18/12 -> 0.041666667 | F18: =E18 -> 0.041666667
A19: Primas 30 Dias | B19: C | C19: 1 | D19: =+C8 -> 1423500 | E19: =D16/C11 -> 0.083333333 | F19: =C8/C11 -> 0.083333333
A21: OTROS COSTOS
A22: Dotacion (Botas, overol y camiza) | B22: 92500 | C22: 4 | D22: =+B22*C22 -> 370000 | E22: =D22/$C$11 -> 0.021660227 | F22: =E22 -> 0.021660227
A23: Implementos de seguridad industrial | B23: 136322.13 | C23: 6 | D23: =C23*B23 -> 817932.8 | E23: =D23/C11 -> 0.04788273 | F23: =E23*G23 -> 0.038381501 | G23: 0.80157294
A24: Seguro Colectivo | B24: D | C24: 0.05 | D24: =+C11*C24 -> 854100 | E24: =D24/$C$11 -> 0.05 | F24: =E24 -> 0.05
A25: Examenes medicos | B25: A | C25: =1/12 -> 0.083333333 | D25: 120000 | E25: =D25*C25/D16 -> 0.0070249385 | F25: =E25 -> 0.0070249385
A27: SEGURIDAD SOCIAL
A28: Pensiones | B28: D | C28: 0.12 | D28: =+C11*C28 -> 2049840 | E28: =C28 -> 0.12 | F28: =E28 -> 0.12
A29: Medicina Familiar | B29: D | C29: 0.085 | D29: =+C11*C29 -> 1451970 | E29: =C29 -> 0.085 | F29: =E29 -> 0.085
A30: Riesgos Profesionales | B30: D | C30: 0.0696 | D30: =+C11*C30 -> 1188907.2 | E30: =C30 -> 0.0696 | F30: =C30 -> 0.0696
K31: 6045617
A32: APORTES PARAFISCALES | K32: =+K31*10.98% -> 663808.75
A33: Cajas de Compensación Familiar | C33: 0.04 | D33: =+$C$11*C33 -> 683280 | E33: =C33 -> 0.04 | F33: =E33 -> 0.04 | K33: 556200
A34: ICBF | C34: 0.03 | D34: =+$C$11*C34 -> 512460 | E34: =C34 -> 0.03 | F34: =C34 -> 0.03
A35: SENA | C35: 0.02 | D35: =+$C$11*C35 -> 341640 | E35: =C35 -> 0.02 | F35: =C35 -> 0.02
A37: VALOR REAL DEL SALARIO | D37: =SUM(D16:D35)+C13 -> 32313450 | E37: =SUM(E12:E35) -> 0.85 | F37: =SUM(F12:F35) -> 0.7

Sheet F.M
B1: =PRESUPUESTO!B1 -> Proyecto: Recuperación De Cobertura Vegetal El Corregimiento De Doña María Del Municipio De Fundación
B3: ANALISIS DEL FACTOR MULTIPLICADOR - COSTOS DIRECTOS
B5: DESCRIPCION | E5: FM (%)
B6: 1. SALARIO | E6: salarios ≤ 2 SMMLV | F6: salarios ≥2 SMMLV
B7: Salario Anual | E7: 1 | F7: =E7 -> 1
B8: SUB-TOTAL SALARIO | E8: =SUM(E7:E7) -> 1 | F8: =F.P!F11 -> 1
B9: Subsidio de Transporte Anual | E9: =F.P!E12 -> 0.14049877 | F9: =F.P!F12 -> 0
B10: 2. CALCULOS PRESTACIONALES
B11: PRESTACIONES
B12: Cesantías por Ley | E12: =F.P!E16 -> 0.083333333 | F12: =F.P!F16 -> 0.083333333
B13: Intereses sobre cesantías | E13: =F.P!E17 -> 0.01 | F13: =F.P!F17 -> 0.01
B14: Vacaciones Anuales | E14: =F.P!E18 -> 0.041666667 | F14: =F.P!F18 -> 0.041666667
B15: Primas Anuales | E15: =F.P!E19 -> 0.083333333 | F15: =F.P!F19 -> 0.083333333
B16: APORTES PARAFISCALES
B17: Cajas de Compensación Familiar | E17: =F.P!E33 -> 0.04 | F17: =F.P!F33 -> 0.04
B18: ICBF | E18: =F.P!E34 -> 0.03 | F18: =F.P!F34 -> 0.03
B19: SENA | E19: =F.P!E35 -> 0.02 | F19: =F.P!F35 -> 0.02
B20: SEGURIDAD SOCIAL
B21: Pensión | E21: =F.P!E28 -> 0.12 | F21: =F.P!F28 -> 0.12
B22: Medicina Familiar | E22: =F.P!E29 -> 0.085 | F22: =F.P!F29 -> 0.085
B23: Riesgos Profesionales | E23: =F.P!E30 -> 0.0696 | F23: =F.P!F30 -> 0.0696
B24: OTROS COSTOS
B25: Dotacion (Botas, overol y camiza) | E25: =F.P!E22 -> 0.021660227 | F25: =E25 -> 0.021660227
B26: Implementos de seguridad industrial | E26: =F.P!E23 -> 0.04788273 | F26: =F.P!F23 -> 0.038381501
B27: Seguro Colectivo | E27: =F.P!E24 -> 0.05 | F27: =F.P!F24 -> 0.05
B28: Examenes medicos | E28: =F.P!F25 -> 0.0070249385 | F28: =E28 -> 0.0070249385
B29: SUB-TOTAL C. PRESTACIONALES | E29: =SUM(E9:E28) -> 0.85 | F29: =SUM(F12:F28) -> 0.7
B31: SUB-TOTAL (1 + 2) | E31: =E29+E8 -> 1.85 | F31: =F29+F8 -> 1.7
B34: 4. HONORARIOS
B35: 4.1. Utilidad | E35: 0.2 | F35: 0.3
B36: SUB-TOTAL (4) | E36: =E35 -> 0.2 | F36: =F35 -> 0.3
B39: FACTOR MULTIPLICADOR | E39: =E8+E29+E36 -> 2.05 | F39: =F8+F29+F36 -> 2
C41: Matricula No. : | D41: 08202115524 ATL

Sheet MANO DE OBRA
B2: =PRESUPUESTO!B1 -> Proyecto: Recuperación De Cobertura Vegetal El Corregimiento De Doña María Del Municipio De Fundación
B3: LISTADO DE MANO DE OBRA
B4: unidad | D4: Ítem | F4: VALOR ($ COP) | G4: OBSERVACIONES
B5: mes | D5: Salario mínimo legal mensual vigente - SMLMV básico | F5: =F.P!C8 -> 1423500
B6: mes | D6: Subsidio de transporte | F6: =F.P!C9 -> 200000
B7: mes | D7: Salario mínimo legal mensual vigente - SMLMV+ Subsidio de transporte | F7: =F5+F6 -> 1623500
B8: día | D8: Jornal + subsidio de transporte | F8: =F7/30 -> 54116.667
B9: día | D9: Jornal basico sin subsidio de transporte | F9: =F5/30 -> 47450
B10: # | C10: Código | D10: unidad | E10: Insumo | F10: Precio ($ COP) | G10: Factor de Jornal | H10: Factor Prestacional
B11: 1 | C11: A0100030 | D11: día | E11: Maestro | F11: =$F$9*G11 -> 94900 | G11: 2 | H11: =F.P!$F$37+1 -> 1.7
B12: 2 | C12: A0100150 | D12: día | E12: Ayudante | F12: =$F$9*G12 -> 49822.5 | G12: 1.05 | H12: =F.P!$E$37+1 -> 1.85
B13: 3 | C13: A0100190 | D13: día | E13: Almacenista | F13: =$F$9*G13 -> 49822.5 | G13: 1.05 | H13: =F.P!$E$37+1 -> 1.85
B14: 4 | C14: A0030010 | D14: día | E14: Obrero | F14: =$F$9*G14 -> 47450 | G14: 1 | H14: =F.P!$E$37+1 -> 1.85
B15: 5 | C15: A0030020 | D15: día | E15: Obrero (2) | F15: =$F$9*G15 -> 94900 | G15: 2 | H15: =F.P!$E$37+1 -> 1.85
B16: 6 | C16: A0030030 | D16: día | E16: Obrero (3) | F16: =$F$9*G16 -> 142350 | G16: 3 | H16: =F.P!$E$37+1 -> 1.85
B17: 7 | C17: A0030040 | D17: día | E17: Obrero (4) | F17: =$F$9*G17 -> 189800 | G17: 4 | H17: =F.P!$E$37+1 -> 1.85
B18: 8 | C18: A0030050 | D18: día | E18: Obrero (5) | F18: =$F$9*G18 -> 237250 | G18: 5 | H18: =F.P!$E$37+1 -> 1.85
B19: 9 | C19: A0030060 | D19: día | E19: Obrero (6) | F19: =$F$9*G19 -> 284700 | G19: 6 | H19: =F.P!$E$37+1 -> 1.85
B20: 10 | C20: A0030070 | D20: día | E20: Obrero (7) | F20: =$F$9*G20 -> 332150 | G20: 7 | H20: =F.P!$E$37+1 -> 1.85
B21: 11 | C21: A0030080 | D21: día | E21: Obrero (8) | F21: =$F$9*G21 -> 379600 | G21: 8 | H21: =F.P!$E$37+1 -> 1.85
B22: 12 | C22: A0030090 | D22: día | E22: Obrero (9) | F22: =$F$9*G22 -> 427050 | G22: 9 | H22: =F.P!$E$37+1 -> 1.85
B23: 13 | C23: A0030100 | D23: día | E23: Obrero (10) | F23: =$F$9*G23 -> 474500 | G23: 10 | H23: =F.P!$E$37+1 -> 1.85
... B32: 22 | C32: A0100050 | D32: día | E32: Oficial + 3 Ayudantes (armado e inyección de anclajes) | F32: =$F$9*G32 -> 230132.5 | G32: 4.85 | H32: =F.P!$E$37+1 -> 1.85
B33: 23 | C33: A0041000 | D33: día | E33: Oficial experto en desmontaje | F33: =$F$9*G33 -> 94900 | G33: 2 | H33: =F.P!$F$37+1 -> 1.7
B34: 24 | C34: A0041001 | D34: día | E34: Oficial experto en explosivos | F34: =$F$9*G34 -> 97272.5 | G34: 2.05 | H34: =F.P!$F$37+1 -> 1.7
B35: 25 | C35: A0041002 | D35: día | E35: Oficial Obrero (3) Cuadrilla de un oficial y 3 Obreros. | F35: =$F$9*G35 -> 223015 | G35: 4.7 | H35: =F.P!$E$37+1 -> 1.85
B36: 26 | C36: A0041008 | D36: día | E36: 1 Oficial y 1 Obrero. | F36: =$F$9*G36 -> 128115 | G36: 2.7 | H36: =F.P!$E$37+1 -> 1.85
B37: 27 | C37: A0041004 | D37: día | E37: Cuadrilla de Un Oficial y (2) Obreros. | F37: =$F$9*G37 -> 175565 | G37: 3.7 | H37: =F.P!$E$37+1 -> 1.85
B38: 28 | C38: A0041006 | D38: día | E38: Cuadrilla de un oficial y (4) Obreros. | F38: =$F$9*G38 -> 270465 | G38: 5.7 | H38: =F.P!$E$37+1 -> 1.85
B39: 29 | C39: A0100010 | D39: día | E39: Cuadrilla de desmontaje (10 personas) | F39: =$F$9*G39 -> 444606.5 | G39: 9.37 | H39: =F.P!$E$37+1 -> 1.85
B40: 30 | C40: A0100180 | D40: día | E40: Cuadrilla de fabricación | F40: =$F$9*G40 -> 242469.5 | G40: 5.11 | H40: =F.P!$E$37+1 -> 1.85
B41: 31 | C41: A0010010 | D41: día | E41: Cadenero | F41: =$F$9*G41 -> 54567.5 | G41: 1.15 | H41: =F.P!$E$37+1 -> 1.85
B42: 32 | C42: A0100240 | D42: día | E42: Cadeneros (2) | F42: =$F$9*G42 -> 109135 | G42: =+G41*2 -> 2.3 | H42: =F.P!$E$37+1 -> 1.85
B43: 33 | C43: A0100220 | D43: día | E43: Carpintero | F43: =$F$9*G43 -> 94900 | G43: 2 | H43: =F.P!$F$37+1 -> 1.7
B44: 34 | C44: A0100130 | D44: día | E44: Armador | F44: =$F$9*G44 -> 49822.5 | G44: 1.05 | H44: =F.P!$F$37+1 -> 1.7
B45: 35 | C45: A0050010 | D45: día | E45: Paletero | F45: =$F$9*G45 -> 47450 | G45: 1 | H45: =F.P!$F$37+1 -> 1.7
B46: 36 | C46: A0050020 | D46: día | E46: Paletero (2) | F46: =$F$9*G46 -> 94900 | G46: 2 | H46: =F.P!$F$37+1 -> 1.7
B47: 37 | C47: A0070010 | D47: día | E47: Rastrillero | F47: =$F$9*G47 -> 60736 | G47: 1.28 | H47: =F.P!$F$37+1 -> 1.7
B48: 38 | C48: A0070020 | D48: día | E48: Rastrilleros (2) | F48: =$F$9*G48 -> 121472 | G48: 2.56 | H48: =F.P!$F$37+1 -> 1.7
B49: 39 | C49: A0100140 | D49: día | E49: Cortador | F49: =$F$9*G49 -> 61685 | G49: 1.3 | H49: =F.P!$F$37+1 -> 1.7
B50: 40 | C50: A0100092 | D50: día | E50: Operador prueba de integridad | F50: =$F$9*G50 -> 101068.5 | G50: 2.13 | H50: =F.P!$F$37+1 -> 1.7
B51: 41 | C51: A0100280 | D51: día | E51: Operador de maquinaria pesada | F51: =$F$9*G51 -> 101068.5 | G51: 2.13 | H51: =F.P!$F$37+1 -> 1.7
B52: 42 | C52: A0060010 | D52: día | E52: Perforador | F52: =$F$9*G52 -> 80665 | G52: 1.7 | H52: =F.P!$E$37+1 -> 1.85
B53: 43 | C53: A0100040 | D53: día | E53: Perforador + Ayudante1 + Ayudante2 | F53: =$F$9*G53 -> 180310 | G53: 3.8 | H53: =F.P!$E$37+1 -> 1.85
B54: 44 | C54: A0080010 | D54: día | E54: Soldador | F54: =$F$9*G54 -> 80665 | G54: 1.7 | H54: =F.P!$E$37+1 -> 1.85
B55: 45 | C55: A0010083 | D55: día | E55: Soldador (2) | F55: =$F$9*G55 -> 161330 | G55: 3.4 | H55: =F.P!$E$37+1 -> 1.85
B56: 46 | C56: A0080012 | D56: día | E56: Soldador 1A | F56: =$F$9*G56 -> 101543 | G56: 2.14 | H56: =F.P!$E$37+1 -> 1.85
B57: 47 | C57: A0100090 | D57: día | E57: Soldador experto en montaje y pruebas | F57: =$F$9*G57 -> 101543 | G57: 2.14 | H57: =F.P!$E$37+1 -> 1.85
B58: 48 | C58: A0040110 | D58: día | E58: Celador | F58: =$F$9*G58 -> 47450 | G58: 1 | H58: =F.P!$E$37+1 -> 1.85
B59: 49 | C59: A0100160 | D59: día | E59: Inspector | F59: =$F$9*G59 -> 75920 | G59: 1.6 | H59: =F.P!$E$37+1 -> 1.85
B60: 50 | C60: A0020010 | D60: día | E60: Inspector de fabricación y montaje | F60: =$F$9*G60 -> 94900 | G60: 2 | H60: =F.P!$F$37+1 -> 1.7
B61: 51 | C61: A0100260 | D61: día | E61: Técnico electricista | F61: =$F$9*G61 -> 75920 | G61: 1.6 | H61: =F.P!$E$37+1 -> 1.85
B62: 52 | C62: A0100250 | D62: día | E62: Técnico y/o profesionale HSEQ para obra | F62: =$F$9*G62 -> 71175 | G62: 1.5 | H62: =F.P!$E$37+1 -> 1.85
B63: 53 | C63: A0090010 | D63: día | E63: Topógrafo | F63: =$F$9*G63 -> 118625 | G63: 2.5 | H63: =F.P!$E$37+1 -> 1.85
B64: 54 | C64: A0100181 | D64: día | E64: Calculista | F64: =$F$9*G64 -> 237250 | G64: 5 | H64: =F.P!$F$37+1 -> 1.7
B65: 55 | C65: A0100170 | D65: día | E65: Dibujante | F65: =$F$9*G65 -> 71175 | G65: 1.5 | H65: =F.P!$E$37+1 -> 1.85
B66: 56 | C66: A0100182 | D66: día | E66: Dibujante 2 | F66: =$F$9*G66 -> 71175 | G66: 1.5 | H66: =F.P!$E$37+1 -> 1.85
B67: 57 | C67: A0100270 | D67: día | E67: Técnico agricola, técnico en botánica y/o jardinero | F67: =$F$9*G67 -> 47450 | G67: 1 | H67: =F.P!$F$37+1 -> 1.7
B68: 58 | C68: A0100070 | D68: día | E68: Ingeniero residente | F68: =$F$9*G68 -> 118625 | G68: 2.5 | H68: =F.P!$F$37+1 -> 1.7
B69: 59 | C69: A0100069 | D69: día | E69: Ingeniero director | F69: =$F$9*G69 -> 166075 | G69: 3.5 | H69: =F.P!$F$37+1 -> 1.7
B70: 60 | C70: A0100082 | D70: día | E70: Ingeniero Especialista | F70: =$F$9*G70 -> 166075 | G70: 3.5 | H70: =F.P!$F$37+1 -> 1.7
B71: 61 | C71: A0100071 | D71: día | E71: Ingeniero Geotecnista | F71: =$F$9*G71 -> 166075 | G71: 3.5 | H71: =F.P!$F$37+1 -> 1.7
B72: 62 | C72: A0100020 | D72: día | E72: Ingeniero supervisor o residete de interventoria | F72: =$F$9*G72 -> 118625 | G72: 2.5 | H72: =F.P!$F$37+1 -> 1.7
B73: 63 | C73: A0100080 | D73: día | E73: Ingeniero supervisor y director de interventoria | F73: =$F$9*G73 -> 166075 | G73: 3.5 | H73: =F.P!$F$37+1 -> 1.7
B74: 64 | C74: A0100081 | D74: día | E74: Ingeniero Supervisor y Director de Prueba Pilote | F74: =$F$9*G74 -> 166075 | G74: 3.5 | H74: =F.P!$F$37+1 -> 1.7
B75: 65 | C75: A0100230 | D75: día | E75: Inspector | F75: =$F$9*G75 -> 94900 | G75: 2 | H75: =F.P!$F$37+1 -> 1.7
B76: 66 | C76: A0100294 | D76: día | E76: Operador de maquinaria liviana | F76: =$F$9*G76 -> 94900 | G76: 2 | H76: =F.P!$F$37+1 -> 1.7
B77: 67 | C77: M.O0001 | D77: dia | E77: Profesional trabajador(a) social | F77: =$F$9*G77 -> 142350 | G77: 3 | H77: =F.P!$F$37+1 -> 1.7
B78: 68 | C78: M.O0002 | D78: dia | E78: Profesional Psicólogo(a) | F78: =$F$9*G78 -> 142350 | G78: 3 | H78: =F.P!$F$37+1 -> 1.7
... B81: 69 | C81: M.O0004 | D81: dia | E81: Fotografo | F81: =$F$9*G81 -> 142350 | G81: 3 | H81: =F.P!$F$37+1 -> 1.7
B82: 70 | C82: M.O0005 | D82: dia | E82: Personas capacitadas para la realizacion de la campaña | F82: =$F$9*G82 -> 80665 | G82: 1.7 | H82: =F.P!$E$37+1 -> 1.85

Sheet MATERIALES
A1: =PRESUPUESTO!B1 -> Proyecto: Recuperación De Cobertura Vegetal El Corregimiento De Doña María Del Municipio De Fundación
A2: LISTADO DE MATERIALES
A3: # | B3: Código | C3: unidad | D3: Insumo | E3: Precio ($ COP) | F3: CATEGORÍA
A4: 1 | B4: B0010045 | C4: kg | D4: Abrasivo para sandblasting (arena sílica, de cuarzo y/o abrasivo sintético) | E4: 2978.9192 | F4: Agregados
A5: 2 | B5: B0020001 | C5: kg | D5: Acero A-36 para estructura metálica | E5: 5456.1765 | F5: Acero, alambres, soldadura y mallas metálicas
A6: 3 | B6: B0020004 | C6: kg | D6: Acero A-37 | E6: 5456.1765 | F6: Acero, alambres, soldadura y mallas metálicas
A7: 4 | B7: B0020002 | C7: kg | D7: Acero A-40 | E7: 5456.1765 | F7: Acero, alambres, soldadura y mallas metálicas
A8: 5 | B8: B0020003 | C8: kg | D8: Acero de refuerzo PDR-60, Fy: 4200 kg/cm2 | E8: 5456.1765 | F8: Acero, alambres, soldadura y mallas metálicas
A9: 6 | B9: B0014905 | C9: kg | D9: Adhesivo bituminoso para tacha | E9: 102813.42 | F9: Aditivos y adhesivos
A10: 7 | B10: B0014896 | C10: kg | D10: Adhesivo epoxico para pega de concreto endurecido y concreto fresco | E10: 106289.77 | F10: Aditivos y adhesivos
A11: 8 | B11: B003003 | C11: kg | D11: Aditivo acelerante de fraguado para concreto hidraulico | E11: 17907.282 | F11: Aditivos y adhesivos
A12: 9 | B12: B0014899 | C12: kg | D12: Aditivo acuoso acelerante de fraguado y resistencia del concreto | E12: 18045.01 | F12: Aditivos y adhesivos
A13: 10 | B13: B0030001 | C13: kg | D13: Aditivo curador para pilotes | E13: 13298.36 | F13: Aditivos y adhesivos
A14: 11 | B14: B003004 | C14: kg | D14: Aditivo inclusor de aire para concreto | E14: 3236.5974 | F14: Aditivos y adhesivos
A15: 12 | B15: B003007 | C15: kg | D15: Aditivo para modificar la reología | E15: 12242.449 | F15: Aditivos y adhesivos
... A113: 110 | B113: B0014066 | C113: gl | D113: Combustible ACPM | E113: 11813.228 | F113: Gases y combustibles
A114: 111 | B114: B0133681 | C114: m3 | D114: Concreto hidráulico para pavimento MR-36 (3.5 MPa) | E114: =(524229.390587668*1.12)*#REF! -> #REF! | F114: Morteros, Concreto estructural y pavimento hidraulico
A115: 112 | B115: B0133690 | C115: m3 | D115: Concreto hidráulico para pavimento MR-39 (3.8 MPa) | E115: =(545265.559419455*1.12)*#REF! -> #REF! | F115: Morteros, Concreto estructural y pavimento hidraulico
A116: 113 | B116: B0133691 | C116: m3 | D116: Concreto hidráulico para pavimento MR-41 (4.0 MPa) | E116: =(535000+101650)*#REF! -> #REF! | F116: Morteros, Concreto estructural y pavimento hidraulico
A117: 114 | B117: B0133710 | C117: m3 | D117: Concreto hidráulico para pavimento MR-43 (4.2 MPa) | E117: =(548000+104120)*#REF! -> #REF! | F117: Morteros, Concreto estructural y pavimento hidraulico
A118: 115 | B118: B0133700 | C118: m3 | D118: Concreto hidráulico para pavimento MR-43 (4.2 MPa) - Fastrack: acelerado a 24 horas | E118: =(772697.710673768*1.12)*#REF! -> #REF! | F118: Morteros, Concreto estructural y pavimento hidraulico
A119: 116 | B119: B0133720 | C119: m3 | D119: Concreto hidráulico para pavimento MR-50 | E119: =(674347.121762876*1.12)*#REF! -> #REF! | F119: Morteros, Concreto estructural y pavimento hidraulico
A120: 117 | B120: B0123660 | C120: m3 | D120: Concreto resistencia 14 MPa | E120: =(461146.310287791*1.27)*#REF! -> #REF! | F120: Morteros, Concreto estructural y pavimento hidraulico
A121: 118 | B121: B0123650 | C121: m3 | D121: Concreto resistencia 21 MPa | E121: =(499000+94810)*#REF! -> #REF! | F121: Morteros, Concreto estructural y pavimento hidraulico
A122: 119 | B122: B0123620 | C122: m3 | D122: Concreto resistencia 28 MPa | E122: =(534500+101555)*#REF! -> #REF! | F122: Morteros, Concreto estructural y pavimento hidraulico
A123: 120 | B123: B0123640 | C123: m3 | D123: Concreto resistencia 32 MPa | E123: =(518151.314820189*1.27)*#REF! -> #REF! | F123: Morteros, Concreto estructural y pavimento hidraulico
A124: 121 | B124: B0123630 | C124: m3 | D124: Concreto resistencia 35 MPa | E124: =(544853.928399301*1.27)*#REF! -> #REF! | F124: Morteros, Concreto estructural y pavimento hidraulico
A125: 122 | B125: B0013730 | C125: m | D125: Cordón detonante | E125: 2478.3049 | F125: Explosivos
A126: 123 | B126: B0013761 | C126: u | D126: Cuneta prefabricada de concreto perfil U y/o V NTC-4109 (0.20 x 0.30 x 1.0 m) | E126: 76370.432 | F126: Prefabricados
A127: 124 | B127: B0013775 | C127: u | D127: Defensa de concreto prefabricada bidireccional de 0.80x1.50m | E127: 660071.6 | F127: Prefabricados
A128: 125 | B128: B0013773 | C128: u | D128: Defensa metálica de 4,0 m galvanizada | E128: 727306.23 | F128: Señalización y seguridad vial
A129: 126 | B129: B0013774 | C129: m | D129: Defensa metálica galvanizada | E129: 164554.35 | F129: Señalización y seguridad vial
A130: 127 | B130: B0013780 | C130: u | D130: Delineador de corona (hito de arista) tipo: A en lámina galvanizada calibre 16 de 1.55x0.25 m con elementos retroreflectivo tipo III | E130: 47015.529 | F130: Señalización y seguridad vial
A131: 128 | B131: B0013782 | C131: u | D131: Delineador de corona (hito de arista) tipo: circular en lámina galvanizada calibre 16 de 1.55x0.25 m con elementos retroreflectivo tipo III | E131: 47015.529 | F131: Señalización y seguridad vial
A132: 129 | B132: B0013783 | C132: u | D132: Delineador de corona (hito de arista) tipo: rectangular en lámina galvanizada calibre 16 de 1.55x0.25 m con elementos retroreflectivo tipo III | E132: 47015.529 | F132: Señalización y seguridad vial
A133: 130 | B133: B0013784 | C133: u | D133: Delineador flexible de 1.20 m con elementos retroreflectivo tipo III | E133: 50500.492 | F133: Señalización y seguridad vial
A134: 131 | B134: B0013790 | C134: m3 | D134: Derecho de explotación y/o disposición de materiales | E134: 7715.8292 | F134: Independiente
A135: 132 | B135: B0013791 | C135: m3 | D135: Derechos de conformación y/o disposición de materiales sobrantes (Incluye todos los costos inherentes a las posibles obras requeridas en los sitios de disposición de sobrantes) | E135: 6765.239 | F135: Independiente
A136: 133 | B136: B014001 | C136: gl | D136: Disolvente para pintura (TINNER) | E136: 41022.492 | F136: Aditivos y adhesivos
... A274: 271 | B274: B0013940 | C274: kg | D274: Microesferas reflectivas de vidrio | E274: 6905.6486 | F274: Señalización y seguridad vial
A275: 272 | B275: B0014611 | C275: m3 | D275: Mortero 1:3 de recubrimiento | E275: =(456489.130660958*1.1)*#REF! -> #REF! | F275: Morteros, Concreto estructural y pavimento hidraulico
A276: 273 | B276: B0014610 | C276: m3 | D276: Mortero 1:3 para juntas | E276: =(499893.349110039*1.1)*#REF! -> #REF! | F276: Morteros, Concreto estructural y pavimento hidraulico
A277: 274 | B277: B0014612 | C277: m3 | D277: Mortero 1:4 | E277: =(499893.349110039*1.1)*#REF! -> #REF! | F277: Morteros, Concreto estructural y pavimento hidraulico
A278: 275 | B278: B0014898 | C278: kg | D278: Mortero de cemento modificado para reparación de elementos estructurales de concreto | E278: =(8000.50937080537*1.1)*#REF! -> #REF! | F278: Morteros, Concreto estructural y pavimento hidraulico
A279: 276 | B279: B0014236 | C279: m3 | D279: Mortero de resistencia controlada (MCR) | E279: =(341619.140966217*1.1)*#REF! -> #REF! | F279: Morteros, Concreto estructural y pavimento hidraulico
A280: 277 | B280: B0014237 | C280: kg | D280: Mulch Orgánico | E280: 3600.7203 | F280: Árboles, vegetación, y fertilizantes.
A281: 278 | B281: B0014640 | C281: kg | D281: Oxigeno industrial | E281: 18003.601 | F281: Gases y combustibles
A282: 279 | B282: B0010015 | C282: u | D282: Paleta de pare y siga de 45 cm | E282: 32149.288 | F282: Señalización y seguridad vial
A283: 280 | B283: B0014650 | C283: m | D283: Paral en madera rolliza de 3" (tablestacados) | E283: 7780.9097 | F283: Madera
A284: 281 | B284: B0014660 | C284: u | D284: Paral en madera rolliza de 5" y 4,5 m de longitud (tablestacados) | E284: 39847.689 | F284: Madera
A285: 282 | B285: B0014670 | C285: u | D285: Paral en madera rolliza de 6" y 5m de longitud (tablestacados) | E285: 55998.971 | F285: Madera
A286: 283 | B286: B0014690 | C286: kg | D286: Pegante epóxico para tacha | E286: 37581.761 | F286: Aditivos y adhesivos
A287: 284 | B287: B0014700 | C287: m3 | D287: Piedra para concreto ciclópeo (rajón o canto rodado) | E287: 64692.956 | F287: Agregados
A288: 285 | B288: B0014710 | C288: m3 | D288: Piedra para gaviónes (entre 80mm y 200mm) | E288: 63263.075 | F288: Agregados
A289: 286 | B289: B0014735 | C289: m | D289: Pilote prefabricado en concreto de 28MPa de diámetro 0.40m | E289: 205147.39 | F289: Prefabricados
A290: 287 | B290: B0014740 | C290: gl | D290: Pintura acrílica pura para demarcacion vial. | E290: 143954.78 | F290: Señalización y seguridad vial
A291: 288 | B291: B0014750 | C291: gl | D291: Pintura acrílica, esmalte o similar | E291: 75000 | F291: Aditivos y adhesivos
... A486: 483 | B486: MP0040 | C486: u | D486: Lampara alumbrado Publico - Luz Solar De Calle Led De 30 W Ip65 Resistente Al Agua Luz B | E486: 970000 | F486: PROPIOS - RED ELECTRICA
A487: 484 | B487: MP0041
A488: 485 | B488: MP0042 | C488: m | D488: Tubería pf + uad de 1/2" | E488: 2900 | F488: PROPIOS -RED HIDROSANITARIA
A489: 486 | B489: MP0043 | C489: u | D489: Collar de derivación en hd 2"x½" Para Tubería pf + uad de 1/2" | E489: 24100 | F489: PROPIOS -RED HIDROSANITARIA
A490: 487 | B490: MP0044 | C490: u | D490: Adaptadores (macho, hembra, acoples tapon) de Tubería pf + uad de 1/2" | E490: 1050 | F490: PROPIOS -RED HIDROSANITARIA
A491: 488 | B491: MP0045 | C491: m | D491: Tubería pead corrugada estructural D=150 mms | E491: 34285.44 | F491: PROPIOS -RED HIDROSANITARIA
A492: 489 | B492: MP0046 | C492: m | D492: Cinta Peligro de 70 mm | E492: 223.5 | F492: PROPIOS -RED HIDROSANITARIA
A493: 490 | B493: MP0047 | C493: u | D493: Silla Yee Pvc Novafort de 200 x 160 m.m. | E493: 93561.6 | F493: PROPIOS -RED HIDROSANITARIA
A494: 491 | B494: MP0048 | C494: kg | D494: Soldadura PVC | E494: 97724 | F494: PROPIOS -RED HIDROSANITARIA
A495: 492 | B495: MP0049 | C495: m3 | D495: Arena de sello (fina) | E495: 68898.009 | F495: PROPIOS -RED HIDROSANITARIA
A496: 493 | B496: MP0050 | C496: u | D496: Codos pvc 1/2" | E496: 696 | F496: PROPIOS -RED HIDROSANITARIA
A497: 494 | B497: MP0051 | C497: u | D497: Union pvc 1/2" | E497: 450 | F497: PROPIOS -RED HIDROSANITARIA
A498: 495 | B498: MP0052 | C498: u | D498: Tapon pvc 1/2" | E498: 350 | F498: PROPIOS -RED HIDROSANITARIA
A499: 496 | B499: MP0053 | C499: u | D499: Teflon | E499: 100 | F499: PROPIOS -RED HIDROSANITARIA
... A518: 515 | B518: MP0072 | C518: m | D518: Tuberia de PVC con sistema de unión mecanica, de pared interior lisa y exterior corrugada, de diametro 4" (100 mm). | E518: 18241.813 | F518: PROPIOS -RED HIDROSANITARIA
A519: 516 | B519: MP0073 | D519: Tuberia de PVC con sistema de unión mecanica, de pared interior lisa y exterior corrugada, de diametro 6" (160 mm). | E519: 35629.44 | F519: PROPIOS -RED HIDROSANITARIA
A520: 517 | B520: MP0074 | C520: m | D520: Tuberia de PVC con sistema de unión mecanica, de pared interior lisa y exterior corrugada, de diametro 8" (200 mm). | E520: 48658.773 | F520: PROPIOS -RED HIDROSANITARIA
A521: 518 | B521: MP0075 | D521: Tuberia de PVC con sistema de unión mecanica, de pared interior lisa y exterior corrugada, de diametro 10" (250 mm). | E521: 71068.667 | F521: PROPIOS -RED HIDROSANITARIA
A522: 519 | B522: MP0076 | C522: u | D522: Tuberia de PVC con sistema de unión mecanica, de pared interior lisa y exterior corrugada, de diametro 18" (450 mm). | E522: 237841.33 | F522: PROPIOS -RED HIDROSANITARIA
A523: 520 | B523: MP0077 | C523: u | D523: Tapón De Prueba 2 Sanitaria | E523: 2300 | F523: PROPIOS -RED HIDROSANITARIA
A524: 521 | B524: MP0078 | C524: u | D524: Sanitarios, color blanco, Incluye griferia | E524: 250000 | F524: PROPIOS -RED HIDROSANITARIA
A525: 522 | B525: MP0079 | C525: kg | D525: Cemento Blanco | E525: 2400 | F525: PROPIOS -RED HIDROSANITARIA
A526: 523 | B526: MP0080 | C526: u | D526: lavamanos de Pedestal, color blanco, incluye griferia | E526: 225000 | F526: PROPIOS -RED HIDROSANITARIA
A527: 524 | B527: MP0081 | C527: u | D527: Orinal Petite con grifería de porcelana | E527: 350000 | F527: PROPIOS -RED HIDROSANITARIA
A528: 525 | B528: MP0082 | C528: u | D528: Tanque 500 Litros incluye accesorios | E528: 475000 | F528: PROPIOS -RED HIDROSANITARIA
A529: 526 | B529: MP0083 | C529: m | D529: Tubería hidráulica de ½” | E529: 3500 | F529: PROPIOS -RED HIDROSANITARIA
A530: 527 | B530: MP0084 | C530: m | D530: Tubería hidráulica de ¾” | E530: 7000 | F530: PROPIOS -RED HIDROSANITARIA
A531: 528 | B531: MP0085 | C531: u | D531: Codo 90 x 3/4 Presión | E531: 1500 | F531: PROPIOS -RED HIDROSANITARIA
A532: 529 | B532: MP0086 | C532: u | D532: Valvula PVC 3/4-pulg Lisa 235Psi | E532: 8000 | F532: PROPIOS -RED HIDROSANITARIA
A533: 530 | B533: MP0087 | C533: u | D533: Válvula pvc 1/2 pulgadas lisa 235 psi | E533: 6000 | F533: PROPIOS -RED HIDROSANITARIA
... A606: 603 | B606: MP0160 | C606: u | D606: Planta trinitaria Enana o similar en bolsa No 25. | E606: 30000 | F606: PROPIOS - VEJETACION
A607: 604 | B607: MP0161 | C607: m3 | D607: Concreto Ciclopeo 60% concreto 3000 psi, 40% Piedra | E607: =1.1*((0.4*E287)+(0.6*E121)) -> #REF! | F607: Morteros, Concreto estructural y pavimento hidraulico
A608: 605 | B608: MP0162 | C608: dia | D608: Motocicleta 125 cc Con combustible | E608: 700000 | F608: Propios

Sheet TRANSPORTE
B2: =PRESUPUESTO!B1 -> Proyecto: Recuperación De Cobertura Vegetal El Corregimiento De Doña María Del Municipio De Fundación
B3: LISTADO DE TRANSPORTE
B4: # | C4: Código | D4: unidad | E4: Insumo | F4: Precio ($ COP)
B5: 1 | C5: T0100002 | D5: kg-km | E5: Transporte de acero | F5: 0.78958663
B6: 2 | C6: T0010001 | D6: t-km | E6: Transporte de acero | F6: 950
B7: 3 | C7: T0010011 | D7: m3-km | E7: Transporte de adoquín e=8cm | F7: 1175
B8: 4 | C8: T0010400 | D8: m3-km | E8: Transporte de agregados | F8: 850
B9: 5 | C9: T0010004 | D9: m3-km | E9: Transporte de arena | F9: 1500
B10: 6 | C10: T0010053 | D10: m3-km | E10: Transporte de barrera de seguridad en concreto | F10: 750
B11: 7 | C11: T0010550 | D11: kg-km | E11: Transporte de cal | F11: 1.0149106
B12: 8 | C12: T0015011 | D12: kg-km | E12: Transporte de cemento asfáltico | F12: 1.0149106
B13: 9 | C13: T0010500 | D13: kg-km | E13: Transporte de cemento hidráulico | F13: 1.0149106
B14: 10 | C14: T0010009 | D14: m3-km | E14: Transporte de concreto | F14: 1438.9968
B15: 11 | C15: T0010120 | D15: m3-km | E15: Transporte de emulsión asfáltica | F15: 1.4208749
B16: 12 | C16: T0010160 | D16: kg-km | E16: Transporte de estructuras metálicas | F16: 1.453945
... B41: 37 | C41: T0100005 | D41: m3-km | E41: Transporte de mezcla asfáltica natural | F41: 1.3485057

Sheet EQUIPOS
B1: =PRESUPUESTO!B1 -> Proyecto: Recuperación De Cobertura Vegetal El Corregimiento De Doña María Del Municipio De Fundación
B2: LISTADO DE EQUIPOS
B3: # | C3: Código | D3: unidad | E3: Insumo | F3: CLASIFICACIÓN | G3: Precio ($ COP)
B4: 1 | C4: C0010011 | D4: u | E4: Andamiaje para aplicar la carga (Equipo sustituto de la tara) | F4: Mixto - Herramienta menor | G4: 67939.157
B5: 2 | C5: C0010010 | D5: h | E5: Aspersor manual de 20 litros | F5: Mixto - Herramienta menor | G5: 4649.1277
B6: 3 | C6: C0010015 | D6: h | E6: Astilladora de madera para triturar, potencia aproximada 75 HP | F6: Mixto - Herramienta menor | G6: 88193.143
B7: 4 | C7: C0010600 | D7: h | E7: Motobomba de concreto | F7: Concreto y mortero | G7: 83873.124
B8: 5 | C8: C0010020 | D8: h | E8: Barredora de succión, almacenamiento aproximado 6 m3 | F8: Mixto - Herramienta menor | G8: 105035.85
B9: 6 | C9: C0010030 | D9: h | E9: Bomba de concreto, producción: 30 m3/h- 50 m3/h | F9: Concreto y mortero | G9: 80527.484
B10: 7 | C10: C0010040 | D10: h | E10: Bomba de inyección de lechada | F10: Concreto y mortero | G10: 24737.951
B11: 8 | C11: C0010034 | D11: h | E11: Bomba eléctrica para accionar la celda especial de carga | F11: Mixto - Herramienta menor | G11: 98435.235
B12: 9 | C12: C0010050 | D12: h | E12: Bomba para gato de tensionamiento (fuerza máxima 300 toneladas) | F12: Mixto - Herramienta menor | G12: 76911.496
B13: 10 | C13: C0010053 | D13: h | E13: Buldozer potencia al volante de 305 HP, motor de 2100 RPM, longitud de hoja 6,39m | F13: Movimiento de tierra | G13: 214950.41
B14: 11 | C14: C0010052 | D14: h | E14: Buldozer, potencia al volante de 140 HP, motor de 2200 RPM, longitud de hoja 4,80m | F14: Movimiento de tierra | G14: 194918.98
B15: 12 | C15: C0010051 | D15: h | E15: Buldozer, Potencia al volante de 80 HP, motor de 2400 RPM, longitud de hoja 3,99m | F15: Movimiento de tierra | G15: 144180.36
... B160: 157 | C160: EQUIALGA10 | D160: dia | E160: GPS Submetrico con Wi-Fi, BLUETOOTH, ANT+ | F160: PROPIOS | G160: 50000

Sheet MATERIALE2
B2: =PRESUPUESTO!B1 -> Proyecto: Recuperación De Cobertura Vegetal El Corregimiento De Doña María Del Municipio De Fundación
B4: ANALISIS DE COSTOS
B6: Item | C6: Descripción | D6: Und | E6: Cantidad | F6: COTIZACIÓN 1 | G6: COTIZACIÓN 2 | H6: PROMEDIO
B7: 1 | C7: Cal Agrícola | D7: Kilo | E7: 1 | F7: 180 | G7: 220 | H7: =+(F7+G7)/2 -> 200
B8: 2 | C8: Fertilizante triple 15-15-15 | D8: Kilo | E8: 1 | F8: 1600 | G8: 2000 | H8: =+(F8+G8)/2 -> 1800
B9: =+B8+1 -> 3 | C9: Gallinaza | D9: Kilo | E9: 1 | F9: 80 | G9: 680 | H9: =+(F9+G9)/2 -> 380
B10: =+B9+1 -> 4 | C10: Lorsban polvo | D10: Litro | E10: 1 | F10: 5700 | G10: 6300 | H10: =+(F10+G10)/2 -> 6000
B11: =+B10+1 -> 5 | C11: Postes tres caras para cerca | D11: Unidad | E11: 1 | F11: 9700 | G11: 10300 | H11: =+(F11+G11)/2 -> 10000
B12: =+B11+1 -> 6 | C12: Postes Pieamigo | D12: Unidad | E12: 1 | F12: 9700 | G12: 10300 | H12: =+(F12+G12)/2 -> 10000
B13: =+B12+1 -> 7 | C13: Alambre de pua calibre 12.5 | D13: Rollo | E13: 1 | F13: 119700 | G13: 120300 | H13: =+(F13+G13)/2 -> 120000
B14: =+B13+1 -> 8 | C14: Grapas de 1" | D14: Kilo | E14: 1 | F14: 5700 | G14: 6300 | H14: =+(F14+G14)/2 -> 6000
B15: 9 | C15: Herbicida sistemico selectivo | D15: Litro | E15: 1 | F15: 14700 | G15: 15300 | H15: =+(F15+G15)/2 -> 15000
B16: 10 | C16: Ráfaga | D16: Litro | E16: 1 | F16: 19700 | G16: 20300 | H16: =+(F16+G16)/2 -> 20000

Sheet H.E
B3: =PRESUPUESTO!B1 -> Proyecto: Recuperación De Cobertura Vegetal El Corregimiento De Doña María Del Municipio De Fundación
B4: CALCULO DE LAS HORAS EFECTIVAS TRABAJADAS
B6: SMMLV | C6: =F.P!C8 -> 1423500
B7: Auxilio de Transporte | C7: =F.P!C9 -> 200000 | D7: =C7/C6 -> 0.14049877 | E7: del | F7: SMMLV | G7: =F.P!B8 -> 2025
B9: (B) AUX. TRANS MES | C9: =F.P!C9 -> 200000 | D9: =C9 -> 200000 | E9: =D9 -> 200000 | F9: =E9 -> 200000 | G9: =F9 -> 200000 | H9: 0 | I9: 0 | J9: 0 | K9: 0
B10: (A) SALARIO MES | C10: =ROUND($C$6*C12,0) -> 1423500 | D10: =ROUND($C$6*D12,0) -> 1708200 | E10: =ROUND($C$6*E12,0) -> 2135250 | F10: =ROUND($C$6*F12,0) -> 2562300 | G10: =ROUND($C$6*G12,0) -> 2847000 | H10: =ROUND($C$6*H12,0) -> 3558750 | I10: =ROUND($C$6*I12,0) -> 4270500 | J10: =ROUND($C$6*J12,0) -> 4982250 | K10: =ROUND($C$6*K12,0) -> 5694000
B12: SALARIO ANUAL SMMLV | C12: 1 | D12: 1.2 | E12: 1.5 | F12: 1.8 | G12: 2 | H12: 2.5 | I12: 3 | J12: 3.5 | K12: 4
B14: SUELDO ANUAL (Ax 12) | C14: =+ROUND(C10*12,0) -> 17082000 | D14: =+ROUND(D10*12,0) -> 20498400 | E14: =+ROUND(E10*12,0) -> 25623000 | F14: =+ROUND(F10*12,0) -> 30747600 | G14: =+ROUND(G10*12,0) -> 34164000 | H14: =+ROUND(H10*12,0) -> 42705000 | I14: =+ROUND(I10*12,0) -> 51246000 | J14: =+ROUND(J10*12,0) -> 59787000 | K14: =+ROUND(K10*12,0) -> 68328000
B15: AUX. TRANS ANUAL SIN DESC (B*12) | C15: =+C9*12 -> 2400000 | D15: =+D9*12 -> 2400000 | E15: =+E9*12 -> 2400000 | F15: =+F9*12 -> 2400000 | G15: =+G9*12 -> 2400000 | H15: =+H9*12 -> 0 | I15: =+I9*12 -> 0 | J15: =+J9*12 -> 0 | K15: =+K9*12 -> 0
B17: (C ) CESANTÍAS (A*12*8.33%) | C17: =+ROUND((C14)*F.P!$F$16,0) -> 1423500 | D17: =+ROUND((D14)*F.P!$F$16,0) -> 1708200 | E17: =+ROUND((E14)*F.P!$F$16,0) -> 2135250 | F17: =+ROUND((F14)*F.P!$F$16,0) -> 2562300 | G17: =+ROUND((G14)*F.P!$F$16,0) -> 2847000 | H17: =+ROUND((H14)*F.P!$F$16,0) -> 3558750 | I17: =+ROUND((I14)*F.P!$F$16,0) -> 4270500 | J17: =+ROUND((J14)*F.P!$F$16,0) -> 4982250 | K17: =+ROUND((K14)*F.P!$F$16,0) -> 5694000
B18: INTERES DE CESANTIA ( A*12*1%) | C18: =+ROUND((C14)*F.P!$F$17,0) -> 170820 | D18: =+ROUND((D14)*F.P!$F$17,0) -> 204984 | E18: =+ROUND((E14)*F.P!$F$17,0) -> 256230 | F18: =+ROUND((F14)*F.P!$F$17,0) -> 307476 | G18: =+ROUND((G14)*F.P!$F$17,0) -> 341640 | H18: =+ROUND((H14)*F.P!$F$17,0) -> 427050 | I18: =+ROUND((I14)*F.P!$F$17,0) -> 512460 | J18: =+ROUND((J14)*F.P!$F$17,0) -> 597870 | K18: =+ROUND((K14)*F.P!$F$17,0) -> 683280
B19: VACACIONES (A*12*4.17%) | C19: =+ROUND((C14)*F.P!$F$18,0) -> 711750 | D19: =+ROUND((D14)*F.P!$F$18,0) -> 854100 | E19: =+ROUND((E14)*F.P!$F$18,0) -> 1067625 | F19: =+ROUND((F14)*F.P!$F$18,0) -> 1281150 | G19: =+ROUND((G14)*F.P!$F$18,0) -> 1423500 | H19: =+ROUND((H14)*F.P!$F$18,0) -> 1779375 | I19: =+ROUND((I14)*F.P!$F$18,0) -> 2135250 | J19: =+ROUND((J14)*F.P!$F$18,0) -> 2491125 | K19: =+ROUND((K14)*F.P!$F$18,0) -> 2847000
B20: PRIMA (A*12*8.33%) | C20: =+ROUND((C14)*F.P!$F$19,0) -> 1423500 | D20: =+ROUND((D14)*F.P!$F$19,0) -> 1708200 | E20: =+ROUND((E14)*F.P!$F$19,0) -> 2135250 | F20: =+ROUND((F14)*F.P!$F$19,0) -> 2562300 | G20: =+ROUND((G14)*F.P!$F$19,0) -> 2847000 | H20: =+ROUND((H14)*F.P!$F$19,0) -> 3558750 | I20: =+ROUND((I14)*F.P!$F$19,0) -> 4270500 | J20: =+ROUND((J14)*F.P!$F$19,0) -> 4982250 | K20: =+ROUND((K14)*F.P!$F$19,0) -> 5694000
B22: Dotacion (Botas, overol y camiza) | C22: =F.P!$D$22 -> 370000 | D22: =F.P!$D$22 -> 370000 | E22: =F.P!$D$22 -> 370000 | F22: =F.P!$D$22 -> 370000 | G22: =F.P!$D$22 -> 370000 | H22: 0 | I22: 0 | J22: 0 | K22: 0
B23: Implementos seguridad industrial | C23: =F.P!$D$23 -> 817932.8 | D23: =F.P!$D$23 -> 817932.8 | E23: =F.P!$D$23 -> 817932.8 | F23: =F.P!$D$23 -> 817932.8 | G23: =F.P!$D$23 -> 817932.8 | H23: =F.P!$D$23 -> 817932.8 | I23: =F.P!$D$23 -> 817932.8 | J23: =F.P!$D$23 -> 817932.8 | K23: =F.P!$D$23 -> 817932.8
B24: Seguro Colectivo | C24: =F.P!$D$24 -> 854100 | D24: =F.P!$D$24 -> 854100 | E24: =F.P!$D$24 -> 854100 | F24: =F.P!$D$24 -> 854100 | G24: =F.P!$D$24 -> 854100 | H24: =F.P!$D$24 -> 854100 | I24: =F.P!$D$24 -> 854100 | J24: =F.P!$D$24 -> 854100 | K24: =F.P!$D$24 -> 854100
B25: Examenes medicos (A*12*0,77%) | C25: =F.P!$D$25 -> 120000 | D25: =F.P!$D$25 -> 120000 | E25: =F.P!$D$25 -> 120000 | F25: =F.P!$D$25 -> 120000 | G25: =F.P!$D$25 -> 120000 | H25: =F.P!$D$25 -> 120000 | I25: =F.P!$D$25 -> 120000 | J25: =F.P!$D$25 -> 120000 | K25: =F.P!$D$25 -> 120000
B27: PENSIÓN (A*12*12%) | C27: =+ROUND(C14*F.P!$F$28,0) -> 2049840 | D27: =+ROUND(D14*F.P!$F$28,0) -> 2459808 | E27: =+ROUND(E14*F.P!$F$28,0) -> 3074760 | F27: =+ROUND(F14*F.P!$F$28,0) -> 3689712 | G27: =+ROUND(G14*F.P!$F$28,0) -> 4099680 | H27: =+ROUND(H14*F.P!$F$28,0) -> 5124600 | I27: =+ROUND(I14*F.P!$F$28,0) -> 6149520 | J27: =+ROUND(J14*F.P!$F$28,0) -> 7174440 | K27: =+ROUND(K14*F.P!$F$28,0) -> 8199360
B28: Medicina Familiar (A*12*8.5%) | C28: =+ROUND(C14*F.P!$F$29,0) -> 1451970 | D28: =+ROUND(D14*F.P!$F$29,0) -> 1742364 | E28: =+ROUND(E14*F.P!$F$29,0) -> 2177955 | F28: =+ROUND(F14*F.P!$F$29,0) -> 2613546 | G28: =+ROUND(G14*F.P!$F$29,0) -> 2903940 | H28: =+ROUND(H14*F.P!$F$29,0) -> 3629925 | I28: =+ROUND(I14*F.P!$F$29,0) -> 4355910 | J28: =+ROUND(J14*F.P!$F$29,0) -> 5081895 | K28: =+ROUND(K14*F.P!$F$29,0) -> 5807880
B29: RIESGOS PROFESIONALES (A*12*6,96%) | C29: =+ROUND((C14)*F.P!$F$30,0) -> 1188907 | D29: =+ROUND((D14)*F.P!$F$30,0) -> 1426689 | E29: =+ROUND((E14)*F.P!$F$30,0) -> 1783361 | F29: =+ROUND((F14)*F.P!$F$30,0) -> 2140033 | G29: =+ROUND((G14)*F.P!$F$30,0) -> 2377814 | H29: =+ROUND((H14)*F.P!$F$30,0) -> 2972268 | I29: =+ROUND((I14)*F.P!$F$30,0) -> 3566722 | J29: =+ROUND((J14)*F.P!$F$30,0) -> 4161175 | K29: =+ROUND((K14)*F.P!$F$30,0) -> 4755629
B31: CAJA DE COMPENSACIÓN (A*12*4%) | C31: =+ROUND((C14)*F.P!$F$33,0) -> 683280 | D31: =+ROUND((D14)*F.P!$F$33,0) -> 819936 | E31: =+ROUND((E14)*F.P!$F$33,0) -> 1024920 | F31: =+ROUND((F14)*F.P!$F$33,0) -> 1229904 | G31: =+ROUND((G14)*F.P!$F$33,0) -> 1366560 | H31: =+ROUND((H14)*F.P!$F$33,0) -> 1708200 | I31: =+ROUND((I14)*F.P!$F$33,0) -> 2049840 | J31: =+ROUND((J14)*F.P!$F$33,0) -> 2391480 | K31: =+ROUND((K14)*F.P!$F$33,0) -> 2733120
B32: APORTES SENA (A*12*3%) | C32: =+ROUND((C14)*F.P!$F$34,0) -> 512460 | D32: =+ROUND((D14)*F.P!$F$34,0) -> 614952 | E32: =+ROUND((E14)*F.P!$F$34,0) -> 768690 | F32: =+ROUND((F14)*F.P!$F$34,0) -> 922428 | G32: =+ROUND((G14)*F.P!$F$34,0) -> 1024920 | H32: =+ROUND((H14)*F.P!$F$34,0) -> 1281150 | I32: =+ROUND((I14)*F.P!$F$34,0) -> 1537380 | J32: =+ROUND((J14)*F.P!$F$34,0) -> 1793610 | K32: =+ROUND((K14)*F.P!$F$34,0) -> 2049840
B33: F.I.C APORTES SENA (A*12*2%) | C33: =+ROUND((C14)*F.P!$F$35,0) -> 341640 | D33: =+ROUND((D14)*F.P!$F$35,0) -> 409968 | E33: =+ROUND((E14)*F.P!$F$35,0) -> 512460 | F33: =+ROUND((F14)*F.P!$F$35,0) -> 614952 | G33: =+ROUND((G14)*F.P!$F$35,0) -> 683280 | H33: =+ROUND((H14)*F.P!$F$35,0) -> 854100 | I33: =+ROUND((I14)*F.P!$F$35,0) -> 1024920 | J33: =+ROUND((J14)*F.P!$F$35,0) -> 1195740 | K33: =+ROUND((K14)*F.P!$F$35,0) -> 1366560
B38: TOTAL (X) | C38: =SUM(C14:C33) -> 31601700 | D38: =SUM(D14:D22) -> 27743884 | E38: =SUM(E14:E22) -> 33987355 | F38: =SUM(F14:F22) -> 40230826 | G38: =SUM(G14:G22) -> 44393140 | H38: =SUM(H14:H22) -> 52028925 | I38: =SUM(I14:I22) -> 62434710 | J38: =SUM(J14:J22) -> 72840495 | K38: =SUM(K14:K22) -> 83246280
B39: FACTOR PRESTACION | C39: =(SUM(C15:C33))/C14 -> 0.84999999 | D39: =(SUM(D15:D33))/D14 -> 0.80548891 | E39: =(SUM(E15:E33))/E14 -> 0.76097779 | F39: =(SUM(F15:F33))/F14 -> 0.73130371 | G39: =(SUM(G15:G33))/G14 -> 0.71646665 | H39: =(SUM(H15:H33))/H14 -> 0.6248964 | I39: =(SUM(I15:I33))/I14 -> 0.61790256 | J39: =(SUM(J15:J33))/J14 -> 0.61290695 | K39: =(SUM(K15:K33))/K14 -> 0.60916025
B40: SALARIO NOMINAL
B41: ANUAL + TRANSP | C41: =+C15+C14 -> 19482000 | D41: =+D15+D14 -> 22898400 | E41: =+E15+E14 -> 28023000 | F41: =+F15+F14 -> 33147600 | G41: =+G15+G14 -> 36564000 | H41: =+H15+H14 -> 42705000 | I41: =+I15+I14 -> 51246000 | J41: =+J15+J14 -> 59787000 | K41: =+K15+K14 -> 68328000
B42: MENSUAL + TRANSP | C42: =+C9+C10 -> 1623500 | D42: =+D9+D10 -> 1908200 | E42: =+E9+E10 -> 2335250 | F42: =+F9+F10 -> 2762300 | G42: =+G9+G10 -> 3047000 | H42: =+H9+H10 -> 3558750 | I42: =+I9+I10 -> 4270500 | J42: =+J9+J10 -> 4982250 | K42: =+K9+K10 -> 5694000
B43: DÍA PROM CON TRANSP | C43: =+C42/30 -> 54116.667 | D43: =+D42/30 -> 63606.667 | E43: =+E42/30 -> 77841.667 | F43: =+F42/30 -> 92076.667 | G43: =+G42/30 -> 101566.67 | H43: =+H42/30 -> 118625 | I43: =+I42/30 -> 142350 | J43: =+J42/30 -> 166075 | K43: =+K42/30 -> 189800
B44: HORA PROM CON TRANSP | C44: =+ROUND(C43/8,0) -> 6765 | D44: =+ROUND(D43/8,0) -> 7951 | E44: =+ROUND(E43/8,0) -> 9730 | F44: =+ROUND(F43/8,0) -> 11510 | G44: =+ROUND(G43/8,0) -> 12696 | H44: =+ROUND(H43/8,0) -> 14828 | I44: =+ROUND(I43/8,0) -> 17794 | J44: =+ROUND(J43/8,0) -> 20759 | K44: =+ROUND(K43/8,0) -> 23725
B47: CÁLCULO DEL SOBRECOSTO PARA HORAS EFECTIVAS TRABAJADAS
B48: (F) SALARIO MÍNIMO ANUAL CON PRESTACIONES | D48: =+C38 -> 31601700
B49: (G) HORAS CALENDARIO ANUALES | C49: 360x8 HORAS | D49: =360*8 -> 2880
B50: (H) HORAS LABORALESANUALES | C50: 52 SEMANAS X48 HORAS | D50: =48*52 -> 2496
B51: (I) HORAS EFECTIVAS ANUALES | C51: 2920-((52DOMINGOS+15 FESTIVOS+3PERMISOS+15DIAS VACACIONES)X8 HORAS) | D51: =2920-((52+15+3+15)*8) -> 2240
B52: (J) VALOR HORA CALENDARIO (F/G) | D52: =+D48/D49 -> 10972.812 | E52: 1
B53: (K) VALOR HORA LABORAL (F/H) | D53: =+D48/D50 -> 12660.937 | E53: =+(D53*E52)/D52 -> 1.1538462
B54: (L) VALOR HORA EFECTIVA (F/I) | D54: =+D48/D51 -> 14107.902 | E54: =+(D54*E53)/D53 -> 1.2857143
B56: SALARIO ANUAL SMMLV | C56: 1 | D56: 1.2 | E56: 1.5 | F56: 1.8 | G56: 2 | H56: 2.5 | I56: 3 | J56: 3.5 | K56: 4
B57: PORCENTAJE SALARIO VS SALARIO MÁS ADICIONES ((TOTAL ANUALX100%)/(SUELDO ANUAL+AUXILIO TRANSPORTE ANUAL) | C57: =+(C38*100%)/(C15+C14) -> 1.6220973 | D57: =+(D38*100%)/(D15+D14) -> 1.211608 | E57: =+(E38*100%)/(E15+E14) -> 1.2128378 | F57: =+(F38*100%)/(F15+F14) -> 1.2136874 | G57: =+(G38*100%)/(G15+G14) -> 1.2141215 | H57: =+(H38*100%)/(H15+H14) -> 1.2183333 | I57: =+(I38*100%)/(I15+I14) -> 1.2183333 | J57: =+(J38*100%)/(J15+J14) -> 1.2183333 | K57: =+(K38*100%)/(K15+K14) -> 1.2183333
B58: PORCENTAJE HORA EFECTIVA BASE HORA CALENDARIO | C58: =+C57*$E$54 -> 2.0855537 | D58: =+D57*$E$54 -> 1.5577817 | E58: =+E57*$E$54 -> 1.5593629 | F58: =+F57*$E$54 -> 1.5604553 | G58: =+G57*$E$54 -> 1.5610134 | H58: =+H57*$E$54 -> 1.5664286 | I58: =+I57*$E$54 -> 1.5664286 | J58: =+J57*$E$54 -> 1.5664286 | K58: =+K57*$E$54 -> 1.5664286
B63: SUELDOS Y PARAFISCALES PERSONAL DE OBRA POR ADMINISTRACIÓN
C65: DIRECTOR DE OBRA | D65: RESIDENTE DE OBRA | E65: ALMACENISTA | F65: VIGILANTE | G65: COMISION TOPOGRÁFICA
G66: TOPÓGRAFO | H66: EJERO O CADENERO | I66: ALQUILER EQUIPO
C67: 10 | D67: 5.5 | E67: 1.8 | F67: 1.2 | G67: 3 | H67: 1.8 | I67: 250000
B68: SALARIO ANUAL SMMLV | C68: 4.5 | D68: 2.8 | E68: 1.5 | F68: 1.2 | G68: 1 | H68: 1
B69: AUX. TRANS ANUAL SIN DESC (B*12) | C69: 1 | D69: =+D70*12 -> 0 | E69: =+E70*12 -> 932400 | F69: =+F70*12 -> 932400 | G69: =+G70*12 -> 932400 | H69: =+H70*12 -> 932400
B70: (B) AUX. TRANS MES | C70: 0 | D70: 0 | E70: 77700 | F70: 77700 | G70: 77700 | H70: 77700
B71: (A) SALARIO MES | C71: =ROUND(689455*C68,0) -> 3102548 | D71: =ROUND(689455*D68,0) -> 1930474 | E71: =ROUND(689455*E68,0) -> 1034183 | F71: =ROUND(689455*F68,0) -> 827346 | G71: =ROUND(689455*G68,0) -> 689455 | H71: =ROUND(689455*H68,0) -> 689455
B72: SUELDO ANUAL (Ax 12) | C72: =+ROUND(C71*12,0) -> 37230576 | D72: =+ROUND(D71*12,0) -> 23165688 | E72: =+ROUND(E71*12,0) -> 12410196 | F72: =+ROUND(F71*12,0) -> 9928152 | G72: =+ROUND(G71*12,0) -> 8273460 | H72: =+ROUND(H71*12,0) -> 8273460
B73: (C ) CESANTÍAS (A+B)*10% | C73: =+ROUND((C72+C69)*0.1,0) -> 3723058 | D73: =+ROUND((D72+D69)*0.1,0) -> 2316569 | E73: =+ROUND((E72+E69)*0.1,0) -> 1334260 | F73: =+ROUND((F72+F69)*0.1,0) -> 1086055 | G73: =+ROUND((G72+G69)*0.1,0) -> 920586 | H73: =+ROUND((H72+H69)*0.1,0) -> 920586
B74: VACACIONES (A+B) | C74: =+ROUND(C71/2,0) -> 1551274 | D74: =+ROUND(D71/2,0) -> 965237 | E74: =+ROUND(E71/2,0) -> 517092 | F74: =+ROUND(F71/2,0) -> 413673 | G74: =+ROUND(G71/2,0) -> 344728 | H74: =+ROUND(H71/2,0) -> 344728
B75: PRIMA (A+B) | C75: =+C71+C70 -> 3102548 | D75: =+D71+D70 -> 1930474 | E75: =+E71+E70 -> 1111883 | F75: =+F71+F70 -> 905046 | G75: =+G71+G70 -> 767155 | H75: =+H71+H70 -> 767155
B76: INTERÉS DE CESANTIA (CX12%) | C76: =+ROUND(C73*(1%*12),0) -> 446767 | D76: =+ROUND(D73*(1%*12),0) -> 277988 | E76: =+ROUND(E73*(1%*12),0) -> 160111 | F76: =+ROUND(F73*(1%*12),0) -> 130327 | G76: =+ROUND(G73*(1%*12),0) -> 110470 | H76: =+ROUND(H73*(1%*12),0) -> 110470
B77: FONDO FORMACIÓN PROFESIONAL DEL SENA (A+12/40) | C77: =+ROUND((689455*12)/40,0) -> 206837 | D77: =+ROUND((689455*12)/40,0) -> 206837 | E77: =+ROUND((689455*12)/40,0) -> 206837 | F77: =+ROUND((689455*12)/40,0) -> 206837 | G77: =+ROUND((689455*12)/40,0) -> 206837 | H77: =+ROUND((689455*12)/40,0) -> 206837
B78: AUX. TRANSP CON DESC (B/30)-(360-18) | C78: =(C70/30)*(360-18) -> 0 | D78: =(D70/30)*(360-18) -> 0 | E78: =(E70/30)*(360-18) -> 885780 | F78: =(F70/30)*(360-18) -> 885780 | G78: =(G70/30)*(360-18) -> 885780 | H78: =(H70/30)*(360-18) -> 885780
B79: SALUD, ENFERMEDAD GENERAL Y MUERTE SEGÚN CREE | C79: 0 | D79: 0 | E79: 0 | F79: 0 | G79: 0 | H79: 0
B80: PENSIÓN ((A*12)*12%) | C80: =+ROUND(C72*12%,0) -> 4467669 | D80: =+ROUND(D72*12%,0) -> 2779883 | E80: =+ROUND(E72*12%,0) -> 1489224 | F80: =+ROUND(F72*12%,0) -> 1191378 | G80: =+ROUND(G72*12%,0) -> 992815 | H80: =+ROUND(H72*12%,0) -> 992815
B81: RIESGOS PROFESIONALES ((A*12)*6,96) | C81: =+ROUND((C71*12)*6.96%,0) -> 2591248 | D81: =+ROUND((D71*12)*6.96%,0) -> 1612332 | E81: =+ROUND((E71*12)*6.96%,0) -> 863750 | F81: =+ROUND((F71*12)*6.96%,0) -> 690999 | G81: =+ROUND((G71*12)*6.96%,0) -> 575833 | H81: =+ROUND((H71*12)*6.96%,0) -> 575833
B82: CAJA DE COMPENSACIÓN (A*12)*4%) | C82: =+ROUND((C71*12)*4%,0) -> 1489223 | D82: =+ROUND((D71*12)*4%,0) -> 926628 | E82: =+ROUND((E71*12)*4%,0) -> 496408 | F82: =+ROUND((F71*12)*4%,0) -> 397126 | G82: =+ROUND((G71*12)*4%,0) -> 330938 | H82: =+ROUND((H71*12)*4%,0) -> 330938
B83: SENA SEGÚN CREE | C83: 0 | D83: 0 | E83: 0 | F83: 0 | G83: 0 | H83: 0
B84: ICBF SEGÚN CREE | C84: 0 | D84: 0 | E84: 0 | F84: 0 | G84: 0 | H84: 0
B85: DOTACIÓN | C85: 0 | D85: 0 | E85: 405900 | F85: 405900 | G85: 405900 | H85: 405900
B86: EXAMEN MÉDICO | C86: 336280 | D86: 336280 | E86: 336280 | F86: 336280 | G86: 336280 | H86: 336280
B87: TOTAL (X) | C87: =SUM(C72:C86)-6 -> 55145474 | D87: =SUM(D72:D86)+3 -> 34517919 | E87: =SUM(E72:E86) -> 20217721 | F87: =SUM(F72:F86) -> 16577553 | G87: =SUM(G72:G86) -> 14150782 | H87: =SUM(H72:H86) -> 14150782 | I87: =+I67*12 -> 3000000
B88: TOTAL MES | C88: =ROUND(C87/12,0) -> 4595456 | D88: =D87/12 -> 2876493.2 | E88: =E87/12 -> 1684810.1 | F88: =F87/12 -> 1381462.8 | G88: =G87/12 -> 1179231.8 | H88: =H87/12 -> 1179231.8 | I88: =I87/12 -> 250000
G89: =+G88+H88+I88 -> 2608463.7
C96: RECURSOS HUMANOS | D96: MAESTRO AUXILIAR | E96: CONTRAMAESTRO | F96: EJERO | G96: OFICIALES | H96: AYUDANTES | I96: TECNICO EN SEGURIDAD INDUSTRIAL | J96: AUXILIAR ADMINISTRATIVO | K96: MAESTRO GENERAL
C98: 3.5 | D98: 2 | E98: 1.8 | F98: 1.5 | G98: 2 | H98: 1.2 | I98: 3.5 | J98: 3.5 | K98: 3
B99: SALARIO ANUAL SMMLV | C99: 2.3 | D99: 2 | E99: 1.8 | F99: 1.5 | G99: 2 | H99: 1.2 | I99: 2.3 | J99: 1 | K99: 2.3
B100: AUX TRANS ANUAL SIN DESC (B*12) | C100: =+C101*12 -> 0 | D100: =+D101*12 -> 932400 | E100: =+E101*12 -> 932400 | F100: =+F101*12 -> 932400 | G100: =+G101*12 -> 932400 | H100: =+H101*12 -> 932400 | I100: =+I101*12 -> 0 | J100: =+J101*12 -> 0 | K100: =+K101*12 -> 0
B101: (B) AUX TRANS MES | C101: 0 | D101: 77700 | E101: 77700 | F101: 77700 | G101: 77700 | H101: 77700 | I101: 0 | J101: 0 | K101: 0
B102: (A) SALARIO MES | C102: =ROUND(689455*C99,0) -> 1585747 | D102: =ROUND(689455*D99,0) -> 1378910 | E102: =ROUND(689455*E99,0) -> 1241019 | F102: =ROUND(689455*F99,0) -> 1034183 | G102: =ROUND(689455*G99,0) -> 1378910 | H102: =ROUND(689455*H99,0) -> 827346 | I102: =ROUND(689455*I99,0) -> 1585747 | J102: =ROUND(689455*J99,0) -> 689455 | K102: =ROUND(689455*K99,0) -> 1585747
B103: SUELDO ANUAL (Ax 12) | C103: =+ROUND(C102*12,0) -> 19028964 | D103: =+ROUND(D102*12,0) -> 16546920 | E103: =+ROUND(E102*12,0) -> 14892228 | F103: =+ROUND(F102*12,0) -> 12410196 | G103: =+ROUND(G102*12,0) -> 16546920 | H103: =+ROUND(H102*12,0) -> 9928152 | I103: =+ROUND(I102*12,0) -> 19028964 | J103: =+ROUND(J102*12,0) -> 8273460 | K103: =+ROUND(K102*12,0) -> 19028964
B104: (C ) CESANTÍAS (A+B)*10% | C104: =+ROUND((C103+C100)*0.1,0) -> 1902896 | D104: =+ROUND((D103+D100)*0.1,0) -> 1747932 | E104: =+ROUND((E103+E100)*0.1,0) -> 1582463 | F104: =+ROUND((F103+F100)*0.1,0) -> 1334260 | G104: =+ROUND((G103+G100)*0.1,0) -> 1747932 | H104: =+ROUND((H103+H100)*0.1,0) -> 1086055 | I104: =+ROUND((I103+I100)*0.1,0) -> 1902896 | J104: =+ROUND((J103+J100)*0.1,0) -> 827346 | K104: =+ROUND((K103+K100)*0.1,0) -> 1902896
B105: VACACIONES (A+B) | C105: =+ROUND(C102/2,0) -> 792874 | D105: =+ROUND(D102/2,0) -> 689455 | E105: =+ROUND(E102/2,0) -> 620510 | F105: =+ROUND(F102/2,0) -> 517092 | G105: =+ROUND(G102/2,0) -> 689455 | H105: =+ROUND(H102/2,0) -> 413673 | I105: =+ROUND(I102/2,0) -> 792874 | J105: =+ROUND(J102/2,0) -> 344728 | K105: =+ROUND(K102/2,0) -> 792874
B106: PRIMA (A+B) | C106: =+C102+C101 -> 1585747 | D106: =+D102+D101 -> 1456610 | E106: =+E102+E101 -> 1318719 | F106: =+F102+F101 -> 1111883 | G106: =+G102+G101 -> 1456610 | H106: =+H102+H101 -> 905046 | I106: =+I102+I101 -> 1585747 | J106: =+J102+J101 -> 689455 | K106: =+K102+K101 -> 1585747
B107: INTERÉS DE CESANTIA (CX12%) | C107: =+ROUND(C104*(1%*12),0) -> 228348 | D107: =+ROUND(D104*(1%*12),0) -> 209752 | E107: =+ROUND(E104*(1%*12),0) -> 189896 | F107: =+ROUND(F104*(1%*12),0) -> 160111 | G107: =+ROUND(G104*(1%*12),0) -> 209752 | H107: =+ROUND(H104*(1%*12),0) -> 130327 | I107: =+ROUND(I104*(1%*12),0) -> 228348 | J107: =+ROUND(J104*(1%*12),0) -> 99282 | K107: =+ROUND(K104*(1%*12),0) -> 228348
B108: FONDO FORMACIÓN PROFESIONAL DEL SENA (A+12/40) | C108: =+ROUND((C102*12)/40,0) -> 475724 | D108: =+ROUND((D102*12)/40,0) -> 413673 | E108: =+ROUND((E102*12)/40,0) -> 372306 | F108: =+ROUND((F102*12)/40,0) -> 310255 | G108: =+ROUND((689455*12)/40,0) -> 206837 | H108: =+ROUND((689455*12)/40,0) -> 206837 | I108: =+ROUND((I102*12)/40,0) -> 475724 | J108: =+ROUND((J102*12)/40,0) -> 206837 | K108: =+ROUND((K102*12)/40,0) -> 475724
B109: AUX. TRANSP CON DESC (B/30)-(360-18) | C109: =(C101/30)*(360-18) -> 0 | D109: =(D101/30)*(360-18) -> 885780 | E109: =(E101/30)*(360-18) -> 885780 | F109: =(F101/30)*(360-18) -> 885780 | G109: =(G101/30)*(360-18) -> 885780 | H109: =(H101/30)*(360-18) -> 885780 | I109: =(I101/30)*(360-18) -> 0 | J109: =(J101/30)*(360-18) -> 0 | K109: =(K101/30)*(360-18) -> 0
B110: SALUD, ENFERMEDAD GENERAL Y MUERTE SEGÚN CREE | C110: 0 | D110: 0 | E110: 0 | F110: 0 | G110: 0 | H110: 0 | I110: 0 | J110: 0 | K110: 0
B111: PENSIÓN ((A*12)*12%) | C111: =+ROUND(C103*12%,0) -> 2283476 | D111: =+ROUND(D103*12%,0) -> 1985630 | E111: =+ROUND(E103*12%,0) -> 1787067 | F111: =+ROUND(F103*12%,0) -> 1489224 | G111: =+ROUND(G103*12%,0) -> 1985630 | H111: =+ROUND(H103*12%,0) -> 1191378 | I111: =+ROUND(I103*12%,0) -> 2283476 | J111: =+ROUND(J103*12%,0) -> 992815 | K111: =+ROUND(K103*12%,0) -> 2283476
B112: RIESGOS PROFESIONALES ((A*12)*6,96) | C112: =+ROUND((C102*12)*6.96%,0) -> 1324416 | D112: =+ROUND((D102*12)*6.96%,0) -> 1151666 | E112: =+ROUND((E102*12)*6.96%,0) -> 1036499 | F112: =+ROUND((F102*12)*6.96%,0) -> 863750 | G112: =+ROUND((G102*12)*6.96%,0) -> 1151666 | H112: =+ROUND((H102*12)*6.96%,0) -> 690999 | I112: =+ROUND((I102*12)*6.96%,0) -> 1324416 | J112: =+ROUND((J102*12)*6.96%,0) -> 575833 | K112: =+ROUND((K102*12)*6.96%,0) -> 1324416
B113: CAJA DE COMPENSACIÓN (A*12)*4%) | C113: =+ROUND((C102*12)*4%,0) -> 761159 | D113: =+ROUND((D102*12)*4%,0) -> 661877 | E113: =+ROUND((E102*12)*4%,0) -> 595689 | F113: =+ROUND((F102*12)*4%,0) -> 496408 | G113: =+ROUND((G102*12)*4%,0) -> 661877 | H113: =+ROUND((H102*12)*4%,0) -> 397126 | I113: =+ROUND((I102*12)*4%,0) -> 761159 | J113: =+ROUND((J102*12)*4%,0) -> 330938 | K113: =+ROUND((K102*12)*4%,0) -> 761159
B114: SENA SEGÚN CREE | C114: 0 | D114: 0 | E114: 0 | F114: 0 | G114: 0 | H114: 0 | I114: 0 | J114: 0 | K114: 0
B115: ICBF SEGÚN CREE | C115: 0 | D115: 0 | E115: 0 | F115: 0 | G115: 0 | H115: 0 | I115: 0 | J115: 0 | K115: 0
B116: DOTACIóN | C116: 0 | D116: 405900 | E116: 405900 | F116: 405900 | G116: 405900 | H116: 405900 | I116: 0 | J116: 0 | K116: 405900
B117: EXAMEN MÉDICO | C117: 336280 | D117: 336280 | E117: 336280 | F117: 336280 | G117: 336280 | H117: 336280 | I117: 336280 | J117: 336280 | K117: 336280
B118: TOTAL ANUAL (X) | C118: =SUM(C103:C117) -> 28719884 | D118: =SUM(D103:D117) -> 26491475 | E118: =SUM(E103:E117) -> 24023337 | F118: =SUM(F103:F117) -> 20321139 | G118: =SUM(G103:G117) -> 26284639 | H118: =SUM(H103:H117) -> 16577553 | I118: =SUM(I103:I117) -> 28719884 | J118: =SUM(J103:J117) -> 12676974 | K118: =SUM(K103:K117) -> 29125784
B119: TOTAL MES | C119: =C118/12 -> 2393323.7 | D119: =D118/12 -> 2207622.9 | E119: =E118/12 -> 2001944.8 | F119: =F118/12 -> 1693428.2 | G119: =G118/12 -> 2190386.6 | H119: =H118/12 -> 1381462.8 | I119: =I118/12 -> 2393323.7 | J119: =J118/12 -> 1056414.5 | K119: =K118/12 -> 2427148.7
B122: COMISIÓN TOPOGRÁFICA
B123: TOPÓGRAFO | C123: EJERO O CADENERO | D123: AYUDANTE | E123: ALQUILER EQUIPO
B124: 3 | C124: 1.8 | D124: 1.2 | E124: 166766.33
B125: 1 | C125: 0.8 | D125: 0.8
B126: =+B127*12 -> 932400 | C126: =+C127*12 -> 932400 | D126: =+D127*12 -> 932400
B127: 77700 | C127: 77700 | D127: 77700
B128: =ROUND(689455*B125,0) -> 689455 | C128: =ROUND(689455*C125,0) -> 551564 | D128: =ROUND(689455*D125,0) -> 551564
B129: =+ROUND(B128*12,0) -> 8273460 | C129: =+ROUND(C128*12,0) -> 6618768 | D129: =+ROUND(D128*12,0) -> 6618768
B130: =+ROUND((B129+B126)*0.1,0) -> 920586 | C130: =+ROUND((C129+C126)*0.1,0) -> 755117 | D130: =+ROUND((D129+D126)*0.1,0) -> 755117
B131: =+ROUND(B128/2,0) -> 344728 | C131: =+ROUND(C128/2,0) -> 275782 | D131: =+ROUND(D128/2,0) -> 275782
...

Sheet 1.1
B1: DATOS ESPECÍFICOS
B2: Análisis de Precios Unitario
B3: ITEM | C3: DESCRIPCIÓN | L3: UNIDAD | N3: CANTIDAD
B4: ITEM | C4: DESCRIPCIÓN | L4: UNIDAD | N4: CANTIDAD
A5: Unidad | B5: =PRESUPUESTO!A5 -> 1.1 | C5: =VLOOKUP(B5,PRESUPUESTO!A3:F13,2,FALSE) -> Visitas de campo para el tramite suscripcion y cierre de acuerdos voluntarios Dirigidos | L5: =VLOOKUP(B5,PRESUPUESTO!A1:L38,3,FALSE) -> un | N5: =VLOOKUP(B5,PRESUPUESTO!A1:L38,4,FALSE) -> 15
B7: I. EQUIPO
B9: DESCRIPCIÓN | I9: UNIDAD | K9: TARIFA/HORA | L9: RENDIMIENTO | N9: Vr. UNITARIO
A10: C0010120 | B10: =VLOOKUP(A10,EQUIPOS!C3:G200,3,FALSE) -> Camioneta 4x4 cuatro puestas tipo pick up | J10: =VLOOKUP(A10,EQUIPOS!C3:G200,2,FALSE) -> h | K10: =VLOOKUP(A10,EQUIPOS!C3:G200,5,FALSE) -> 60496.057 | M10: 1 | N10: =K10*M10 -> 60496.057
A11: EQUIALGA10 | B11: =VLOOKUP(A11,EQUIPOS!C4:G201,3,FALSE) -> GPS Submetrico con Wi-Fi, BLUETOOTH, ANT+ | J11: =VLOOKUP(A11,EQUIPOS!C4:G201,2,FALSE) -> dia | K11: =VLOOKUP(A11,EQUIPOS!C4:G201,5,FALSE) -> 50000 | M11: =1/8 -> 0.125 | N11: =K11*M11 -> 6250
B16: HERRAMIENTA MENOR (%) | L16: 0.05 | N16: =L16*N50 -> 4396.5391
B17: SUBTOTAL $ | N17: =SUM(N10:N16) -> 71142.596
B19: II. MATERIALES
B21: DESCRIPCIÓN | J21: UNIDAD | K21: CANTIDAD | L21: PRECIO UNIT. | N21: Vr. UNITARIO
A22: B0013580 | B22: =VLOOKUP(A22,MATERIALES!B3:E797,3,FALSE) -> Cicatrizante hormonal para remoción de especies vegetales | J22: =VLOOKUP(A22,MATERIALES!B3:E844,2,FALSE) -> kg | K22: 0 | L22: =VLOOKUP(A22,MATERIALES!B3:E844,4,FALSE) -> 48223.932 | N22: =L22*K22 -> 0
B28: SUBTOTAL $ | N28: =SUM(N22:N27) -> 0
B30: III. TRANSPORTES
B32: MATERIAL | H32: UNIDAD | I32: CANTIDAD (1) | J32: DISTANCIA (2) | K32: (1) * (2) | L32: TARIFA | N32: Vr. UNITARIO
A33: T0010040 | B33: =VLOOKUP(A33,TRANSPORTE!C2:F38,3,FALSE) -> Transporte de material desmontado | H33: =VLOOKUP(A33,[214]TRANSPORTE!C1:F37,2,FALSE) -> t-km | I33: =K22 -> 0 | J33: ='DISTANCIA DE ACARREO'!D6 -> 0 | K33: =J33*I33 -> 0 | L33: =VLOOKUP(A33,TRANSPORTE!C2:F38,4,FALSE) -> 1414.0328 | N33: =K33*L33 -> 0
B39: SUBTOTAL $ | N39: =SUM(N33:N38) -> 0
B41: IV. MANO DE OBRA
B43: TRABAJADOR | I43: JORNAL | J43: PRESTACIONES (%) | K43: JORNAL TOTAL | L43: RENDIMIENTO | N43: Vr. UNITARIO
A45: M.O0001 | B45: =VLOOKUP(A45,'MANO DE OBRA'!C13:H78,3,FALSE) -> Profesional trabajador(a) social | I45: =VLOOKUP(A45,'MANO DE OBRA'!C13:H78,4,FALSE) -> 142350 | J45: =VLOOKUP(A45,'MANO DE OBRA'!C13:H78,6,FALSE) -> 1.7 | K45: =J45*I45 -> 241995 | M45: =8 -> 8 | N45: =K45/M45 -> 30249.375
A46: M.O0002 | B46: =VLOOKUP(A46,'MANO DE OBRA'!C14:H79,3,FALSE) -> Profesional Psicólogo(a) | I46: =VLOOKUP(A46,'MANO DE OBRA'!C14:H79,4,FALSE) -> 142350 | J46: =VLOOKUP(A46,'MANO DE OBRA'!C14:H79,6,FALSE) -> 1.7 | K46: =J46*I46 -> 241995 | M46: =8 -> 8 | N46: =K46/M46 -> 30249.375
A47: A0090010 | B47: =VLOOKUP(A47,'MANO DE OBRA'!C15:H80,3,FALSE) -> Topógrafo | I47: =VLOOKUP(A47,'MANO DE OBRA'!C15:H80,4,FALSE) -> 118625 | J47: =VLOOKUP(A47,'MANO DE OBRA'!C15:H80,6,FALSE) -> 1.85 | K47: =J47*I47 -> 219456.25 | M47: =8 -> 8 | N47: =K47/M47 -> 27432.031
B50: SUBTOTAL $ | N50: =SUM(N44:N49) -> 87930.781
B52: TOTAL COSTO DIRECTO $ | N52: =ROUND(N17+N28+N39+N50,0) -> 159073
B54: V. COSTOS INDIRECTOS
B56: Descripción | K56: Porcentaje | L56: Valor Total
B57: ADMINISTRACION | K57: 0.2 | L57: =N52*K57 -> 31814.6
B58: IMPREVISTOS | K58: 0.05 | L58: =N52*K58 -> 7953.65
B59: UTILIDAD | K59: 0.05 | L59: =N52*K59 -> 7953.65
B60: SUBTOTAL $ | N60: =L57+L58+L59 -> 47721.9
A62: PFinal01 | B62: Precio Unitario Total Aproximado al Peso $ | N62: =N52+N60 -> 206794.9
B70: OBSERVACIONES INTERVENTORÍA:
B76: APROBACIÓN POR INTERVENTORÍA
B77: Nota 1: Cuando se trate de Análisis de precios unitarios correspondientes a ítems de la propuesta económica aprobada, el Interventor aprueba el desglose de los componentes manteniendo el mismo precio unitario de cada ítem, cumpliendo con las especificaciones de construcción vigentes para el proyecto.
B79: Nota 2: Cuando se trate de Análisis de precios unitarios de ítems no previstos, el Interventor aprueba el desglose y precio unitario de cada ítem no previsto, exigiendo la aplicación de los costos correspondientes a insumos y tarifas de la propuesta económica inicial cuando estén contemplados, cumpliendo con las especificaciones de construcción vigente para el proyecto.
E85: Firma
E86: Nombre:
E87: Representante Legal del Interventor o su Apoderado
E88: Matricula No. :
B90: Original: Archivo de Gestión del Contrato (Subdirección Administrativa).
B91: Copias: Unidad Ejecutora, Contratista, Interventor y Dirección Territorial.

Sheet 1.2
B1: DATOS ESPECÍFICOS
B2: Análisis de Precios Unitario
B3: ITEM | C3: DESCRIPCIÓN | K3: ESP. INVÍAS | L3: UNIDAD | N3: CANTIDAD
B4: ITEM | C4: DESCRIPCIÓN | L4: UNIDAD | N4: CANTIDAD
A5: Unidad | B5: =PRESUPUESTO!A6 -> 1.2 | C5: =VLOOKUP(B5,PRESUPUESTO!A3:F13,2,FALSE) -> Desmonte y limpieza en zonas no boscosas | L5: =VLOOKUP(B5,PRESUPUESTO!A1:L38,3,FALSE) -> ha | N5: =VLOOKUP(B5,PRESUPUESTO!A1:L38,4,FALSE) -> 40
B7: I. EQUIPO
B9: DESCRIPCIÓN | I9: UNIDAD | K9: TARIFA/HORA | L9: RENDIMIENTO | N9: Vr. UNITARIO
A10: C0010530 | B10: =VLOOKUP(A10,EQUIPOS!C3:G200,3,FALSE) -> Guadañadora cilindraje 38-58 cm3 | J10: =VLOOKUP(A10,EQUIPOS!C3:G200,2,FALSE) -> h | K10: =VLOOKUP(A10,EQUIPOS!C3:G200,5,FALSE) -> 5843.8132 | M10: 16 | N10: =K10*M10 -> 93501.012
A11: C0010620 | B11: =VLOOKUP(A11,EQUIPOS!C4:G201,3,FALSE) -> Motosierra, 4.5 HP - 7.1 HP, longitud de espada 45-90 cm | J11: =VLOOKUP(A11,EQUIPOS!C4:G201,2,FALSE) -> h | K11: =VLOOKUP(A11,EQUIPOS!C4:G201,5,FALSE) -> 12455.071 | M11: 16 | N11: =K11*M11 -> 199281.13
B16: HERRAMIENTA MENOR (%) | L16: 0.05 | N16: =L16*N50 -> 25203.406
B17: SUBTOTAL $ | N17: =SUM(N10:N16) -> 317985.55
B19: II. MATERIALES
B21: DESCRIPCIÓN | J21: UNIDAD | K21: CANTIDAD | L21: PRECIO UNIT. | N21: Vr. UNITARIO
A22: B0013580 | B22: =VLOOKUP(A22,MATERIALES!B3:E797,3,FALSE) -> Cicatrizante hormonal para remoción de especies vegetales | J22: =VLOOKUP(A22,MATERIALES!B3:E844,2,FALSE) -> kg | K22: 0 | L22: =VLOOKUP(A22,MATERIALES!B3:E844,4,FALSE) -> 48223.932 | N22: =L22*K22 -> 0
B28: SUBTOTAL $ | N28: =SUM(N22:N27) -> 0
B30: III. TRANSPORTES
B32: MATERIAL | H32: UNIDAD | I32: CANTIDAD (1) | J32: DISTANCIA (2) | K32: (1) * (2) | L32: TARIFA | N32: Vr. UNITARIO
A33: T0010040 | B33: =VLOOKUP(A33,TRANSPORTE!C2:F38,3,FALSE) -> Transporte de material desmontado | H33: =VLOOKUP(A33,[214]TRANSPORTE!C1:F37,2,FALSE) -> t-km | I33: =K22 -> 0 | J33: ='DISTANCIA DE ACARREO'!D6 -> 0 | K33: =J33*I33 -> 0 | L33: =VLOOKUP(A33,TRANSPORTE!C2:F38,4,FALSE) -> 1414.0328 | N33: =K33*L33 -> 0
B39: SUBTOTAL $ | N39: =SUM(N33:N38) -> 0
B41: IV. MANO DE OBRA
B43: TRABAJADOR | I43: JORNAL | J43: PRESTACIONES (%) | K43: JORNAL TOTAL | L43: RENDIMIENTO | N43: Vr. UNITARIO
A45: A0030020 | B45: =VLOOKUP(A45,'MANO DE OBRA'!C13:H78,3,FALSE) -> Obrero (2) | I45: =VLOOKUP(A45,'MANO DE OBRA'!C13:H78,4,FALSE) -> 94900 | J45: =VLOOKUP(A45,'MANO DE OBRA'!C13:H78,6,FALSE) -> 1.85 | K45: =J45*I45 -> 175565 | M45: 0.34829617 | N45: =K45/M45 -> 504068.13
B50: SUBTOTAL $ | N50: =SUM(N44:N49) -> 504068.13
B52: TOTAL COSTO DIRECTO $ | N52: =ROUND(N17+N28+N39+N50,0) -> 822054 | O52: 822053.67 | P52: =N52-O52 -> 0.32777778
B54: V. COSTOS INDIRECTOS
B56: Descripción | K56: Porcentaje | L56: Valor Total
B57: ADMINISTRACION | K57: 0.2 | L57: =N52*K57 -> 164410.8
B58: IMPREVISTOS | K58: 0.05 | L58: =N52*K58 -> 41102.7
B59: UTILIDAD | K59: 0.05 | L59: =N52*K59 -> 41102.7
B60: SUBTOTAL $ | N60: =L57+L58+L59 -> 246616.2
A62: PFinal01 | B62: Precio Unitario Total Aproximado al Peso $ | N62: =N52+N60 -> 1068670.2
B70: OBSERVACIONES INTERVENTORÍA:
B76: APROBACIÓN POR INTERVENTORÍA
B77: Nota 1: Cuando se trate de Análisis de precios unitarios correspondientes a ítems de la propuesta económica aprobada, el Interventor aprueba el desglose de los componentes manteniendo el mismo precio unitario de cada ítem, cumpliendo con las especificaciones de construcción vigentes para el proyecto.
B79: Nota 2: Cuando se trate de Análisis de precios unitarios de ítems no previstos, el Interventor aprueba el desglose y precio unitario de cada ítem no previsto, exigiendo la aplicación de los costos correspondientes a insumos y tarifas de la propuesta económica inicial cuando estén contemplados, cumpliendo con las especificaciones de construcción vigente para el proyecto.
E85: Firma
E86: Nombre:
E87: Representante Legal del Interventor o su Apoderado
E88: Matricula No. :
B90: Original: Archivo de Gestión del Contrato (Subdirección Administrativa).
B91: Copias: Unidad Ejecutora, Contratista, Interventor y Dirección Territorial.

Sheet 1.112
A1: =+PRESUPUESTO!B5 -> Visitas de campo para el tramite suscripcion y cierre de acuerdos voluntarios Dirigidos
A2: Entidad Formuladora
A3: Nombre del Proyecto | B3: PROYECTO TIPO RECUPERACIÓN DE COBERTURA VEGETAL EN ÁREAS DISTURBADAS
A4: Municipio
A5: Actividad | B5: =+PRESUPUESTO!B5 -> Visitas de campo para el tramite suscripcion y cierre de acuerdos voluntarios Dirigidos | E5: ITEM | F5: =+PRESUPUESTO!A5 -> 1.1 | G5: =+PRESUPUESTO!C5 -> un
A6: Número de Acuerdos | B6: 50 | C6: Número de Hectáreas | E6: 100
A7: Tiempo de la actividad | B7: 10
A8: DESCRIPCIÓN | B8: UNIDAD | C8: CANTIDAD | D8: PLAZO (MESES) | E8: RENDIMIENTO/DEDICACIÓN | F8: COSTO UNITARIO | G8: VALOR TOTAL
A9: 1. EQUIPOS
A10: GPS 30x (alquiler) | B10: Und | C10: 1 | D10: 2 | E10: 1 | F10: 300000 | G10: =+F10*E10*D10*C10 -> 600000
A11: 5. MATERIALES
A12: Papeleria | B12: und | C12: 1 | D12: 2 | E12: 1 | F12: 250000 | G12: =+F12*E12*D12*C12 -> 500000
A13: SUBTOTAL | G13: =SUM(G10:G12) -> 1100000
E14: TOTAL | G14: =G13 -> 1100000
E15: Valor por acuerdo | G15: =+G14/50 -> 22000
A16: Nota: Se proyecta los profesionales contratados por prestación de servicios

Sheet 1.3
B1: DATOS ESPECÍFICOS
B2: Análisis de Precios Unitario
B3: ITEM | C3: DESCRIPCIÓN | K3: ESP. INVÍAS | L3: UNIDAD | N3: CANTIDAD
B4: ITEM | C4: DESCRIPCIÓN | L4: UNIDAD | N4: CANTIDAD
A5: Unidad | B5: =PRESUPUESTO!A7 -> 1.3 | C5: =VLOOKUP(B5,PRESUPUESTO!A3:F13,2,FALSE) -> Limpieza de cerca de alambre de púas con postes de madera (Guarda fuegos) | L5: =VLOOKUP(B5,PRESUPUESTO!A1:L38,3,FALSE) -> m | N5: =VLOOKUP(B5,PRESUPUESTO!A1:L38,4,FALSE) -> 4000
B7: I. EQUIPO
B9: DESCRIPCIÓN | I9: UNIDAD | K9: TARIFA/HORA | L9: RENDIMIENTO | N9: Vr. UNITARIO
A11: C0010620 | B11: =VLOOKUP(A11,EQUIPOS!C4:G201,3,FALSE) -> Motosierra, 4.5 HP - 7.1 HP, longitud de espada 45-90 cm | J11: =VLOOKUP(A11,EQUIPOS!C4:G201,2,FALSE) -> h | K11: =VLOOKUP(A11,EQUIPOS!C4:G201,5,FALSE) -> 12455.071 | M11: 0.01 | N11: =K11*M11 -> 124.55071
B16: HERRAMIENTA MENOR (%) | L16: 0.05 | N16: =L16*N50 -> 87.7825
B17: SUBTOTAL $ | N17: =SUM(N10:N16) -> 212.33321
B19: II. MATERIALES
B21: DESCRIPCIÓN | J21: UNIDAD | K21: CANTIDAD | L21: PRECIO UNIT. | N21: Vr. UNITARIO
A22: B0013580 | B22: =VLOOKUP(A22,MATERIALES!B3:E797,3,FALSE) -> Cicatrizante hormonal para remoción de especies vegetales | J22: =VLOOKUP(A22,MATERIALES!B3:E844,2,FALSE) -> kg | K22: 0 | L22: =VLOOKUP(A22,MATERIALES!B3:E844,4,FALSE) -> 48223.932 | N22: =L22*K22 -> 0
B28: SUBTOTAL $ | N28: =SUM(N22:N27) -> 0
B30: III. TRANSPORTES
B32: MATERIAL | H32: UNIDAD | I32: CANTIDAD (1) | J32: DISTANCIA (2) | K32: (1) * (2) | L32: TARIFA | N32: Vr. UNITARIO
A33: T0010040 | B33: =VLOOKUP(A33,TRANSPORTE!C2:F38,3,FALSE) -> Transporte de material desmontado | H33: =VLOOKUP(A33,[214]TRANSPORTE!C1:F37,2,FALSE) -> t-km | I33: =K22 -> 0 | J33: ='DISTANCIA DE ACARREO'!D6 -> 0 | K33: =J33*I33 -> 0 | L33: =VLOOKUP(A33,TRANSPORTE!C2:F38,4,FALSE) -> 1414.0328 | N33: =K33*L33 -> 0
B39: SUBTOTAL $ | N39: =SUM(N33:N38) -> 0
B41: IV. MANO DE OBRA
B43: TRABAJADOR | I43: JORNAL | J43: PRESTACIONES (%) | K43: JORNAL TOTAL | L43: RENDIMIENTO | N43: Vr. UNITARIO
A45: A0030020 | B45: =VLOOKUP(A45,'MANO DE OBRA'!C13:H78,3,FALSE) -> Obrero (2) | I45: =VLOOKUP(A45,'MANO DE OBRA'!C13:H78,4,FALSE) -> 94900 | J45: =VLOOKUP(A45,'MANO DE OBRA'!C13:H78,6,FALSE) -> 1.85 | K45: =J45*I45 -> 175565 | M45: 100 | N45: =K45/M45 -> 1755.65
B50: SUBTOTAL $ | N50: =SUM(N44:N49) -> 1755.65
B52: TOTAL COSTO DIRECTO $ | N52: =ROUND(N17+N28+N39+N50,0) -> 1968
B54: V. COSTOS INDIRECTOS
B56: Descripción | K56: Porcentaje | L56: Valor Total
B57: ADMINISTRACION | K57: 0.2 | L57: =N52*K57 -> 393.6
B58: IMPREVISTOS | K58: 0.05 | L58: =N52*K58 -> 98.4
B59: UTILIDAD | K59: 0.05 | L59: =N52*K59 -> 98.4
B60: SUBTOTAL $ | N60: =L57+L58+L59 -> 590.4
A62: PFinal01 | B62: Precio Unitario Total Aproximado al Peso $ | N62: =N52+N60 -> 2558.4
B70: OBSERVACIONES INTERVENTORÍA:
B76: APROBACIÓN POR INTERVENTORÍA
B77: Nota 1: Cuando se trate de Análisis de precios unitarios correspondientes a ítems de la propuesta económica aprobada, el Interventor aprueba el desglose de los componentes manteniendo el mismo precio unitario de cada ítem, cumpliendo con las especificaciones de construcción vigentes para el proyecto.
B79: Nota 2: Cuando se trate de Análisis de precios unitarios de ítems no previstos, el Interventor aprueba el desglose y precio unitario de cada ítem no previsto, exigiendo la aplicación de los costos correspondientes a insumos y tarifas de la propuesta económica inicial cuando estén contemplados, cumpliendo con las especificaciones de construcción vigente para el proyecto.
E85: Firma
E86: Nombre:
E87: Representante Legal del Interventor o su Apoderado
E88: Matricula No. :
B90: Original: Archivo de Gestión del Contrato (Subdirección Administrativa).
B91: Copias: Unidad Ejecutora, Contratista, Interventor y Dirección Territorial.

Sheet 2.1
B1: DATOS ESPECÍFICOS
B2: Análisis de Precios Unitario
B3: ITEM | C3: DESCRIPCIÓN | K3: ESP. INVÍAS | L3: UNIDAD | N3: CANTIDAD
B4: ITEM | C4: DESCRIPCIÓN | L4: UNIDAD | N4: CANTIDAD
A5: Unidad | B5: =PRESUPUESTO!A9 -> 2.1 | C5: =VLOOKUP(B5,PRESUPUESTO!A3:F13,2,FALSE) -> Aislamiento de las áreas con mayor presencia del tensionante identificado en cercas de puas | L5: =VLOOKUP(B5,PRESUPUESTO!A1:L38,3,FALSE) -> m | N5: =VLOOKUP(B5,PRESUPUESTO!A1:L38,4,FALSE) -> 3000
B7: I. EQUIPO
B9: DESCRIPCIÓN | I9: UNIDAD | K9: TARIFA/HORA | L9: RENDIMIENTO | N9: Vr. UNITARIO
A11: C0010620 | B11: =VLOOKUP(A11,EQUIPOS!C4:G201,3,FALSE) -> Motosierra, 4.5 HP - 7.1 HP, longitud de espada 45-90 cm | J11: =VLOOKUP(A11,EQUIPOS!C4:G201,2,FALSE) -> h | K11: =VLOOKUP(A11,EQUIPOS!C4:G201,5,FALSE) -> 12455.071 | M11: 0.7 | N11: =K11*M11 -> 8718.5494
B16: HERRAMIENTA MENOR (%) | L16: 0.05 | N16: =L16*N50 -> 206.28887
B17: SUBTOTAL $ | N17: =SUM(N10:N16) -> 8924.8383
B19: II. MATERIALES
B21: DESCRIPCIÓN | J21: UNIDAD | K21: CANTIDAD | L21: PRECIO UNIT. | N21: Vr. UNITARIO
A22: B0014180 | B22: =VLOOKUP(A22,MATERIALES!B3:E797,3,FALSE) -> Grapas para poste de madera | J22: =VLOOKUP(A22,MATERIALES!B3:E844,2,FALSE) -> kg | K22: 0.12730667 | L22: =VLOOKUP(A22,MATERIALES!B3:E844,4,FALSE) -> 12583.333 | N22: =L22*K22 -> 1601.9422
A23: B0014790 | B23: =VLOOKUP(A23,MATERIALES!B4:E798,3,FALSE) -> Poste de madera curada de 2.3m para cercas | J23: =VLOOKUP(A23,MATERIALES!B4:E845,2,FALSE) -> u | K23: 0.5 | L23: =VLOOKUP(A23,MATERIALES!B4:E845,4,FALSE) -> 13203.968 | N23: =L23*K23 -> 6601.984
A24: B0073210 | B24: =VLOOKUP(A24,MATERIALES!B5:E799,3,FALSE) -> Alambre de púa calibre 12 (350 m) | J24: =VLOOKUP(A24,MATERIALES!B5:E846,2,FALSE) -> m | K24: 4.2 | L24: =VLOOKUP(A24,MATERIALES!B5:E846,4,FALSE) -> 504.84144 | N24: =L24*K24 -> 2120.3341
A25: MP0155 | B25: =VLOOKUP(A25,MATERIALES!B6:E800,3,FALSE) -> Poste de madera para cercas de 2,4 m diametro min 6" ( Templete) | J25: =VLOOKUP(A25,MATERIALES!B6:E847,2,FALSE) -> u | K25: 0.04 | L25: =VLOOKUP(A25,MATERIALES!B6:E847,4,FALSE) -> 60000 | N25: =L25*K25 -> 2400
B28: SUBTOTAL $ | N28: =SUM(N22:N27) -> 12724.26
B30: III. TRANSPORTES
B32: MATERIAL | H32: UNIDAD | I32: CANTIDAD (1) | J32: DISTANCIA (2) | K32: (1) * (2) | L32: TARIFA | N32: Vr. UNITARIO
A33: T0010040 | B33: =VLOOKUP(A33,TRANSPORTE!C2:F38,3,FALSE) -> Transporte de material desmontado | H33: =VLOOKUP(A33,[214]TRANSPORTE!C1:F37,2,FALSE) -> t-km | I33: 0 | J33: ='DISTANCIA DE ACARREO'!D6 -> 0 | K33: =J33*I33 -> 0 | L33: =VLOOKUP(A33,TRANSPORTE!C2:F38,4,FALSE) -> 1414.0328 | N33: =K33*L33 -> 0
B39: SUBTOTAL $ | N39: =SUM(N33:N38) -> 0
B41: IV. MANO DE OBRA
B43: TRABAJADOR | I43: JORNAL | J43: PRESTACIONES (%) | K43: JORNAL TOTAL | L43: RENDIMIENTO | N43: Vr. UNITARIO
A45: A0030030 | B45: =VLOOKUP(A45,'MANO DE OBRA'!C13:H78,3,FALSE) -> Obrero (3) | I45: =VLOOKUP(A45,'MANO DE OBRA'!C13:H78,4,FALSE) -> 142350 | J45: =VLOOKUP(A45,'MANO DE OBRA'!C13:H78,6,FALSE) -> 1.85 | K45: =J45*I45 -> 263347.5 | M45: 100 | N45: =K45/M45 -> 2633.475
A46: A0040010 | B46: =VLOOKUP(A46,'MANO DE OBRA'!C14:H79,3,FALSE) -> Oficial | I46: =VLOOKUP(A46,'MANO DE OBRA'!C14:H79,4,FALSE) -> 80665 | J46: =VLOOKUP(A46,'MANO DE OBRA'!C14:H79,6,FALSE) -> 1.85 | K46: =J46*I46 -> 149230.25 | M46: 100 | N46: =K46/M46 -> 1492.3025
B50: SUBTOTAL $ | N50: =SUM(N44:N49) -> 4125.7775
B52: TOTAL COSTO DIRECTO $ | N52: =ROUND(N17+N28+N39+N50,0) -> 25775
B54: V. COSTOS INDIRECTOS
B56: Descripción | K56: Porcentaje | L56: Valor Total
B57: ADMINISTRACION | K57: 0.2 | L57: =N52*K57 -> 5155
B58: IMPREVISTOS | K58: 0.05 | L58: =N52*K58 -> 1288.75
B59: UTILIDAD | K59: 0.05 | L59: =N52*K59 -> 1288.75
B60: SUBTOTAL $ | N60: =L57+L58+L59 -> 7732.5
A62: PFinal01 | B62: Precio Unitario Total Aproximado al Peso $ | N62: =N52+N60 -> 33507.5
B70: OBSERVACIONES INTERVENTORÍA:
B76: APROBACIÓN POR INTERVENTORÍA
B77: Nota 1: Cuando se trate de Análisis de precios unitarios correspondientes a ítems de la propuesta económica aprobada, el Interventor aprueba el desglose de los componentes manteniendo el mismo precio unitario de cada ítem, cumpliendo con las especificaciones de construcción vigentes para el proyecto.
B79: Nota 2: Cuando se trate de Análisis de precios unitarios de ítems no previstos, el Interventor aprueba el desglose y precio unitario de cada ítem no previsto, exigiendo la aplicación de los costos correspondientes a insumos y tarifas de la propuesta económica inicial cuando estén contemplados, cumpliendo con las especificaciones de construcción vigente para el proyecto.
E85: Firma
E86: Nombre:
E87: Representante Legal del Interventor o su Apoderado
E88: Matricula No. :
B90: Original: Archivo de Gestión del Contrato (Subdirección Administrativa).
B91: Copias: Unidad Ejecutora, Contratista, Interventor y Dirección Territorial.

Sheet 2.2
B1: DATOS ESPECÍFICOS
B2: Análisis de Precios Unitario
B3: ITEM | C3: DESCRIPCIÓN | K3: ESP. INVÍAS | L3: UNIDAD | N3: CANTIDAD
B4: ITEM | C4: DESCRIPCIÓN | L4: UNIDAD | N4: CANTIDAD
A5: Unidad | B5: =PRESUPUESTO!A10 -> 2.2 | C5: =VLOOKUP(B5,PRESUPUESTO!A3:F13,2,FALSE) -> Aislamiento individal en corralles de madarea y alambres de puas | L5: =VLOOKUP(B5,PRESUPUESTO!A1:L38,3,FALSE) -> un | N5: =VLOOKUP(B5,PRESUPUESTO!A1:L38,4,FALSE) -> 1157
B7: I. EQUIPO
B9: DESCRIPCIÓN | I9: UNIDAD | K9: TARIFA/HORA | L9: RENDIMIENTO | N9: Vr. UNITARIO
A11: C0010620 | B11: =VLOOKUP(A11,EQUIPOS!C4:G201,3,FALSE) -> Motosierra, 4.5 HP - 7.1 HP, longitud de espada 45-90 cm | J11: =VLOOKUP(A11,EQUIPOS!C4:G201,2,FALSE) -> h | K11: =VLOOKUP(A11,EQUIPOS!C4:G201,5,FALSE) -> 12455.071 | M11: 0.7 | N11: =K11*M11 -> 8718.5494
B16: HERRAMIENTA MENOR (%) | L16: 0.05 | N16: =L16*N50 -> 1375.2592
B17: SUBTOTAL $ | N17: =SUM(N10:N16) -> 10093.809
B19: II. MATERIALES
B21: DESCRIPCIÓN | J21: UNIDAD | K21: CANTIDAD | L21: PRECIO UNIT. | N21: Vr. UNITARIO
A22: B0014180 | B22: =VLOOKUP(A22,MATERIALES!B3:E797,3,FALSE) -> Grapas para poste de madera | J22: =VLOOKUP(A22,MATERIALES!B3:E844,2,FALSE) -> kg | K22: 0.12730667 | L22: =VLOOKUP(A22,MATERIALES!B3:E844,4,FALSE) -> 12583.333 | N22: =L22*K22 -> 1601.9422
A23: B0014790 | B23: =VLOOKUP(A23,MATERIALES!B4:E798,3,FALSE) -> Poste de madera curada de 2.3m para cercas | J23: =VLOOKUP(A23,MATERIALES!B4:E845,2,FALSE) -> u | K23: 3 | L23: =VLOOKUP(A23,MATERIALES!B4:E845,4,FALSE) -> 13203.968 | N23: =L23*K23 -> 39611.904
A24: B0073210 | B24: =VLOOKUP(A24,MATERIALES!B5:E799,3,FALSE) -> Alambre de púa calibre 12 (350 m) | J24: =VLOOKUP(A24,MATERIALES!B5:E846,2,FALSE) -> m | K24: =4*3 -> 12 | L24: =VLOOKUP(A24,MATERIALES!B5:E846,4,FALSE) -> 504.84144 | N24: =L24*K24 -> 6058.0973
B28: SUBTOTAL $ | N28: =SUM(N22:N27) -> 47271.944
B30: III. TRANSPORTES
B32: MATERIAL | H32: UNIDAD | I32: CANTIDAD (1) | J32: DISTANCIA (2) | K32: (1) * (2) | L32: TARIFA | N32: Vr. UNITARIO
A33: T0010040 | B33: =VLOOKUP(A33,TRANSPORTE!C2:F38,3,FALSE) -> Transporte de material desmontado | H33: =VLOOKUP(A33,[214]TRANSPORTE!C1:F37,2,FALSE) -> t-km | I33: 0 | J33: ='DISTANCIA DE ACARREO'!D6 -> 0 | K33: =J33*I33 -> 0 | L33: =VLOOKUP(A33,TRANSPORTE!C2:F38,4,FALSE) -> 1414.0328 | N33: =K33*L33 -> 0
B39: SUBTOTAL $ | N39: =SUM(N33:N38) -> 0
B41: IV. MANO DE OBRA
B43: TRABAJADOR | I43: JORNAL | J43: PRESTACIONES (%) | K43: JORNAL TOTAL | L43: RENDIMIENTO | N43: Vr. UNITARIO
A45: A0030030 | B45: =VLOOKUP(A45,'MANO DE OBRA'!C13:H78,3,FALSE) -> Obrero (3) | I45: =VLOOKUP(A45,'MANO DE OBRA'!C13:H78,4,FALSE) -> 142350 | J45: =VLOOKUP(A45,'MANO DE OBRA'!C13:H78,6,FALSE) -> 1.85 | K45: =J45*I45 -> 263347.5 | M45: 15 | N45: =K45/M45 -> 17556.5
A46: A0040010 | B46: =VLOOKUP(A46,'MANO DE OBRA'!C14:H79,3,FALSE) -> Oficial | I46: =VLOOKUP(A46,'MANO DE OBRA'!C14:H79,4,FALSE) -> 80665 | J46: =VLOOKUP(A46,'MANO DE OBRA'!C14:H79,6,FALSE) -> 1.85 | K46: =J46*I46 -> 149230.25 | M46: 15 | N46: =K46/M46 -> 9948.6833
B50: SUBTOTAL $ | N50: =SUM(N44:N49) -> 27505.183
B52: TOTAL COSTO DIRECTO $ | N52: =ROUND(N17+N28+N39+N50,0) -> 84871
B54: V. COSTOS INDIRECTOS
B56: Descripción | K56: Porcentaje | L56: Valor Total
B57: ADMINISTRACION | K57: 0.2 | L57: =N52*K57 -> 16974.2
B58: IMPREVISTOS | K58: 0.05 | L58: =N52*K58 -> 4243.55
B59: UTILIDAD | K59: 0.05 | L59: =N52*K59 -> 4243.55
B60: SUBTOTAL $ | N60: =L57+L58+L59 -> 25461.3
A62: PFinal01 | B62: Precio Unitario Total Aproximado al Peso $ | N62: =N52+N60 -> 110332.3
B70: OBSERVACIONES INTERVENTORÍA:
B76: APROBACIÓN POR INTERVENTORÍA
B77: Nota 1: Cuando se trate de Análisis de precios unitarios correspondientes a ítems de la propuesta económica aprobada, el Interventor aprueba el desglose de los componentes manteniendo el mismo precio unitario de cada ítem, cumpliendo con las especificaciones de construcción vigentes para el proyecto.
B79: Nota 2: Cuando se trate de Análisis de precios unitarios de ítems no previstos, el Interventor aprueba el desglose y precio unitario de cada ítem no previsto, exigiendo la aplicación de los costos correspondientes a insumos y tarifas de la propuesta económica inicial cuando estén contemplados, cumpliendo con las especificaciones de construcción vigente para el proyecto.
E85: Firma
E86: Nombre:
E87: Representante Legal del Interventor o su Apoderado
E88: Matricula No. :
B90: Original: Archivo de Gestión del Contrato (Subdirección Administrativa).
B91: Copias: Unidad Ejecutora, Contratista, Interventor y Dirección Territorial.

Sheet 3.1
B1: DATOS ESPECÍFICOS
B2: Análisis de Precios Unitario
B3: ITEM | C3: DESCRIPCIÓN | K3: ESP. INVÍAS | L3: UNIDAD | N3: CANTIDAD
B4: ITEM | C4: DESCRIPCIÓN | L4: UNIDAD | N4: CANTIDAD
A5: Unidad | B5: =PRESUPUESTO!A12 -> 3.1 | C5: =VLOOKUP(B5,PRESUPUESTO!A3:F13,2,FALSE) -> Establecimiento de material vegetal ( Incluye adecuacion de terreno y suministros) | L5: =VLOOKUP(B5,PRESUPUESTO!A1:L38,3,FALSE) -> un | N5: =VLOOKUP(B5,PRESUPUESTO!A1:L38,4,FALSE) -> 4000
B7: I. EQUIPO
B9: DESCRIPCIÓN | I9: UNIDAD | K9: TARIFA/HORA | L9: RENDIMIENTO | N9: Vr. UNITARIO
A11: EQUIALGA05 | B11: =VLOOKUP(A11,EQUIPOS!C4:G201,3,FALSE) -> Tractor | J11: =VLOOKUP(A11,EQUIPOS!C4:G201,2,FALSE) -> dia | K11: =VLOOKUP(A11,EQUIPOS!C4:G201,5,FALSE) -> 87500 | M11: 0.025 | N11: =K11*M11 -> 2187.5
A12: EQUIALGA07 | B12: =VLOOKUP(A12,EQUIPOS!C5:G202,3,FALSE) -> Trailer | J12: =VLOOKUP(A12,EQUIPOS!C5:G202,2,FALSE) -> dia | K12: =VLOOKUP(A12,EQUIPOS!C5:G202,5,FALSE) -> 37500 | M12: 0.025 | N12: =K12*M12 -> 937.5
B16: HERRAMIENTA MENOR (%) | L16: 0.05 | N16: =L16*N50 -> 303.36599
B17: SUBTOTAL $ | N17: =SUM(N10:N16) -> 3428.366
B19: II. MATERIALES
B21: DESCRIPCIÓN | J21: UNIDAD | K21: CANTIDAD | L21: PRECIO UNIT. | N21: Vr. UNITARIO
A22: MP0147 | B22: =VLOOKUP(A22,MATERIALES!B3:E797,3,FALSE) -> Biofertilizante | J22: =VLOOKUP(A22,MATERIALES!B3:E844,2,FALSE) -> kg | K22: 0.004 | L22: =VLOOKUP(A22,MATERIALES!B3:E844,4,FALSE) -> 35000 | N22: =L22*K22 -> 140
A23: MP0148 | B23: =VLOOKUP(A23,MATERIALES!B4:E798,3,FALSE) -> Fertilizante 15-15-15 | J23: =VLOOKUP(A23,MATERIALES!B4:E845,2,FALSE) -> kg | K23: 0.05 | L23: =VLOOKUP(A23,MATERIALES!B4:E845,4,FALSE) -> 18000 | N23: =L23*K23 -> 900
A24: B0063200 | B24: =VLOOKUP(A24,MATERIALES!B5:E799,3,FALSE) -> Agua | J24: =VLOOKUP(A24,MATERIALES!B5:E846,2,FALSE) -> L | K24: 10 | L24: =VLOOKUP(A24,MATERIALES!B5:E846,4,FALSE) -> 87.446064 | N24: =L24*K24 -> 874.46064
A25: MP0151 | B25: =VLOOKUP(A25,MATERIALES!B6:E800,3,FALSE) -> Control Hormiga | J25: =VLOOKUP(A25,MATERIALES!B6:E847,2,FALSE) -> kg | K25: 0.01 | L25: =VLOOKUP(A25,MATERIALES!B6:E847,4,FALSE) -> 25000 | N25: =L25*K25 -> 250
A26: B0303310 | B26: =VLOOKUP(A26,MATERIALES!B7:E801,3,FALSE) -> Árbol tipo paisajístico de 1.20m (especie nativa) | J26: =VLOOKUP(A26,MATERIALES!B7:E848,2,FALSE) -> u | K26: 1 | L26: =VLOOKUP(A26,MATERIALES!B7:E848,4,FALSE) -> 35648 | N26: =L26*K26 -> 35648
B28: SUBTOTAL $ | N28: =SUM(N22:N27) -> 37812.461
B30: III. TRANSPORTES
B32: MATERIAL | H32: UNIDAD | I32: CANTIDAD (1) | J32: DISTANCIA (2) | K32: (1) * (2) | L32: TARIFA | N32: Vr. UNITARIO
A33: T0010040 | B33: =VLOOKUP(A33,TRANSPORTE!C2:F38,3,FALSE) -> Transporte de material desmontado | H33: =VLOOKUP(A33,[214]TRANSPORTE!C1:F37,2,FALSE) -> t-km | I33: 0 | J33: ='DISTANCIA DE ACARREO'!D6 -> 0 | K33: =J33*I33 -> 0 | L33: =VLOOKUP(A33,TRANSPORTE!C2:F38,4,FALSE) -> 1414.0328 | N33: =K33*L33 -> 0
B39: SUBTOTAL $ | N39: =SUM(N33:N38) -> 0
B41: IV. MANO DE OBRA
B43: TRABAJADOR | I43: JORNAL | J43: PRESTACIONES (%) | K43: JORNAL TOTAL | L43: RENDIMIENTO | N43: Vr. UNITARIO
A45: A0030030 | B45: =VLOOKUP(A45,'MANO DE OBRA'!C13:H78,3,FALSE) -> Obrero (3) | I45: =VLOOKUP(A45,'MANO DE OBRA'!C13:H78,4,FALSE) -> 142350 | J45: =VLOOKUP(A45,'MANO DE OBRA'!C13:H78,6,FALSE) -> 1.85 | K45: =J45*I45 -> 263347.5 | M45: 68 | N45: =K45/M45 -> 3872.7574
A46: A0040010 | B46: =VLOOKUP(A46,'MANO DE OBRA'!C14:H79,3,FALSE) -> Oficial | I46: =VLOOKUP(A46,'MANO DE OBRA'!C14:H79,4,FALSE) -> 80665 | J46: =VLOOKUP(A46,'MANO DE OBRA'!C14:H79,6,FALSE) -> 1.85 | K46: =J46*I46 -> 149230.25 | M46: =M45 -> 68 | N46: =K46/M46 -> 2194.5625
B50: SUBTOTAL $ | N50: =SUM(N44:N49) -> 6067.3199
B52: TOTAL COSTO DIRECTO $ | N52: =ROUND(N17+N28+N39+N50,0) -> 47308
B54: V. COSTOS INDIRECTOS
B56: Descripción | K56: Porcentaje | L56: Valor Total
B57: ADMINISTRACION | K57: 0.2 | L57: =N52*K57 -> 9461.6
B58: IMPREVISTOS | K58: 0.05 | L58: =N52*K58 -> 2365.4
B59: UTILIDAD | K59: 0.05 | L59: =N52*K59 -> 2365.4
B60: SUBTOTAL $ | N60: =L57+L58+L59 -> 14192.4
A62: PFinal01 | B62: Precio Unitario Total Aproximado al Peso $ | N62: =N52+N60 -> 61500.4
B70: OBSERVACIONES INTERVENTORÍA:
B76: APROBACIÓN POR INTERVENTORÍA
B77: Nota 1: Cuando se trate de Análisis de precios unitarios correspondientes a ítems de la propuesta económica aprobada, el Interventor aprueba el desglose de los componentes manteniendo el mismo precio unitario de cada ítem, cumpliendo con las especificaciones de construcción vigentes para el proyecto.
B79: Nota 2: Cuando se trate de Análisis de precios unitarios de ítems no previstos, el Interventor aprueba el desglose y precio unitario de cada ítem no previsto, exigiendo la aplicación de los costos correspondientes a insumos y tarifas de la propuesta económica inicial cuando estén contemplados, cumpliendo con las especificaciones de construcción vigente para el proyecto.
E85: Firma
E86: Nombre:
E87: Representante Legal del Interventor o su Apoderado
E88: Matricula No. :
B90: Original: Archivo de Gestión del Contrato (Subdirección Administrativa).
B91: Copias: Unidad Ejecutora, Contratista, Interventor y Dirección Territorial.

Sheet 1.11
B1: =+PRESUPUESTO!B12 -> Establecimiento de material vegetal ( Incluye adecuacion de terreno y suministros)
A2: Entidad Formuladora
A3: Nombre del Proyecto | B3: PROYECTO TIPO RECUPERACIÓN DE COBERTURA VEGETAL EN ÁREAS DISTURBADAS
A4: Municipio
A5: Actividad | B5: =+PRESUPUESTO!B12 -> Establecimiento de material vegetal ( Incluye adecuacion de terreno y suministros) | C5: ITEM | D5: =+PRESUPUESTO!A12 -> 3.1 | E5: =+PRESUPUESTO!C12 -> un
C6: Número de Hectáreas | E6: 10
A7: Tiempo de la actividad | B7: 8
A8: DISEÑO DE LA PLANTACION | C8: Cuadro | D8: X | E8: Tresbolillo
A9: 1. Distancias de Siembra (mts) | B9: 3.5 | C9: 3.5 | D9: Costo Unitario $
A10: 2. Número de Plántulas por Ha (especies nativas de rapido crecimiento y especies nativasde lento crecimiento y/o amenazadas ) | C10: =10000/(B9*C9) -> 816.32653 | D10: 2600
A11: 3. Porcentaje de reposición % | C11: 0.1
A12: 4. INSUMOS | B12: Nombre | C12: Cantidad | D12: Costo / kg (Lt)
A13: Insumo 1 (Gramos / Arbol) | B13: Cal Agrícola | C13: 300 | D13: =BASE!B20 -> 200
A14: Insumo 2 (Gramos / Arbol) | B14: Biofertilizante | C14: 50 | D14: 1800
A15: Insumo 3 (Gramos / Arbol) | B15: Abono orgánico | C15: 200 | D15: 500
A16: Control Arvenses - Cantidad/Ha (Kg-Lt.) | B16: Herbicida | C16: 0 | D16: 0
A17: Control fitosanitario 1 - Cantidad /Ha (Kg - Lt.) | B17: Fungisida | C17: 0 | D17: 0
A18: Control fitosanitario 1 - Cantidad /Ha (Kg - Lt.) | B18: Control Hormiga | C18: 2 | D18: 6000
A19: 5. Costo por Jornal (con prestaciones) | D19: =BASE!E22 -> 57683.501
A20: 6. Herramientas (% de la MO) | B20: 0.05
A21: 7. Transporte Mayor y Menor Insumos (% de Insumos) | B21: 0.1
C23: METAS TOTALES | D23: 1 | E23: Has
A25: CATEGORIA DE INVERSIÓN | B25: Unidad | C25: Cantidad / Ha | D25: Valor Unitario ($) | E25: Valor Total/Ha ($)
A26: COSTOS DIRECTOS
A27: 1.1. MANO DE OBRA
A28: Preparación terreno | B28: Jornal | C28: 5 | D28: =$D$19 -> 57683.501 | E28: =ROUND(C28*D28,0) -> 288418
A29: Plateo | B29: Jornal | C29: 5.32 | D29: =$D$19 -> 57683.501 | E29: =ROUND(C29*D29,0) -> 306876
A30: Trazado plantación | B30: Jornal | C30: 3 | D30: =$D$19 -> 57683.501 | E30: =ROUND(C30*D30,0) -> 173051
A31: Ahoyado | B31: Jornal | C31: 8 | D31: =$D$19 -> 57683.501 | E31: =ROUND(C31*D31,0) -> 461468
A32: Aplicación de correctivos | B32: Jornal | C32: 4 | D32: =$D$19 -> 57683.501 | E32: =ROUND(C32*D32,0) -> 230734
A33: Plantación (siembra) | B33: Jornal | C33: 4 | D33: =$D$19 -> 57683.501 | E33: =ROUND(C33*D33,0) -> 230734
A34: Control fitosanitario | B34: Jornal | C34: 2 | D34: =$D$19 -> 57683.501 | E34: =ROUND(C34*D34,0) -> 115367
A35: Reposición (Replante) | B35: Jornal | C35: 2.36 | D35: =$D$19 -> 57683.501 | E35: =ROUND(C35*D35,0) -> 136133
A36: Transporte interno de insumos | B36: Jornal | C36: 3 | D36: =$D$19 -> 57683.501 | E36: =ROUND(C36*D36,0) -> 173051
A37: Control de Malezas (3 año) | B37: Jornal | C37: 5 | D37: =$D$19 -> 57683.501 | E37: =ROUND(C37*D37,0) -> 288418
A38: SUBTOTAL MANO DE OBRA | C38: =SUM(C28:C37) -> 41.68 | E38: =SUM(E28:E37) -> 2404250 | F38: 2404250 | G38: =E38/C40 -> 2677.3385
A39: 1.2. INSUMOS
A40: Plántulas (siembra+reposición) | B40: Plántulas | C40: =ROUND(C10+(C10*C11),0) -> 898 | D40: =D10 -> 2600 | E40: =ROUND(C40*D40,0) -> 2334800 | G40: =5000/C40 -> 5.5679287
A41: Cal Agrícola | B41: Kg | C41: =+ROUND(($C$10*C13)/1000,0) -> 245 | D41: =D13 -> 200 | E41: =ROUND(C41*D41,0) -> 49000
A42: Biofertilizante | B42: Kg | C42: =+ROUND(($C$10*C14)/1000,0) -> 41 | D42: =D14 -> 1800 | E42: =ROUND(C42*D42,0) -> 73800
A43: Control Hormiga | B43: Kg | C43: =C18 -> 2 | D43: =D18 -> 6000 | E43: =ROUND(C43*D43,0) -> 12000
A44: SUBTOTAL INSUMOS | E44: =SUM(E40:E43) -> 2469600 | F44: =E44*D23 -> 2469600
A45: 2. EQUIPOS Y HERRAMIENTAS
A46: Herramientas ( 5 % de M.O) | E46: =ROUND(E38*B20,0) -> 120213
A47: Transp. Mayor y Menor ( 10 % Insumos) | E47: =ROUND(E44*B21,0) -> 246960
A48: SUBTOTAL EQUIPOS Y HERRAMIENTAS | E48: =E46+E47 -> 367173 | F48: =E48*D23 -> 367173
A49: SUBTOTAL | E49: =+E48+E44+E38+D54 -> 5241023
B50: AIU | D50: =+D51+D52+D53 -> 0.24
B51: Administración | D51: 0.18 | E51: =+E49*D51 -> 943384.14
B52: Imprevistos | D52: 0.01 | E52: =+E49*D52 -> 52410.23
B53: Utilidad | D53: 0.05 | E53: =+D53*E49 -> 262051.15 | F53: =SUM(E51:E53)*D23 -> 1257845.5
B54: Total Costo de Obra / ha | E54: =SUM(E51:E53)+E49 -> 6498868.5

Sheet APU. 4. Aislamiento
B1: =+PRESUPUESTO!B9 -> Aislamiento de las áreas con mayor presencia del tensionante identificado en cercas de puas
A2: Entidad Formuladora
A3: Nombre del Proyecto | B3: PROYECTO TIPO RECUPERACIÓN DE COBERTURA VEGETAL EN ÁREAS DISTURBADAS
A4: Municipio
A5: Actividad | B5: =+PRESUPUESTO!B9 -> Aislamiento de las áreas con mayor presencia del tensionante identificado en cercas de puas | D5: ITEM | E5: =+PRESUPUESTO!A9 -> 2.1 | F5: =+PRESUPUESTO!C9 -> m
C6: Número de kilomertros | E6: 8.3
A7: Tiempo de la actividad
A8: DISEÑO DE AISLAMIENTO | D8: Costo Unitario $
A9: 1. Distancia entre postes mts. | C9: 2.5
A10: 2. Distancia pie amigos mts. | C10: 25
A11: 3. Hilos alambre | C11: 3
A12: 4. # Postes/KM | C12: =1000/C9 -> 400
A13: 5. # Postes Piamigo/KM | C13: =1000/C10 -> 40
A14: 6. Rollos alambre/KM (300 m) | C14: =(((E6*1000)*3)/300)/E6 -> 10
A15: 7. Grapas/km en kg. | C15: 9
A16: 8. Costo por Jornal | D16: =BASE!E22 -> 57683.501
A17: 9. Costo Transp. mayor (% de insumos) | C17: 0.1
A18: 10. Herramientas (% M.O.) | C18: 0.05
A19: 11. Metros Lineal (Ha) | C19: 166
D21: METAS TOTALES | E21: =E6 -> 8.3 | F21: KM
A23: ITEM | B23: COSTOS / KM (1000 ML)
B24: Cantidad | C24: Valor Unitario $ | D24: Valor Total $
A25: 1. MANO DE OBRA
A26: Trazado | B26: 3 | C26: =$D$16 -> 57683.501 | D26: =ROUND(B26*C26,0) -> 173051
A27: Ahoyado | B27: 10 | C27: =$D$16 -> 57683.501 | D27: =ROUND(B27*C27,0) -> 576835
A28: Transporte menor | B28: 9 | C28: =$D$16 -> 57683.501 | D28: =ROUND(B28*C28,0) -> 519152
A29: Hincado | B29: 4 | C29: =$D$16 -> 57683.501 | D29: =ROUND(B29*C29,0) -> 230734
A30: Templado y grapado | B30: 4 | C30: =$D$16 -> 57683.501 | D30: =ROUND(B30*C30,0) -> 230734
A31: Mantenimiento de cercos (1 año) | B31: 2 | C31: =$D$16 -> 57683.501 | D31: =ROUND(B31*C31,0) -> 115367
A32: SUBTOTAL MANO DE OBRA | B32: =SUM(B26:B31) -> 32 | D32: =SUM(D26:D31) -> 1845873 | G32: =D32*E21 -> 15320746
A33: 2. INSUMOS
A34: Alambre de pua (Rollo) | B34: =C14 -> 10 | C34: 290000 | D34: =ROUND(B34*C34,0) -> 2900000
A35: Postes | B35: =C12 -> 400 | C35: 17000 | D35: =ROUND(B35*C35,0) -> 6800000
A36: Pie Amigos | B36: =C13 -> 40 | C36: 17000 | D36: =ROUND(B36*C36,0) -> 680000
A37: Grapa (Kgr.) | B37: =C15 -> 9 | C37: 5300 | D37: =ROUND(B37*C37,0) -> 47700
A38: SUBTOTAL INSUMOS | D38: =SUM(D34:D37) -> 10427700 | G38: =D38*E21 -> 86549910
A39: 3. EQUIPOS Y HERRAMIENTAS - TRANSPORTE
A40: Herramientas (5% M.O) | D40: =ROUND(D32*C18,0) -> 92294
A41: Transporte (10% Insumos) | D41: =D38*10% -> 1042770
A42: SUBTOTAL Equipos y Herramientas -Transporte | D42: =D41+D40 -> 1135064 | G42: =D42*E21 -> 9421031.2
A43: SUBTOTAL AISLAMIENTO | D43: =+D38+D32+D42 -> 13408637 | F43: =D43/1000 -> 13408.637
B44: AIU | C44: =+C45+C46+C47 -> 0.24
B45: Administración | C45: 0.18 | D45: =$D$43*C45 -> 2413554.7
B46: Imprevistos | C46: 0.01 | D46: =$D$43*C46 -> 134086.37
B47: Utilidad | C47: 0.05 | D47: =$D$43*C47 -> 670431.85 | G47: =SUM(D45:D47)*E21 -> 26710005
B48: Total Costo de Obra / km | D48: =(D45+D46+D47)+D43 -> 16626710
A49: Nota: Materiales puestos en sitio

Sheet APU. 5. Parcelas de Monitoreo
A1: =+PRESUPUESTO!#REF! -> #REF!
A2: Entidad Formuladora
A3: Nombre del Proyecto | B3: PROYECTO TIPO RECUPERACIÓN DE COBERTURA VEGETAL EN ÁREAS DISTURBADAS
A4: Municipio
A5: Actividad | B5: =+PRESUPUESTO!#REF! -> #REF! | E5: ITEM | F5: =+PRESUPUESTO!#REF! -> #REF! | G5: =+PRESUPUESTO!#REF! -> #REF!
A6: Número de Parcelas | B6: 10 | C6: Número de Hectáreas | E6: 100
A7: Tiempo de la actividad | C7: Tamaño de Parcelas | E7: 20x50
A8: DESCRIPCIÓN | B8: UNIDAD | C8: CANTIDAD | D8: PLAZO | E8: RENDIMIENTO/DEDICACIÓN | F8: COSTO UNITARIO | G8: VALOR TOTAL
A9: 1. EQUIPOS
A10: GPS 30x (alquiler) | B10: Und | C10: 1 | D10: 2 | E10: 1 | F10: 357000 | G10: =+F10*E10*D10*C10 -> 714000
A11: 5. MATERIALES
A12: Tubos pvc | B12: Und | C12: 6 | D12: 2 | E12: 1 | F12: 13804 | G12: =C12*D12*E12*F12 -> 165648
A13: Placas de aluminio | B13: Und | C13: 800 | D13: 2 | E13: 1 | F13: 416.5 | G13: =C13*D13*E13*F13 -> 666400
A14: papeleria (formatos, tablas, lapiceros, etc) | B14: Und | C14: 1 | D14: 2 | E14: 1 | F14: 59500 | G14: =C14*D14*E14*F14 -> 119000
A15: Cabuya para demarcar mts | B15: Und | C15: 1400 | D15: 2 | E15: 1 | F15: 297.5 | G15: =C15*D15*E15*F15 -> 833000
A16: SUBTOTAL | G16: =SUM(G10:G15) -> 2498048
E17: TOTAL | G17: =+G16 -> 2498048
A18: Nota: Se proyecta los profesionales contratados por prestación de servicios

Sheet 3.2
B1: DATOS ESPECÍFICOS
B2: Análisis de Precios Unitario
B3: ITEM | C3: DESCRIPCIÓN | K3: ESP. INVÍAS | L3: UNIDAD | N3: CANTIDAD
B4: ITEM | C4: DESCRIPCIÓN | L4: UNIDAD | N4: CANTIDAD
A5: Unidad | B5: =PRESUPUESTO!A13 -> 3.2 | C5: =VLOOKUP(B5,PRESUPUESTO!A3:F13,2,FALSE) -> Riego con agua a las plantulas | L5: =VLOOKUP(B5,PRESUPUESTO!A1:L38,3,FALSE) -> Dia | N5: =VLOOKUP(B5,PRESUPUESTO!A1:L38,4,FALSE) -> 30
B7: I. EQUIPO
B9: DESCRIPCIÓN | I9: UNIDAD | K9: TARIFA/HORA | L9: RENDIMIENTO | N9: Vr. UNITARIO
A11: C0010150 | B11: =VLOOKUP(A11,EQUIPOS!C4:G201,3,FALSE) -> Carrotanque de agua(1000 Galones) | J11: =VLOOKUP(A11,EQUIPOS!C4:G201,2,FALSE) -> h | K11: =VLOOKUP(A11,EQUIPOS!C4:G201,5,FALSE) -> 89366.566 | M11: 8 | N11: =K11*M11 -> 714932.53
B16: HERRAMIENTA MENOR (%) | L16: 0.05 | N16: =L16*N50 -> 8778.25
B17: SUBTOTAL $ | N17: =SUM(N10:N16) -> 723710.78
B19: II. MATERIALES
B21: DESCRIPCIÓN | J21: UNIDAD | K21: CANTIDAD | L21: PRECIO UNIT. | N21: Vr. UNITARIO
A22: B0063200 | B22: =VLOOKUP(A22,MATERIALES!B3:E797,3,FALSE) -> Agua | J22: =VLOOKUP(A22,MATERIALES!B3:E844,2,FALSE) -> L | K22: 8000 | L22: =VLOOKUP(A22,MATERIALES!B3:E844,4,FALSE) -> 87.446064 | N22: =L22*K22 -> 699568.51
B28: SUBTOTAL $ | N28: =SUM(N22:N27) -> 699568.51
B30: III. TRANSPORTES
B32: MATERIAL | H32: UNIDAD | I32: CANTIDAD (1) | J32: DISTANCIA (2) | K32: (1) * (2) | L32: TARIFA | N32: Vr. UNITARIO
A33: T0010040 | B33: =VLOOKUP(A33,TRANSPORTE!C2:F38,3,FALSE) -> Transporte de material desmontado | H33: =VLOOKUP(A33,[214]TRANSPORTE!C1:F37,2,FALSE) -> t-km | I33: 0 | J33: ='DISTANCIA DE ACARREO'!D6 -> 0 | K33: =J33*I33 -> 0 | L33: =VLOOKUP(A33,TRANSPORTE!C2:F38,4,FALSE) -> 1414.0328 | N33: =K33*L33 -> 0
B39: SUBTOTAL $ | N39: =SUM(N33:N38) -> 0
B41: IV. MANO DE OBRA
B43: TRABAJADOR | I43: JORNAL | J43: PRESTACIONES (%) | K43: JORNAL TOTAL | L43: RENDIMIENTO | N43: Vr. UNITARIO
A45: A0030020 | B45: =VLOOKUP(A45,'MANO DE OBRA'!C13:H78,3,FALSE) -> Obrero (2) | I45: =VLOOKUP(A45,'MANO DE OBRA'!C13:H78,4,FALSE) -> 94900 | J45: =VLOOKUP(A45,'MANO DE OBRA'!C13:H78,6,FALSE) -> 1.85 | K45: =J45*I45 -> 175565 | M45: 1 | N45: =K45/M45 -> 175565
B50: SUBTOTAL $ | N50: =SUM(N44:N49) -> 175565
B52: TOTAL COSTO DIRECTO $ | N52: =ROUND(N17+N28+N39+N50,0) -> 1598844
B54: V. COSTOS INDIRECTOS
B56: Descripción | K56: Porcentaje | L56: Valor Total
B57: ADMINISTRACION | K57: 0.2 | L57: =N52*K57 -> 319768.8
B58: IMPREVISTOS | K58: 0.05 | L58: =N52*K58 -> 79942.2
B59: UTILIDAD | K59: 0.05 | L59: =N52*K59 -> 79942.2
B60: SUBTOTAL $ | N60: =L57+L58+L59 -> 479653.2
A62: PFinal01 | B62: Precio Unitario Total Aproximado al Peso $ | N62: =N52+N60 -> 2078497.2
B70: OBSERVACIONES INTERVENTORÍA:
B76: APROBACIÓN POR INTERVENTORÍA
B77: Nota 1: Cuando se trate de Análisis de precios unitarios correspondientes a ítems de la propuesta económica aprobada, el Interventor aprueba el desglose de los componentes manteniendo el mismo precio unitario de cada ítem, cumpliendo con las especificaciones de construcción vigentes para el proyecto.
B79: Nota 2: Cuando se trate de Análisis de precios unitarios de ítems no previstos, el Interventor aprueba el desglose y precio unitario de cada ítem no previsto, exigiendo la aplicación de los costos correspondientes a insumos y tarifas de la propuesta económica inicial cuando estén contemplados, cumpliendo con las especificaciones de construcción vigente para el proyecto.
E85: Firma
E86: Nombre:
E87: Representante Legal del Interventor o su Apoderado
E88: Matricula No. :
B90: Original: Archivo de Gestión del Contrato (Subdirección Administrativa).
B91: Copias: Unidad Ejecutora, Contratista, Interventor y Dirección Territorial.

Sheet 4.1
B1: DATOS ESPECÍFICOS
B2: Análisis de Precios Unitario
B3: ITEM | C3: DESCRIPCIÓN | K3: ESP. INVÍAS | L3: UNIDAD | N3: CANTIDAD
B4: ITEM | C4: DESCRIPCIÓN | L4: UNIDAD | N4: CANTIDAD
A5: Unidad | B5: =PRESUPUESTO!A21 -> 4.1 | C5: =PRESUPUESTO!B21 -> Taller para el fortalecimiento de capacidades técnicas en la siembra, cuidado y aprovechamiento sostenible de especies arbóreas nativas, dirigido a propietarios y poseedores de predios vinculados al proyecto. (Grupos de 30 Personas) | L5: =PRESUPUESTO!C21 -> Sesión (4 horas ) | N5: =PRESUPUESTO!D21 -> 3
B7: I. EQUIPO
B9: DESCRIPCIÓN | I9: UNIDAD | K9: TARIFA/HORA | L9: RENDIMIENTO | N9: Vr. UNITARIO
B11: Arriendo de vehículo 4x4 (2) con conductor, gasolina y peajes | I11: dia | K11: 500000 | M11: 1 | N11: =M11*K11 -> 500000
B13: Alquiler de equipos Amplificador Profesional 120Wrms Trípode + Micrófono | I13: dia | K13: ='4.2'!K13 -> 250000 | L13: 1 | N13: =L13*K13 -> 250000 | P13: =PRESUPUESTO!#REF! -> #REF!
B16: HERRAMIENTA MENOR (%) | L16: 0.05 | N16: =L16*N50 -> 79858.35
B17: SUBTOTAL $ | N17: =SUM(N10:N16) -> 829858.35
B19: II. MATERIALES
B21: DESCRIPCIÓN | J21: UNIDAD | K21: CANTIDAD | L21: PRECIO UNIT. | N21: Vr. UNITARIO
B22: Refrigerio | J22: un | K22: 40 | L22: 9000 | N22: =L22*K22 -> 360000
B23: Hidratación (Botella plastica con agua) | J23: un | K23: 40 | L23: 3000 | N23: =L23*K23 -> 120000
B24: Folletos impresos full Color | J24: un | K24: 40 | L24: 500 | N24: =L24*K24 -> 20000
B25: Almuersos para personal capacitador y logistico | J25: un | K25: 6 | L25: 30000 | N25: =L25*K25 -> 180000
B28: SUBTOTAL $ | N28: =SUM(N22:N27) -> 680000
B30: III. TRANSPORTES
B32: MATERIAL | H32: UNIDAD | I32: CANTIDAD (1) | J32: DISTANCIA (2) | K32: (1) * (2) | L32: TARIFA | N32: Vr. UNITARIO
B39: SUBTOTAL $ | N39: =SUM(N33:N38) -> 0
B41: IV. MANO DE OBRA
B43: TRABAJADOR | I43: JORNAL | J43: PRESTACIONES (%) | K43: JORNAL TOTAL | L43: RENDIMIENTO | N43: Vr. UNITARIO
A45: M.O0003 | B45: =VLOOKUP(A45,'MANO DE OBRA'!C13:H100,3,FALSE) -> Ingeniero Ambiental o Forestal | I45: =VLOOKUP(A45,'MANO DE OBRA'!C13:H100,4,FALSE) -> 142350 | J45: =VLOOKUP(A45,'MANO DE OBRA'!C13:H100,6,FALSE) -> 1.7 | K45: =J45*I45 -> 241995 | M45: 2.3 | N45: =K45*M45 -> 556588.5
A46: M.O0002 | B46: =VLOOKUP(A46,'MANO DE OBRA'!C14:H101,3,FALSE) -> Profesional Psicólogo(a) | I46: =VLOOKUP(A46,'MANO DE OBRA'!C14:H101,4,FALSE) -> 142350 | J46: =VLOOKUP(A46,'MANO DE OBRA'!C14:H101,6,FALSE) -> 1.7 | K46: =J46*I46 -> 241995 | M46: 2.3 | N46: =M46*K46 -> 556588.5
A47: M.O0004 | B47: =VLOOKUP(A47,'MANO DE OBRA'!C15:H102,3,FALSE) -> Fotografo | I47: =VLOOKUP(A47,'MANO DE OBRA'!C15:H102,4,FALSE) -> 142350 | J47: =VLOOKUP(A47,'MANO DE OBRA'!C15:H102,6,FALSE) -> 1.7 | K47: =J47*I47 -> 241995 | M47: 2 | N47: =M47*K47 -> 483990
B50: SUBTOTAL $ | N50: =SUM(N44:N49) -> 1597167
B52: TOTAL COSTO DIRECTO $ | N52: =ROUND(N17+N28+N39+N50,0) -> 3107025
B54: V. COSTOS INDIRECTOS
B56: Descripción | K56: Porcentaje | L56: Valor Total
B57: ADMINISTRACION | K57: 0.2 | L57: =N52*K57 -> 621405
B58: IMPREVISTOS | K58: 0.05 | L58: =N52*K58 -> 155351.25
B59: UTILIDAD | K59: 0.05 | L59: =N52*K59 -> 155351.25
B60: SUBTOTAL $ | N60: =L57+L58+L59 -> 932107.5
A62: PFinal01 | B62: Precio Unitario Total Aproximado al Peso $ | N62: =N52+N60 -> 4039132.5
B70: OBSERVACIONES INTERVENTORÍA:
B76: APROBACIÓN POR INTERVENTORÍA
B77: Nota 1: Cuando se trate de Análisis de precios unitarios correspondientes a ítems de la propuesta económica aprobada, el Interventor aprueba el desglose de los componentes manteniendo el mismo precio unitario de cada ítem, cumpliendo con las especificaciones de construcción vigentes para el proyecto.
B79: Nota 2: Cuando se trate de Análisis de precios unitarios de ítems no previstos, el Interventor aprueba el desglose y precio unitario de cada ítem no previsto, exigiendo la aplicación de los costos correspondientes a insumos y tarifas de la propuesta económica inicial cuando estén contemplados, cumpliendo con las especificaciones de construcción vigente para el proyecto.
E85: Firma
E86: Nombre:
E87: Representante Legal del Interventor o su Apoderado
E88: Matricula No. :
B90: Original: Archivo de Gestión del Contrato (Subdirección Administrativa).
B91: Copias: Unidad Ejecutora, Contratista, Interventor y Dirección Territorial.

Sheet 4.2
B1: DATOS ESPECÍFICOS
B2: Análisis de Precios Unitario
B3: ITEM | C3: DESCRIPCIÓN | K3: ESP. INVÍAS | L3: UNIDAD | N3: CANTIDAD
B4: ITEM | C4: DESCRIPCIÓN | L4: UNIDAD | N4: CANTIDAD
A5: Unidad | B5: =PRESUPUESTO!A22 -> 4.2 | C5: =PRESUPUESTO!B22 -> Taller sobre cambio climático, manejo de residuos sólidos, uso eficiente del agua y reforestación, dirigidos a estudiantes, niños y niñas del área de influencia del proyecto (grupos de hasta 30 personas). | L5: =PRESUPUESTO!C22 -> Sesión (3 horas ) | N5: =PRESUPUESTO!D22 -> 6
B7: I. EQUIPO
B9: DESCRIPCIÓN | I9: UNIDAD | K9: TARIFA/HORA | L9: RENDIMIENTO | N9: Vr. UNITARIO
B11: Arriendo de vehículo 4x4 (2) con conductor, gasolina y peajes | I11: dia | K11: 500000 | M11: 1 | N11: =M11*K11 -> 500000
B13: Alquiler de equipos Amplificador Profesional 120Wrms Trípode + Micrófono | I13: dia | K13: 250000 | L13: 1 | N13: =L13*K13 -> 250000
B16: HERRAMIENTA MENOR (%) | L16: 0.05 | N16: =L16*N50 -> 85303.238
B17: SUBTOTAL $ | N17: =SUM(N10:N16) -> 835303.24
B19: II. MATERIALES
B21: DESCRIPCIÓN | J21: UNIDAD | K21: CANTIDAD | L21: PRECIO UNIT. | N21: Vr. UNITARIO
B22: Refrigerio | J22: un | K22: 50 | L22: 9000 | N22: =L22*K22 -> 450000
B23: Hidratación (Botella plastica con agua) | J23: un | K23: 50 | L23: 3000 | N23: =L23*K23 -> 150000
B24: Folletos impresos full Color | J24: un | K24: 50 | L24: 500 | N24: =L24*K24 -> 25000
B25: Almuersos para personal capacitador y logistico | J25: un | K25: 8 | L25: 30000 | N25: =L25*K25 -> 240000
B28: SUBTOTAL $ | N28: =SUM(N22:N27) -> 865000
B30: III. TRANSPORTES
B32: MATERIAL | H32: UNIDAD | I32: CANTIDAD (1) | J32: DISTANCIA (2) | K32: (1) * (2) | L32: TARIFA | N32: Vr. UNITARIO
B39: SUBTOTAL $ | N39: =SUM(N33:N38) -> 0
B41: IV. MANO DE OBRA
B43: TRABAJADOR | I43: JORNAL | J43: PRESTACIONES (%) | K43: JORNAL TOTAL | L43: RENDIMIENTO | N43: Vr. UNITARIO
A45: M.O0003 | B45: =VLOOKUP(A45,'MANO DE OBRA'!C13:H100,3,FALSE) -> Ingeniero Ambiental o Forestal | I45: =VLOOKUP(A45,'MANO DE OBRA'!C13:H100,4,FALSE) -> 142350 | J45: =VLOOKUP(A45,'MANO DE OBRA'!C13:H100,6,FALSE) -> 1.7 | K45: =J45*I45 -> 241995 | M45: 2.35 | N45: =K45*M45 -> 568688.25
A46: M.O0002 | B46: =VLOOKUP(A46,'MANO DE OBRA'!C14:H101,3,FALSE) -> Profesional Psicólogo(a) | I46: =VLOOKUP(A46,'MANO DE OBRA'!C14:H101,4,FALSE) -> 142350 | J46: =VLOOKUP(A46,'MANO DE OBRA'!C14:H101,6,FALSE) -> 1.7 | K46: =J46*I46 -> 241995 | M46: =M45 -> 2.35 | N46: =M46*K46 -> 568688.25
A47: M.O0004 | B47: =VLOOKUP(A47,'MANO DE OBRA'!C15:H102,3,FALSE) -> Fotografo | I47: =VLOOKUP(A47,'MANO DE OBRA'!C15:H102,4,FALSE) -> 142350 | J47: =VLOOKUP(A47,'MANO DE OBRA'!C15:H102,6,FALSE) -> 1.7 | K47: =J47*I47 -> 241995 | M47: =M46 -> 2.35 | N47: =M47*K47 -> 568688.25
B50: SUBTOTAL $ | N50: =SUM(N44:N49) -> 1706064.8
B52: TOTAL COSTO DIRECTO $ | N52: =ROUND(N17+N28+N39+N50,0) -> 3406368
B54: V. COSTOS INDIRECTOS
B56: Descripción | K56: Porcentaje | L56: Valor Total
B57: ADMINISTRACION | K57: 0.2 | L57: =N52*K57 -> 681273.6
B58: IMPREVISTOS | K58: 0.05 | L58: =N52*K58 -> 170318.4
B59: UTILIDAD | K59: 0.05 | L59: =N52*K59 -> 170318.4
B60: SUBTOTAL $ | N60: =L57+L58+L59 -> 1021910.4
A62: PFinal01 | B62: Precio Unitario Total Aproximado al Peso $ | N62: =N52+N60 -> 4428278.4
B70: OBSERVACIONES INTERVENTORÍA:
B76: APROBACIÓN POR INTERVENTORÍA
B77: Nota 1: Cuando se trate de Análisis de precios unitarios correspondientes a ítems de la propuesta económica aprobada, el Interventor aprueba el desglose de los componentes manteniendo el mismo precio unitario de cada ítem, cumpliendo con las especificaciones de construcción vigentes para el proyecto.
B79: Nota 2: Cuando se trate de Análisis de precios unitarios de ítems no previstos, el Interventor aprueba el desglose y precio unitario de cada ítem no previsto, exigiendo la aplicación de los costos correspondientes a insumos y tarifas de la propuesta económica inicial cuando estén contemplados, cumpliendo con las especificaciones de construcción vigente para el proyecto.
E85: Firma
E86: Nombre:
E87: Representante Legal del Interventor o su Apoderado
E88: Matricula No. :
B90: Original: Archivo de Gestión del Contrato (Subdirección Administrativa).
B91: Copias: Unidad Ejecutora, Contratista, Interventor y Dirección Territorial.

Sheet 4.3
B1: DATOS ESPECÍFICOS
B2: Análisis de Precios Unitario
B3: ITEM | C3: DESCRIPCIÓN | K3: ESP. INVÍAS | L3: UNIDAD | N3: CANTIDAD
B4: ITEM | C4: DESCRIPCIÓN | L4: UNIDAD | N4: CANTIDAD
A5: Unidad | B5: =PRESUPUESTO!A23 -> 4.3 | C5: =PRESUPUESTO!B23 -> Campaña De Divulgación Informativa En Educación Ambiental Y Gestión Del Cambio Climático casa a casa | L5: =PRESUPUESTO!C23 -> Visitas (1/2 hora) | N5: =PRESUPUESTO!D23 -> 200
B7: I. EQUIPO
B9: DESCRIPCIÓN | I9: UNIDAD | K9: TARIFA/HORA | L9: RENDIMIENTO | N9: Vr. UNITARIO
B10: Motocicleta (2) | I10: dia | K10: 120000 | L10: =1/16 -> 0.0625 | N10: =L10*K10*2 -> 15000
B16: HERRAMIENTA MENOR (%)
B17: SUBTOTAL $ | N17: =SUM(N10:N16) -> 15000
B19: II. MATERIALES
B21: DESCRIPCIÓN | J21: UNIDAD | K21: CANTIDAD | L21: PRECIO UNIT. | N21: Vr. UNITARIO
B23: Hidratación (Botella plastica con agua) | J23: un | K23: =6/16 -> 0.375 | L23: 3000 | N23: =L23*K23 -> 1125
B24: Folletos impresos full Color | J24: un | K24: 2 | L24: 500 | N24: =L24*K24 -> 1000
B28: SUBTOTAL $ | N28: =SUM(N22:N27) -> 2125
B30: III. TRANSPORTES
B32: MATERIAL | H32: UNIDAD | I32: CANTIDAD (1) | J32: DISTANCIA (2) | K32: (1) * (2) | L32: TARIFA | N32: Vr. UNITARIO
B39: SUBTOTAL $ | N39: =SUM(N33:N38) -> 0
B41: IV. MANO DE OBRA
B43: TRABAJADOR | I43: JORNAL | J43: PRESTACIONES (%) | K43: JORNAL TOTAL | L43: RENDIMIENTO | N43: Vr. UNITARIO
A45: M.O0003 | B45: =VLOOKUP(A45,'MANO DE OBRA'!C13:H100,3,FALSE) -> Ingeniero Ambiental o Forestal | I45: =VLOOKUP(A45,'MANO DE OBRA'!C13:H100,4,FALSE) -> 142350 | J45: =VLOOKUP(A45,'MANO DE OBRA'!C13:H100,6,FALSE) -> 1.7 | K45: =J45*I45 -> 241995 | M45: =1/16 -> 0.0625 | N45: =K45*M45 -> 15124.688
A47: M.O0004 | B47: =VLOOKUP(A47,'MANO DE OBRA'!C15:H102,3,FALSE) -> Fotografo | I47: =VLOOKUP(A47,'MANO DE OBRA'!C15:H102,4,FALSE) -> 142350 | J47: =VLOOKUP(A47,'MANO DE OBRA'!C15:H102,6,FALSE) -> 1.7 | K47: =J47*I47 -> 241995 | M47: =1/24 -> 0.041666667 | N47: =M47*K47 -> 10083.125
A48: M.O0005 | B48: =VLOOKUP(A48,'MANO DE OBRA'!C16:H103,3,FALSE) -> Personas capacitadas para la realizacion de la campaña | I48: =VLOOKUP(A48,'MANO DE OBRA'!C16:H103,4,FALSE) -> 80665 | J48: =VLOOKUP(A48,'MANO DE OBRA'!C16:H103,6,FALSE) -> 1.85 | K48: =J48*I48 -> 149230.25 | M48: =1/16 -> 0.0625 | N48: =M48*K48 -> 9326.8906
B50: SUBTOTAL $ | N50: =SUM(N44:N49) -> 34534.703
B52: TOTAL COSTO DIRECTO $ | N52: =ROUND(N17+N28+N39+N50,0) -> 51660 | P52: 49824.999 | Q52: =N52-P52 -> 1835.0007
B54: V. COSTOS INDIRECTOS
B56: Descripción | K56: Porcentaje | L56: Valor Total
B57: ADMINISTRACION | K57: 0.2 | L57: =N52*K57 -> 10332
B58: IMPREVISTOS | K58: 0.05 | L58: =N52*K58 -> 2583
B59: UTILIDAD | K59: 0.05 | L59: =N52*K59 -> 2583
B60: SUBTOTAL $ | N60: =L57+L58+L59 -> 15498
A62: PFinal01 | B62: Precio Unitario Total Aproximado al Peso $ | N62: =N52+N60 -> 67158
B70: OBSERVACIONES INTERVENTORÍA:
B76: APROBACIÓN POR INTERVENTORÍA
B77: Nota 1: Cuando se trate de Análisis de precios unitarios correspondientes a ítems de la propuesta económica aprobada, el Interventor aprueba el desglose de los componentes manteniendo el mismo precio unitario de cada ítem, cumpliendo con las especificaciones de construcción vigentes para el proyecto.
B79: Nota 2: Cuando se trate de Análisis de precios unitarios de ítems no previstos, el Interventor aprueba el desglose y precio unitario de cada ítem no previsto, exigiendo la aplicación de los costos correspondientes a insumos y tarifas de la propuesta económica inicial cuando estén contemplados, cumpliendo con las especificaciones de construcción vigente para el proyecto.
E85: Firma
E86: Nombre:
E87: Representante Legal del Interventor o su Apoderado
E88: Matricula No. :
B90: Original: Archivo de Gestión del Contrato (Subdirección Administrativa).
B91: Copias: Unidad Ejecutora, Contratista, Interventor y Dirección Territorial.

Sheet 3.4
B1: DATOS ESPECÍFICOS
B2: Análisis de Precios Unitario
B3: ITEM | C3: DESCRIPCIÓN | K3: ESP. INVÍAS | L3: UNIDAD | N3: CANTIDAD
B4: ITEM | C4: DESCRIPCIÓN | L4: UNIDAD | N4: CANTIDAD
A5: Unidad | B5: =PRESUPUESTO!#REF! -> #REF! | C5: =VLOOKUP(B5,PRESUPUESTO!A3:F13,2,FALSE) -> #REF! | L5: =VLOOKUP(B5,PRESUPUESTO!A1:L38,3,FALSE) -> #REF! | N5: =VLOOKUP(B5,PRESUPUESTO!A1:L38,4,FALSE) -> #REF!
B7: I. EQUIPO
B9: DESCRIPCIÓN | I9: UNIDAD | K9: TARIFA/HORA | L9: RENDIMIENTO | N9: Vr. UNITARIO
A11: EQUIALGA05 | B11: =VLOOKUP(A11,EQUIPOS!C4:G201,3,FALSE) -> Tractor | J11: =VLOOKUP(A11,EQUIPOS!C4:G201,2,FALSE) -> dia | K11: =VLOOKUP(A11,EQUIPOS!C4:G201,5,FALSE) -> 87500 | M11: 0.025 | N11: =K11*M11 -> 2187.5
A12: EQUIALGA07 | B12: =VLOOKUP(A12,EQUIPOS!C5:G202,3,FALSE) -> Trailer | J12: =VLOOKUP(A12,EQUIPOS!C5:G202,2,FALSE) -> dia | K12: =VLOOKUP(A12,EQUIPOS!C5:G202,5,FALSE) -> 37500 | M12: 0.025 | N12: =K12*M12 -> 937.5
B16: HERRAMIENTA MENOR (%) | L16: 0.05 | N16: =L16*N50 -> 343.81479
B17: SUBTOTAL $ | N17: =SUM(N10:N16) -> 3468.8148
B19: II. MATERIALES
B21: DESCRIPCIÓN | J21: UNIDAD | K21: CANTIDAD | L21: PRECIO UNIT. | N21: Vr. UNITARIO
A22: MP0147 | B22: =VLOOKUP(A22,MATERIALES!B3:E797,3,FALSE) -> Biofertilizante | J22: =VLOOKUP(A22,MATERIALES!B3:E844,2,FALSE) -> kg | K22: 0.004 | L22: =VLOOKUP(A22,MATERIALES!B3:E844,4,FALSE) -> 35000 | N22: =L22*K22 -> 140
A23: MP0148 | B23: =VLOOKUP(A23,MATERIALES!B4:E798,3,FALSE) -> Fertilizante 15-15-15 | J23: =VLOOKUP(A23,MATERIALES!B4:E845,2,FALSE) -> kg | K23: 0.05 | L23: =VLOOKUP(A23,MATERIALES!B4:E845,4,FALSE) -> 18000 | N23: =L23*K23 -> 900
A24: B0063200 | B24: =VLOOKUP(A24,MATERIALES!B5:E799,3,FALSE) -> Agua | J24: =VLOOKUP(A24,MATERIALES!B5:E846,2,FALSE) -> L | K24: 10 | L24: =VLOOKUP(A24,MATERIALES!B5:E846,4,FALSE) -> 87.446064 | N24: =L24*K24 -> 874.46064
A25: MP0151 | B25: =VLOOKUP(A25,MATERIALES!B6:E800,3,FALSE) -> Control Hormiga | J25: =VLOOKUP(A25,MATERIALES!B6:E847,2,FALSE) -> kg | K25: 0.01 | L25: =VLOOKUP(A25,MATERIALES!B6:E847,4,FALSE) -> 25000 | N25: =L25*K25 -> 250
A26: B0303310 | B26: =VLOOKUP(A26,MATERIALES!B7:E801,3,FALSE) -> Árbol tipo paisajístico de 1.20m (especie nativa) | J26: =VLOOKUP(A26,MATERIALES!B7:E848,2,FALSE) -> u | K26: 1 | L26: =VLOOKUP(A26,MATERIALES!B7:E848,4,FALSE) -> 35648 | N26: =L26*K26 -> 35648
B28: SUBTOTAL $ | N28: =SUM(N22:N27) -> 37812.461
B30: III. TRANSPORTES
B32: MATERIAL | H32: UNIDAD | I32: CANTIDAD (1) | J32: DISTANCIA (2) | K32: (1) * (2) | L32: TARIFA | N32: Vr. UNITARIO
A33: T0010040 | B33: =VLOOKUP(A33,TRANSPORTE!C2:F38,3,FALSE) -> Transporte de material desmontado | H33: =VLOOKUP(A33,[214]TRANSPORTE!C1:F37,2,FALSE) -> t-km | I33: 0 | J33: ='DISTANCIA DE ACARREO'!D6 -> 0 | K33: =J33*I33 -> 0 | L33: =VLOOKUP(A33,TRANSPORTE!C2:F38,4,FALSE) -> 1414.0328 | N33: =K33*L33 -> 0
B39: SUBTOTAL $ | N39: =SUM(N33:N38) -> 0
B41: IV. MANO DE OBRA
B43: TRABAJADOR | I43: JORNAL | J43: PRESTACIONES (%) | K43: JORNAL TOTAL | L43: RENDIMIENTO | N43: Vr. UNITARIO
A45: A0030030 | B45: =VLOOKUP(A45,'MANO DE OBRA'!C13:H78,3,FALSE) -> Obrero (3) | I45: =VLOOKUP(A45,'MANO DE OBRA'!C13:H78,4,FALSE) -> 142350 | J45: =VLOOKUP(A45,'MANO DE OBRA'!C13:H78,6,FALSE) -> 1.85 | K45: =J45*I45 -> 263347.5 | M45: 60 | N45: =K45/M45 -> 4389.125
A46: A0040010 | B46: =VLOOKUP(A46,'MANO DE OBRA'!C14:H79,3,FALSE) -> Oficial | I46: =VLOOKUP(A46,'MANO DE OBRA'!C14:H79,4,FALSE) -> 80665 | J46: =VLOOKUP(A46,'MANO DE OBRA'!C14:H79,6,FALSE) -> 1.85 | K46: =J46*I46 -> 149230.25 | M46: 60 | N46: =K46/M46 -> 2487.1708
B50: SUBTOTAL $ | N50: =SUM(N44:N49) -> 6876.2958
B52: TOTAL COSTO DIRECTO $ | N52: =ROUND(N17+N28+N39+N50,0) -> 48158
B54: V. COSTOS INDIRECTOS
B56: Descripción | K56: Porcentaje | L56: Valor Total
B57: ADMINISTRACION | K57: 0.2 | L57: =N52*K57 -> 9631.6
B58: IMPREVISTOS | K58: 0.05 | L58: =N52*K58 -> 2407.9
B59: UTILIDAD | K59: 0.05 | L59: =N52*K59 -> 2407.9
B60: SUBTOTAL $ | N60: =L57+L58+L59 -> 14447.4
A62: PFinal01 | B62: Precio Unitario Total Aproximado al Peso $ | N62: =N52+N60 -> 62605.4
B70: OBSERVACIONES INTERVENTORÍA:
B76: APROBACIÓN POR INTERVENTORÍA
B77: Nota 1: Cuando se trate de Análisis de precios unitarios correspondientes a ítems de la propuesta económica aprobada, el Interventor aprueba el desglose de los componentes manteniendo el mismo precio unitario de cada ítem, cumpliendo con las especificaciones de construcción vigentes para el proyecto.
B79: Nota 2: Cuando se trate de Análisis de precios unitarios de ítems no previstos, el Interventor aprueba el desglose y precio unitario de cada ítem no previsto, exigiendo la aplicación de los costos correspondientes a insumos y tarifas de la propuesta económica inicial cuando estén contemplados, cumpliendo con las especificaciones de construcción vigente para el proyecto.
E85: Firma
E86: Nombre:
E87: Representante Legal del Interventor o su Apoderado
E88: Matricula No. :
B90: Original: Archivo de Gestión del Contrato (Subdirección Administrativa).
B91: Copias: Unidad Ejecutora, Contratista, Interventor y Dirección Territorial.

Sheet APU. 7  Registro 
A1: =+PRESUPUESTO!B5 -> Visitas de campo para el tramite suscripcion y cierre de acuerdos voluntarios Dirigidos
A2: Entidad Formuladora
A3: Nombre del Proyecto | B3: PROYECTO TIPO RECUPERACIÓN DE COBERTURA VEGETAL EN ÁREAS DISTURBADAS
A4: Municipio
A5: Actividad | B5: =PRESUPUESTO!#REF! -> #REF! | E5: ITEM | F5: =PRESUPUESTO!#REF! -> #REF! | G5: =+PRESUPUESTO!C5 -> un
A7: Tiempo de la actividad
A8: DESCRIPCIÓN | B8: UNIDAD | C8: CANTIDAD | D8: PLAZO (MESES) | E8: RENDIMIENTO/DEDICACIÓN | F8: COSTO UNITARIO | G8: VALOR TOTAL
A9: 1. PERSONAL (M O calificada)
A10: Profesional SIG | B10: Prof | C10: 1 | D10: 1 | E10: 1 | F10: 4500000 | G10: =+F10*E10*D10*C10 -> 4500000
A11: SUBTOTAL | G11: =SUM(G9:G10) -> 4500000
E12: TOTAL | G12: =G11 -> 4500000
A14: Nota: Se proyecta los profesionales contratados por prestación de servicios

Sheet APU. 8. Talleres
B1: =+PRESUPUESTO!B22 -> Taller sobre cambio climático, manejo de residuos sólidos, uso eficiente del agua y reforestación, dirigidos a estudiantes, niños y niñas del área de influencia del proyecto (grupos de hasta 30 personas).
A2: Entidad Formuladora
A3: Nombre del Proyecto | B3: PROYECTO TIPO RECUPERACIÓN DE COBERTURA VEGETAL EN ÁREAS DISTURBADAS
A4: Municipio
A5: Actividad | B5: =+PRESUPUESTO!B22 -> Taller sobre cambio climático, manejo de residuos sólidos, uso eficiente del agua y reforestación, dirigidos a estudiantes, niños y niñas del área de influencia del proyecto (grupos de hasta 30 personas). | D5: ITEM | E5: =+PRESUPUESTO!A22 -> 4.2 | F5: =+PRESUPUESTO!C22 -> Sesión (3 horas )
A6: Número de Personas | B6: 100 | C6: Número de Talleres | D6: 1
A7: Tiempo de la actividad | B7: 5
A8: DESCRIPCIÓN | B8: UNIDAD | C8: CANTIDAD | D8: RENDIMIENTO/DEDICACIÓN | E8: COSTO UNITARIO | F8: VALOR TOTAL
A9: 1. EQUIPOS
A10: Alquiler de salón audiovisuales | B10: Hora | C10: 5 | D10: 1 | E10: 512400 | F10: =+E10*D10*C10 -> 2562000
A11: 5. MATERIALES
A12: Refrigerios * 2 | B12: und | C12: 30 | D12: 1 | E12: 35000 | F12: =+E12*D12*C12 -> 1050000
A13: Costos menores de papelería sobre mano de obra | B13: Und | C13: 1 | D13: 1 | E13: 1500000 | F13: =+E13*D13 -> 1500000
A14: SUBTOTAL | F14: =SUM(F10:F13) -> 5112000
D15: TOTAL | F15: =F14 -> 5112000
A16: Nota: Se proyecta los profesionales contratados por prestación de servicios

Sheet APU. 9  Socializacion
A1: AÑO1
C2: Generar capacidades en la población beneficiaria del proyecto | H2: Versión:
C4: FCA | H4: Última actualización: 21/12/2017
B6: Generar capacidades en la población beneficiaria del proyecto
B9: Entidad Formuladora
B11: NOMBRE DEL PROYECTO:
B13: TIPO DE EVENTO | C13: Socializacion
B15: NÚMERO DE MESES DESTINADO A LA ACTIVIDAD | C15: 3 | E15: BENEFICIARIOS CON ASISTENCIA TECNICA | G15: 10
B17: DESCRIPCIÓN | D17: UNIDAD | E17: CANTIDAD / DEDICACION | G17: COSTO UNITARIO | H17: VALOR TOTAL POR ASISTENCIA ($) | I17: VALOR TOTAL ($)
B18: 1. EQUIPOS
B19: 2. AUDITORIO Y/O ESCENARIOS
B20: 3. TRANSPORTE | H20: =+H22 -> 301443.44 | I20: =+H20*G15 -> 3014434.4
B21: TRASLADO AÉREO | H21: 0 | I21: 0
B22: TRASLADO TERRESTRE | D22: UNIDAD | E22: 0.046875 | G22: 5000000 | H22: 301443.44 | I22: =+H22*G15 -> 3014434.4
B23: TRASLADO ACUÁTICO | H23: 0 | I23: 0
B24: 4. ALIMENTACIÓN
B25: 5. HOSPEDAJE | H25: 0 | I25: 0
B26: 6. PERSONAL (mano de obra calificada) | H26: 840000 | I26: =+H26*G15 -> 8400000
B27: Auxiliar adminitrativo | C27: 1 | D27: Dedicación | E27: 0.01875 | G27: 2800000 | H27: =+G27*E27 -> 52500 | I27: =+H27*G15 -> 525000
B28: Ingeniero agrónomo o en áreas afines | C28: 1 | D28: Dedicación | E28: 0.13125 | G28: 4000000 | H28: =+G28*E28 -> 525000 | I28: =+H28*G15 -> 5250000
B29: Tecnico operativo agronomo | C29: 1 | D29: Dedicación | E29: 0.09375 | G29: 2800000 | H29: =+G29*E29 -> 262500 | I29: =+H29*G15 -> 2625000
B30: Gastos de viaje
B31: MATERIALES | H31: 25223.225 | I31: =+H31*G15 -> 252232.25
B32: Papelería | D32: Dedicación | E32: 0.003125 | G32: 1671432 | H32: =+G32*E32 -> 5223.225 | I32: =+H32*G15 -> 52232.25
B33: Elaboración e impresión material divulgativo-pedagógico | D33: UNIDAD | E33: 70 | G33: 20000 | H33: =+G33*E33 -> 1400000 | I33: =+H33 -> 1400000
B34: IPC PROYECTADO | D34: % | H34: 0 | I34: 0
B35: Sub Total | H35: 1099598.2 | I35: =+I20+I26+I31 -> 11666667

Sheet BASE
A2: TITULO
A3: {=+'APU. 8. Talleres'!B3:F3} -> PROYECTO TIPO RECUPERACIÓN DE COBERTURA VEGETAL EN ÁREAS DISTURBADAS | B3: 0 | C3: 0 | D3: 0 | E3: 0
A6: PERMIMETRO DE AISLAMIENTO | D6: Jornal
A7: Metros lineales por Ha | B7: 163 | D7: Salario Minimo 2022 | E7: 1000000
A8: Kilometros Lineales por Ha | B8: =B7/1000 -> 0.163 | D8: Aux Transporte | E8: 117172
A10: JORNAL ($) | D10: Jornal | E10: 33333.333
A11: Valor del Jornal | B11: =E22 -> 57683.501 | D11: Aux Transporte Día | E11: 3905.7333
D12: PRIMA DE SERVICIOS | E12: 3103.2556
A13: MEDIDAS DE RESTAURACION PRELIMINARES | D13: CESANTIAS | E13: 3103.2556
A14: MODELO DE RESTAURACION | B14: PORCENTAJE | C14: AREA PRELIMINAR (Ha) | D14: INTERESES A LA CESANTIAS | E14: 1.0344185
A15: REFORESTACION PROTECTORA | B15: =+C15/C16 -> 1 | C15: 32 | D15: VACACIONES | E15: 1388.8889
C16: =+C15 -> 32 | D16: PENSION | E16: 5333.3333
D17: SALUD | E17: 4166.6667
A18: INSUMOS | D18: ARL | E18: 348
A19: INSUMO | B19: Costo / kg (Lt) | D19: CAJA COMPENSACION | E19: 1333.3333
A20: Cal Agrícola | B20: 200 | D20: ICBF | E20: 1000
A21: Triple 15 | B21: 1800 | D21: SENA | E21: 666.66667
A22: Abono orgánico | B22: 500 | D22: Valor jornal + prestaciones | E22: =SUM(E10:E21) -> 57683.501
A23: Herbicida | B23: 25500
A24: Rafaga | B24: 28000
A25: Lorsban polvo | B25: 6000
A27: AISLAMIENTO
A28: 4. # Postes/KM (Postes de madera de aserrío de 3 caras y/o cuatro caras y/o postes vivos) | B28: 10000
A29: 5. # Postes Piamigo/KM | B29: 10000
A30: 6. Rollos alambre/KM | B30: 120000
A31: 7. Grapas/km en kg. | B31: 6000
A32: POSTES:
A33: Dimensión (Largo m - Diámetro cm) | B33: 2.2m-10cm
A34: Inmunización | B34: No
A35: Calibre alambre de púa | B35: 16.5
A36: Distancia entre hilos (cm) | B36: 40
